Workbook

Sheet Data Guide
A2: Structure of the database

Sheet Population
A1: Population, total (Nr. of inhabitants)
A2: Source: World Bank
A3: Retrieved: March 2025
A5: Country | B5: Code | C5: 2019 | D5: 2020 | E5: 2021 | F5: 2022 | G5: 2023
A6: Afghanistan | B6: AFG | C6: 37856121 | D6: 39068979 | E6: 40000412 | F6: 40578842 | G6: 41454761
A7: Albania | B7: ALB | C7: 2854191 | D7: 2837849 | E7: 2811666 | F7: 2777689 | G7: 2745972
A8: Algeria | B8: DZA | C8: 43294546 | D8: 44042091 | E8: 44761099 | F8: 45477389 | G8: 46164219
A9: American Samoa | B9: ASM | C9: 50209 | D9: 49761 | E9: 49225 | F9: 48342 | G9: 47521
A10: Angola | B10: AGO | C10: 32375632 | D10: 33451132 | E10: 34532429 | F10: 35635029 | G10: 36749906
A11: Antigua and Barbuda | B11: ATG | C11: 91364 | D11: 91846 | E11: 92349 | F11: 92840 | G11: 93316
A12: Argentina | B12: ARG | C12: 44973465 | D12: 45191965 | E12: 45312281 | F12: 45407904 | G12: 45538401
A13: Armenia | B13: ARM | C13: 2962500 | D13: 2961500 | E13: 2962300 | F13: 2969200 | G13: 2990900
A14: Aruba | B14: ABW | C14: 109203 | D14: 108587 | E14: 107700 | F14: 107310 | G14: 107359
A15: Azerbaijan | B15: AZE | C15: 10024283 | D15: 10093121 | E15: 10137750 | F15: 10141756 | G15: 10153958
A16: Bahamas, The | B16: BHS | C16: 394675 | D16: 395863 | E16: 396373 | F16: 397538 | G16: 399440
A17: Bahrain | B17: BHR | C17: 1483756 | D17: 1472204 | E17: 1504365 | F17: 1524693 | G17: 1577059
... A177: Zimbabwe | B177: ZWE | C177: 15271368 | D177: 15526888 | E177: 15797210 | F177: 16069056 | G177: 16340822
A178: Global South (Nr. Inhabitants) | G178: =SUM(G6:G177) -> 6974541090
A179: Global South (% world total) | G179: =G178/G180*100 -> 86.512632
A180: World | B180: WLD | C180: 7776892015 | D180: 7.8561388e+09 | E180: 7921184346 | F180: 7.9899815e+09 | G180: 8061876001

Sheet GDP
A1: GDP (in current US dollars)
A2: Source: World Bank
A3: Retrieved: March 2025
A5: Country | B5: 2000 | C5: 2019 | D5: 2020 | E5: 2021 | F5: 2022 | G5: 2023
A6: Afghanistan | B6: 3.5214181e+09 | C6: 1.8799444e+10 | D6: 1.9955929e+10 | E6: 1.4259995e+10 | F6: 1.4497244e+10 | G6: 1.7233052e+10
A7: Albania | B7: 3.4803553e+09 | C7: 1.5585105e+10 | D7: 1.5241459e+10 | E7: 1.8032011e+10 | F7: 1.9017243e+10 | G7: 2.354718e+10
A8: Algeria | B8: 5.4790399e+10 | C8: 1.9345966e+11 | D8: 1.6487342e+11 | E8: 1.8623121e+11 | F8: 2.2563846e+11 | G8: 2.4762616e+11
A9: American Samoa | B9: .. | C9: 647000000 | D9: 721000000 | E9: 750000000 | F9: 871000000 | G9: ..
A10: Angola | B10: 9.129595e+09 | C10: 7.0897963e+10 | D10: 4.8501561e+10 | E10: 6.650513e+10 | F10: 1.0439975e+11 | G10: 8.4824654e+10
A11: Antigua and Barbuda | B11: 9.0055185e+08 | C11: 1.7253519e+09 | D11: 1.4107963e+09 | E11: 1.6013667e+09 | F11: 1.8677333e+09 | G11: 2.0330852e+09
A12: Argentina | B12: 284203750000 | C12: 4.4775468e+11 | D12: 3.8574051e+11 | E12: 4.8656409e+11 | F12: 6.3279007e+11 | G12: 6.4607528e+11
A13: Armenia | B13: 1.9115637e+09 | C13: 1.3619291e+10 | D13: 1.2641699e+10 | E13: 1.3878909e+10 | F13: 1.9513507e+10 | G13: 2.408575e+10
A14: Aruba | B14: 1.8734525e+09 | C14: 3.3957989e+09 | D14: 2.4818571e+09 | E14: 2.9294466e+09 | F14: 3.2793435e+09 | G14: 3.6485731e+09
A15: Azerbaijan | B15: 5.2726157e+09 | C15: 4.8174235e+10 | D15: 42693000000 | E15: 5.4825412e+10 | F15: 7.8807471e+10 | G15: 7.2356176e+10
A16: Bahamas, The | B16: 8076470000 | C16: 13016200000 | D16: 9958200000 | E16: 11368900000 | F16: 13136400000 | G16: 14338500000
A17: Bahrain | B17: 9.0628989e+09 | C17: 4.0446809e+10 | D17: 3.5837633e+10 | E17: 4.0840213e+10 | F17: 4.6680399e+10 | G17: 4.6079867e+10
A18: Bangladesh | B18: 5.3369787e+10 | C18: 3.5123165e+11 | D18: 3.7397944e+11 | E18: 4.1627165e+11 | F18: 4.6013169e+11 | G18: 4.3741533e+11
A19: Barbados | B19: 3059500000 | C19: 5788288000 | D19: 5168344450 | E19: 5275242050 | F19: 6257303500 | G19: 6720733200
A20: Belarus | B20: 1.273678e+10 | C20: 6.4410123e+10 | D20: 6.1371755e+10 | E20: 6.9673747e+10 | F20: 7.377518e+10 | G20: 7.1857383e+10
A21: Belize | B21: 1138900000 | C21: 2388300000 | D21: 2042850000 | E21: 2420550000 | F21: 2846700000 | G21: 3066850000
... A23: Bermuda | B23: 3480219000 | C23: 7423465000 | D23: 6887147000 | E23: 7286607000 | F23: 7827980000 | G23: 8141700000
A24: Bhutan | B24: 4.6073342e+08 | C24: 2.7356836e+09 | D24: 2.4576043e+09 | E24: 2.768803e+09 | F24: 2.8982277e+09 | G24: ..
A25: Bolivia | B25: 8.3978555e+09 | C25: 4.0895323e+10 | D25: 3.6629844e+10 | E25: 4.0406112e+10 | F25: 4.4008283e+10 | G25: 4.5135398e+10
A26: Bosnia and Herzegovina | B26: 5.5677728e+09 | C26: 2.0482609e+10 | D26: 2.0226037e+10 | E26: 2.3672712e+10 | F26: 2.4534664e+10 | G26: 2.7514782e+10
A27: Botswana | B27: 5.7883296e+09 | C27: 1.6725908e+10 | D27: 1.4960291e+10 | E27: 1.8750947e+10 | F27: 2.0321959e+10 | G27: 1.9396084e+10
A28: Brazil | B28: 6.5544823e+11 | C28: 1.8732882e+12 | D28: 1.4761072e+12 | E28: 1.6706474e+12 | F28: 1.9519239e+12 | G28: 2.1736657e+12
A29: British Virgin Islands | B29: .. | C29: .. | D29: .. | E29: .. | F29: .. | G29: ..
A30: Brunei Darussalam | B30: 6.5709991e+09 | C30: 1.3469235e+10 | D30: 1.20058e+10 | E30: 1.4006497e+10 | F30: 1.6681536e+10 | G30: 1.5128293e+10
A31: Burkina Faso | B31: 2.9683701e+09 | C31: 1.6032814e+10 | D31: 1.7725011e+10 | E31: 1.9697516e+10 | F31: 1.8820219e+10 | G31: 2.0324618e+10
A32: Burundi | B32: 8.7048607e+08 | C32: 2.5765189e+09 | D32: 2.6496803e+09 | E32: 2.7757987e+09 | F32: 3.3387228e+09 | G32: 2.6421617e+09
A33: Cabo Verde | B33: 5.3922728e+08 | C33: 2.2521771e+09 | D33: 1.8215656e+09 | E33: 2.0518426e+09 | F33: 2.2470033e+09 | G33: 2.5338194e+09
A34: Cambodia | B34: 3.694169e+09 | C34: 3.6685356e+10 | D34: 3.4818074e+10 | E34: 3.6790164e+10 | F34: 3.9994533e+10 | G34: 4.2335647e+10
A35: Cameroon | B35: 1.0566579e+10 | C35: 3.9667758e+10 | D35: 4.0773241e+10 | E35: 4.5011937e+10 | F35: 4.4347206e+10 | G35: 4.9279411e+10
A36: Cayman Islands | B36: .. | C36: 5.9418966e+09 | D36: 5.655358e+09 | E36: 6.0600265e+09 | F36: 6.600844e+09 | G36: 7.1394286e+09
A37: Central African Republic | B37: 9.1677728e+08 | C37: 2.2213014e+09 | D37: 2.3267209e+09 | E37: 2.5164984e+09 | F37: 2.3826186e+09 | G37: 2.5554921e+09
A38: Chad | B38: 1.3885068e+09 | C38: 1.1314951e+10 | D38: 1.0715396e+10 | E38: 1.1779981e+10 | F38: 1.2396808e+10 | G38: 1.3149325e+10
A39: Chile | B39: 7.8339751e+10 | C39: 2.7828506e+11 | D39: 2.5404216e+11 | E39: 3.1551501e+11 | F39: 3.0211654e+11 | G39: 3.3553333e+11
A40: China | B40: 1.2113317e+12 | C40: 1.4279969e+13 | D40: 1.4687744e+13 | E40: 1.782046e+13 | F40: 1.7881783e+13 | G40: 1.7794783e+13
A41: Colombia | B41: 9.9875075e+10 | C41: 3.230317e+11 | D41: 2.7034834e+11 | E41: 3.1852463e+11 | F41: 3.4532988e+11 | G41: 3.6349384e+11
A42: Comoros | B42: 3.5113658e+08 | C42: 1.1950195e+09 | D42: 1.2250392e+09 | E42: 1.2960895e+09 | F42: 1.2425194e+09 | G42: 1.352381e+09
A43: Congo, Dem. Rep. | B43: 1.9088046e+10 | C43: 5.177583e+10 | D43: 4.8716962e+10 | E43: 5.5328483e+10 | F43: 6.5801548e+10 | G43: 6.6383287e+10
A44: Congo, Rep. | B44: 3.2279277e+09 | C44: 1.3976638e+10 | D44: 1.1468687e+10 | E44: 1.482569e+10 | F44: 1.581703e+10 | G44: 1.5321056e+10
A45: Costa Rica | B45: 1.501363e+10 | C45: 6.4417671e+10 | D45: 6.2395611e+10 | E45: 6.4960726e+10 | F45: 6.9243626e+10 | G45: 8.6497941e+10
A46: Cote d'Ivoire | B46: 1.6577534e+10 | C46: 6.0382895e+10 | D46: 6.3027853e+10 | E46: 7.2794637e+10 | F46: 7.017314e+10 | G46: 7.8875489e+10
A47: Cuba | B47: 30565400000 | C47: 103427600000 | D47: 107351800000 | E47: .. | F47: .. | G47: ..
A48: Curacao | B48: 2.1205112e+09 | C48: 3.0261241e+09 | D48: 2.5343276e+09 | E48: 2.7396082e+09 | F48: 3.0751808e+09 | G48: 3.2814193e+09
A49: Djibouti | B49: 5.5123086e+08 | C49: 3.0888536e+09 | D49: 3.185151e+09 | E49: 3.3858252e+09 | F49: 3.6742985e+09 | G49: 4.0985305e+09
A50: Dominica | B50: 3.3347037e+08 | C50: 6.1153704e+08 | D50: 5.0421481e+08 | E50: 5.5526667e+08 | F50: 6.0715926e+08 | G50: 6.5399259e+08
A51: Dominican Republic | B51: 2.4305781e+10 | C51: 8.8941373e+10 | D51: 7.8844656e+10 | E51: 9.4243426e+10 | F51: 1.1353737e+11 | G51: 1.2144428e+11
A52: Ecuador | B52: 1.7539455e+10 | C52: 107595829000 | D52: 95865472000 | E52: 107435101000 | F52: 116586079000 | G52: 118844826000
A53: Egypt, Arab Rep. | B53: 9.9838544e+10 | C53: 3.1867882e+11 | D53: 3.8381784e+11 | E53: 4.2467177e+11 | F53: 4.7674772e+11 | G53: 3.960025e+11
A54: El Salvador | B54: 11784927700 | C54: 26881140000 | D54: 24921190000 | E54: 29043140000 | F54: 31988920000 | G54: 34015620000
A55: Equatorial Guinea | B55: 1.0459985e+09 | C55: 1.1364134e+10 | D55: 9.893816e+09 | E55: 1.2215878e+10 | F55: 1.3687643e+10 | G55: 1.2337551e+10
A56: Eritrea | B56: 7.0637082e+08 | C56: .. | D56: .. | E56: .. | F56: .. | G56: ..
A57: Eswatini | B57: 1.7380938e+09 | C57: 4.5948181e+09 | D57: 4.1057569e+09 | E57: 4.7376716e+09 | F57: 4.6953728e+09 | G57: 4.4428758e+09
A58: Ethiopia | B58: 8.2423496e+09 | C58: 9.5912608e+10 | D58: 1.0765773e+11 | E58: 1.1126188e+11 | F58: 1.267727e+11 | G58: 1.6369793e+11
A59: Fiji | B59: 1.6782195e+09 | C59: 5.4444072e+09 | D59: 4.4324662e+09 | E59: 4.3050316e+09 | F59: 4.9695036e+09 | G59: 5.4420466e+09
A60: French Polynesia | B60: 3.5998455e+09 | C60: 6.0222762e+09 | D60: 5.7925459e+09 | E60: 6.1506406e+09 | F60: 5.8146612e+09 | G60: ..
A61: Gabon | B61: 5.0804836e+09 | C61: 1.6874405e+10 | D61: 1.5342236e+10 | E61: 1.9444935e+10 | F61: 2.0440656e+10 | G61: 1.9388403e+10
A62: Gambia, The | B62: 7.8291387e+08 | C62: 1.8136097e+09 | D62: 1.8121709e+09 | E62: 2.0141588e+09 | F62: 2.2047345e+09 | G62: 2.396111e+09
A63: Georgia | B63: 3.0574753e+09 | C63: 1.7638337e+10 | D63: 1.6010869e+10 | E63: 1.8853116e+10 | F63: 2.4984569e+10 | G63: 3.0777834e+10
A64: Ghana | B64: 4.9828507e+09 | C64: 6.8337969e+10 | D64: 7.00431e+10 | E64: 7.9524422e+10 | F64: 7.4263364e+10 | G64: 7.6370397e+10
A65: Grenada | B65: 5.2004437e+08 | C65: 1.2134852e+09 | D65: 1.0434111e+09 | E65: 1122800000 | F65: 1.2245778e+09 | G65: 1.3167333e+09
A66: Guam | B66: .. | C66: 6355000000 | D66: 5916000000 | E66: 6234000000 | F66: 6910000000 | G66: ..
A67: Guatemala | B67: 1.9288929e+10 | C67: 7.7172317e+10 | D67: 7.7719464e+10 | E67: 8.6478836e+10 | F67: 9.5630525e+10 | G67: 1.0445021e+11
A68: Guinea | B68: 4.3674589e+09 | C68: 1.3442861e+10 | D68: 1.4088694e+10 | E68: 1.7069116e+10 | F68: 1.9910453e+10 | G68: 2.219941e+10
A69: Guinea-Bissau | B69: 3.913456e+08 | C69: 1.5886389e+09 | D69: 1.6464003e+09 | E69: 1.8537965e+09 | F69: 1.7966085e+09 | G69: 2.0483481e+09
A70: Guyana | B70: 7.126679e+08 | C70: 5.1737602e+09 | D70: 5.4712566e+09 | E70: 8.0413639e+09 | F70: 1.4718387e+10 | G70: 1.715951e+10
A71: Haiti | B71: 6.8135661e+09 | C71: 1.5016091e+10 | D71: 1.4508223e+10 | E71: 2.0877415e+10 | F71: 2.0253552e+10 | G71: 1.985083e+10
A72: Honduras | B72: 7.186638e+09 | C72: 2.4882226e+10 | D72: 2.3352232e+10 | E72: 2.8144332e+10 | F72: 3.1426042e+10 | G72: 3.440051e+10
A73: Hong Kong SAR, China | B73: 1.7166889e+11 | C73: 3.6307455e+11 | D73: 3.4494315e+11 | E73: 3.6895417e+11 | F73: 3.5868107e+11 | G73: 3.8081223e+11
A74: India | B74: 4.6839552e+11 | C74: 2.8356063e+12 | D74: 2.6748516e+12 | E74: 3.1672706e+12 | F74: 3.3534705e+12 | G74: 3.5675517e+12
A75: Indonesia | B75: 1.6502101e+11 | C75: 1.1190999e+12 | D75: 1.0590548e+12 | E75: 1.1865097e+12 | F75: 1.3190763e+12 | G75: 1.3711712e+12
A76: Iran, Islamic Rep. | B76: 1.0959171e+11 | C76: 3.3351915e+11 | D76: 2.6218618e+11 | E76: 3.834362e+11 | F76: 3.9436262e+11 | G76: 4.0462566e+11
A77: Iraq | B77: 4.8364251e+10 | C77: 2.336361e+11 | D77: 1.808988e+11 | E77: 2.0969195e+11 | F77: 2.8664034e+11 | G77: 2.5084278e+11
A78: Israel | B78: 1.3622503e+11 | C78: 3.9965107e+11 | D78: 4.1172856e+11 | E78: 4.8970828e+11 | F78: 5.2500042e+11 | G78: 5.136111e+11
... A83: Kiribati | B83: 74910555 | C83: 2.1698536e+08 | D83: 2.2312362e+08 | E83: 2.8933929e+08 | F83: 2.708417e+08 | G83: 2.792089e+08
A84: Korea, Dem. People's Rep. | B84: .. | C84: .. | D84: .. | E84: .. | F84: .. | G84: ..
A85: Korea, Rep. | B85: 5.7617939e+11 | C85: 1.6514229e+12 | D85: 1.6443128e+12 | E85: 1.8184321e+12 | F85: 1.6739165e+12 | G85: 1.7127929e+12
A86: Kosovo | B86: .. | C86: 7.8997376e+09 | D86: 7.7171452e+09 | E86: 9.4134037e+09 | F86: 9.3549031e+09 | G86: 1.0468219e+10
A87: Kuwait | B87: 3.7718743e+10 | C87: 1.4085639e+11 | D87: 1.1104547e+11 | E87: 1.4845929e+11 | F87: 1.8394022e+11 | G87: 1.6370488e+11
A88: Kyrgyz Republic | B88: 1.3696885e+09 | C88: 9.3712753e+09 | D88: 8.2704686e+09 | E88: 9.2491339e+09 | F88: 1.2134931e+10 | G88: 1.3987628e+10
A89: Lao PDR | B89: 1.731198e+09 | C89: 1.8740562e+10 | D89: 1.8981805e+10 | E89: 1.8827149e+10 | F89: 1.5468785e+10 | G89: 1.5843156e+10
A90: Lebanon | B90: 1.7260365e+10 | C90: 5.1605959e+10 | D90: 3.1712128e+10 | E90: 2.3131942e+10 | F90: 2.0992422e+10 | G90: ..
A91: Lesotho | B91: 8.8729169e+08 | C91: 2.3907023e+09 | D91: 2.0536999e+09 | E91: 2.4121301e+09 | F91: 2.3546831e+09 | G91: 2.1179625e+09
A92: Liberia | B92: 874000000 | C92: 3319596500 | D92: 3176126300 | E92: 3513049500 | F92: 4001047000 | G92: 4240000000
A93: Libya | B93: 3.8270954e+10 | C93: 6.9254496e+10 | D93: 4.6854285e+10 | E93: 3.5217996e+10 | F93: 4.3246298e+10 | G93: 4.5096463e+10
A94: Macao SAR, China | B94: 6.7741935e+09 | C94: 5.5082294e+10 | D94: 2.5343526e+10 | E94: 3.0969335e+10 | F94: 2.4999113e+10 | G94: 4.5803068e+10
A95: Madagascar | B95: 4.6292472e+09 | C95: 1.4104665e+10 | D95: 1.3051441e+10 | E95: 1.4554754e+10 | F95: 1.51347e+10 | G95: 1.5790113e+10
A96: Malawi | B96: 2.5373076e+09 | C96: 1.1051866e+10 | D96: 1.1769314e+10 | E96: 1.237813e+10 | F96: 1.242906e+10 | G96: 1.271215e+10
A97: Malaysia | B97: 9.3789737e+10 | C97: 3.6517772e+11 | D97: 3.3745616e+11 | E97: 3.7378482e+11 | F97: 4.0760584e+11 | G97: 3.9970517e+11
A98: Maldives | B98: 6.2433715e+08 | C98: 5.7260948e+09 | D98: 3.7126046e+09 | E98: 5.2524574e+09 | F98: 6.1771181e+09 | G98: 6.5908943e+09
A99: Mali | B99: 2.961485e+09 | C99: 1.7280251e+10 | D99: 1.7465393e+10 | E99: 1.9309464e+10 | F99: 1.8780322e+10 | G99: 2.0661795e+10
A100: Marshall Islands | B100: 114838500 | C100: 232900000 | D100: 241800000 | E100: 2.589e+08 | F100: 253400000 | G100: 259300000
A101: Mauritania | B101: 1.7795209e+09 | C101: 7.8947649e+09 | D101: 8.2607524e+09 | E101: 9.2225364e+09 | F101: 9.5579667e+09 | G101: 1.0651709e+10
A102: Mauritius | B102: 4.7261086e+09 | C102: 1.4436347e+10 | D102: 1.1408106e+10 | E102: 1.1484349e+10 | F102: 1.2927979e+10 | G102: 1.4644525e+10
... A113: Nepal | B113: 5.4942522e+09 | C113: 3.4186181e+10 | D113: 3.3433659e+10 | E113: 3.6924841e+10 | F113: 4.118294e+10 | G113: 4.0908073e+10
A114: New Caledonia | B114: 3.420032e+09 | C114: 9.4756553e+09 | D114: 9.4546295e+09 | E114: 1.007135e+10 | F114: 9.6233187e+09 | G114: ..
A115: Nicaragua | B115: 5.109587e+09 | C115: 1.2699029e+10 | D115: 1.2681569e+10 | E115: 1.4144061e+10 | F115: 1.5649897e+10 | G115: 1.7829218e+10
A116: Niger | B116: 2.2417532e+09 | C116: 1.2889556e+10 | D116: 1.3744653e+10 | E116: 1.4915002e+10 | F116: 1.5433853e+10 | G116: 1.681917e+10
...

Sheet Trade_Imports
A1: Imports (current US$)
A2: Source: World Bank
A3: Retrieved: March 2025
A5: Country | B5: 1998 | C5: 1999 | D5: 2000 | E5: 2001 | F5: 2002 | G5: Columna1 | H5: 2020 | I5: 2021 | J5: 2022 | K5: 2023
A6: Afghanistan | B6: .. | C6: .. | D6: .. | E6: .. | F6: .. | H6: 7.2418225e+09 | I6: 5.2861181e+09 | J6: 7.9017847e+09 | K6: 8.7023821e+09
A7: Albania | B7: 9.3361458e+08 | C7: 1.0975584e+09 | D7: 1.5083438e+09 | E7: 1.7711271e+09 | F7: 2.068787e+09 | H7: 5.6362824e+09 | I7: 8.0165443e+09 | J7: 9.0333764e+09 | K7: 1.03204e+10
A8: Algeria | B8: 1.0850008e+10 | C8: 1.1079857e+10 | D8: 1.1390171e+10 | E8: 1.2125335e+10 | F8: 1.4427028e+10 | H8: 4.0978554e+10 | I8: 4.3564492e+10 | J8: 4.6015347e+10 | K8: 4.9682172e+10
A9: American Samoa | B9: .. | C9: .. | D9: .. | E9: .. | F9: 562000000 | H9: 686000000 | I9: 694000000 | J9: 677000000 | K9: ..
A10: Angola | B10: .. | C10: .. | D10: .. | E10: .. | F10: 7.3702154e+09 | H10: 1.3399763e+10 | I10: 1.7769654e+10 | J10: 2.6412539e+10 | K10: 2.2211259e+10
A11: Antigua and Barbuda | B11: .. | C11: .. | D11: .. | E11: .. | F11: .. | H11: 7.3974815e+08 | I11: 8.6697037e+08 | J11: 1.1755593e+09 | K11: ..
A12: Argentina | B12: 38667300000 | C12: 32762700000 | D12: 33070146000 | E12: 27603881800 | F12: 1.3065824e+10 | H12: 5.2454091e+10 | I12: 7.3042905e+10 | J12: 9.6814942e+10 | K12: 8.9748038e+10
A13: Armenia | B13: 1.0006343e+09 | C13: 9.1909132e+08 | D13: 9.5715647e+08 | E13: 9.6852989e+08 | F13: 1.0967355e+09 | H13: 5.0217657e+09 | I13: 6.0738891e+09 | J13: 9.988144e+09 | K13: 1.4514689e+10
A14: Aruba | B14: 1.3927374e+09 | C14: 1.4581006e+09 | D14: 1.3242849e+09 | E14: 1.3160335e+09 | F14: 1.3471285e+09 | H14: 1.7657089e+09 | I14: 2.234451e+09 | J14: 2.7977356e+09 | K14: 2.9719269e+09
A15: Azerbaijan | B15: 2.4245283e+09 | C15: 1.9175203e+09 | D15: 2.0235106e+09 | E15: 2.129887e+09 | F15: 3.1211812e+09 | H15: 1.5537824e+10 | I15: 1.6336941e+10 | J15: 2.1274412e+10 | K15: 2.5016412e+10
A16: Bahamas, The | B16: 2943000000 | C16: 3015600000 | D16: 3359600000 | E16: 3196400000 | F16: 3028700000 | H16: 3354910000 | I16: 4940290000 | J16: 5746790000 | K16: 6159640000
A17: Bahrain | B17: 3.9505322e+09 | C17: 4.168883e+09 | D17: 5.1321809e+09 | E17: 4.7946809e+09 | F17: 5.6242021e+09 | H17: 2.3296809e+10 | I17: 2.7577394e+10 | J17: 3.3068883e+10 | K17: 3.2379255e+10
A18: Bangladesh | B18: 8.0588767e+09 | C18: 8.5259359e+09 | D18: 9.0608627e+09 | E18: 1.0102557e+10 | F18: 9.0608915e+09 | H18: 5.9195932e+10 | I18: 7.1021046e+10 | J18: 9.6157128e+10 | K18: 7.7972815e+10
A19: Barbados | B19: .. | C19: .. | D19: .. | E19: .. | F19: .. | H19: .. | I19: .. | J19: .. | K19: ..
A20: Belarus | B20: 9.7274442e+09 | C20: 7.4810148e+09 | D20: 9.2212182e+09 | E20: 8.6851079e+09 | F20: 9.8332477e+09 | H20: 3.5547585e+10 | I20: 4.5415029e+10 | J20: 4.2031949e+10 | K20: 4.7555057e+10
A21: Belize | B21: 391500000 | C21: 492500000 | D21: 611500000 | E21: 601000000 | F21: 615000000 | H21: 901000000 | I21: 1248500000 | J21: 1573000000 | K21: 1571443850
A22: Benin | B22: 7.9792196e+08 | C22: 1.1540493e+09 | D22: 9.4134599e+08 | E22: 1.040789e+09 | F22: 1.008396e+09 | H22: 3.9067451e+09 | I22: 4.8003907e+09 | J22: 5.0952854e+09 | K22: 5.9337083e+09
A23: Bermuda | B23: .. | C23: .. | D23: .. | E23: .. | F23: .. | H23: 1519287000 | I23: 1713745000 | J23: 1960732000 | K23: 2004000000
A24: Bhutan | B24: 1.8628498e+08 | C24: 2.1247867e+08 | D24: 2.1205295e+08 | E24: 2.2748073e+08 | F24: 2.6492317e+08 | H24: 1.0755635e+09 | I24: 1.3396495e+09 | J24: 1.7410343e+09 | K24: ..
A25: Bolivia | B25: 2.7686943e+09 | C25: 2.2607751e+09 | D25: 2.2945486e+09 | E25: 2.0561949e+09 | F25: 2.1910689e+09 | H25: 9.241956e+09 | I25: 1.2605111e+10 | J25: 1.5466422e+10 | K25: 1.3958573e+10
A26: Bosnia and Herzegovina | B26: 4.0493997e+09 | C26: 4.4133567e+09 | D26: 3.5340839e+09 | E26: 3.7104804e+09 | F26: 4.0101184e+09 | H26: 9.6942934e+09 | I26: 1.2762572e+10 | J26: 1.5186678e+10 | K26: 1.5365012e+10
A27: Botswana | B27: 2.5174875e+09 | C27: 2.3983678e+09 | D27: 2.3207103e+09 | E27: 2.1336712e+09 | F27: 2.1580513e+09 | H27: 6.9375252e+09 | I27: 8.7837474e+09 | J27: 8.5487211e+09 | K27: 7.0954972e+09
A28: Brazil | B28: 8.1258639e+10 | C28: 6.8462738e+10 | D28: 8.1614535e+10 | E28: 8.1559233e+10 | F28: 6.8250204e+10 | H28: 2.3394125e+11 | I28: 3.0985331e+11 | J28: 3.7448248e+11 | K28: 3.4221469e+11
A29: British Virgin Islands | B29: .. | C29: .. | D29: .. | E29: .. | F29: .. | H29: .. | I29: .. | J29: .. | K29: ..
A30: Brunei Darussalam | B30: 2.325523e+09 | C30: 2.2266052e+09 | D30: 1.9768875e+09 | E30: 2.0221081e+09 | F30: 2.3153882e+09 | H30: 6.3552571e+09 | I30: 9.377938e+09 | J30: 1.0106444e+10 | K30: 9.0812379e+09
A31: Burkina Faso | B31: 7.8906617e+08 | C31: 9.1182091e+08 | D31: 7.8003496e+08 | E31: 7.2147333e+08 | F31: 8.1311461e+08 | H31: 5.1336794e+09 | I31: 5.8350514e+09 | J31: 6.22931e+09 | K31: 7.3087378e+09
A32: Burundi | B32: 1.7375153e+08 | C32: 1.2900135e+08 | D32: 1.4132127e+08 | E32: 1.3840067e+08 | F32: 1.4021823e+08 | H32: 5.8886521e+08 | I32: 6.6115e+08 | J32: 7.7939886e+08 | K32: 6.4283431e+08
A33: Cabo Verde | B33: 3.0837222e+08 | C33: 3.5540899e+08 | D33: 3.263047e+08 | E33: 3.5111119e+08 | F33: 4.2532521e+08 | H33: 9.6725287e+08 | I33: 1.0998956e+09 | J33: 1.310225e+09 | K33: 1.4284304e+09
A34: Cambodia | B34: 1.3848863e+09 | C34: 1.8863922e+09 | D34: 2.25685e+09 | E34: 2.5119405e+09 | F34: 2.8844142e+09 | H34: 2.1651131e+10 | I34: 2.7158062e+10 | J34: 2.9462601e+10 | K34: 2.8497892e+10
A35: Cameroon | B35: 2.2952711e+09 | C35: 2.0598482e+09 | D35: 2.4378294e+09 | E35: 2.8819772e+09 | F35: 3.1658483e+09 | H35: 7.5443113e+09 | I35: 9.1022918e+09 | J35: 9.7407703e+09 | K35: 1.0153325e+10
A36: Cayman Islands | B36: .. | C36: .. | D36: .. | E36: .. | F36: .. | H36: 2.5923704e+09 | I36: .. | J36: .. | K36: ..
A37: Central African Republic | B37: 2.7465296e+08 | C37: 2.397616e+08 | D37: 2.3183068e+08 | E37: 2.1052906e+08 | F37: 2.0066649e+08 | H37: 7.9919466e+08 | I37: 7.7839473e+08 | J37: 7.8466946e+08 | K37: 7.4210836e+08
A38: Chad | B38: 5.1588963e+08 | C38: 4.9400754e+08 | D38: 4.8154908e+08 | E38: 8.4953845e+08 | F38: 2.269814e+09 | H38: 4.5019891e+09 | I38: 5.2108335e+09 | J38: 5.0086593e+09 | K38: 6.3212317e+09
A39: Chile | B39: 2.3525063e+10 | C39: 1.9942567e+10 | D39: 2.23959e+10 | E39: 2.1685325e+10 | F39: 2.1238454e+10 | H39: 6.8216603e+10 | I39: 1.0369358e+11 | J39: 1.1925347e+11 | K39: 1.0009079e+11
A40: China | B40: 1.449137e+11 | C40: 1.6805844e+11 | D40: 2.2430624e+11 | E40: 2.4397379e+11 | F40: 2.9561964e+11 | H40: 2.3747375e+12 | I40: 3.0932784e+12 | J40: 3.1400409e+12 | K40: 3.1272016e+12
A41: Colombia | B41: 2.0585197e+10 | C41: 1.5359983e+10 | D41: 1.6731018e+10 | E41: 1.8180843e+10 | F41: 1.7793884e+10 | H41: 5.5511424e+10 | I41: 7.6006795e+10 | J41: 9.6145285e+10 | K41: 8.2354994e+10
A42: Comoros | B42: 99636387 | C42: 1.0296149e+08 | D42: 94530056 | E42: 1.018991e+08 | F42: 1.1467371e+08 | H42: 3.4372373e+08 | I42: 4.0788464e+08 | J42: 4.3569747e+08 | K42: 4.731372e+08
A43: Congo, Dem. Rep. | B43: 2.0449879e+09 | C43: 826448700 | D43: 2.9710145e+09 | E43: 971000000 | F43: 1.1909847e+09 | H43: 1.4559944e+10 | I43: 2.2184222e+10 | J43: 3.1736558e+10 | K43: 3.1210285e+10
A44: Congo, Rep. | B44: 1.415792e+09 | C44: 1.3917678e+09 | D44: 1.4077876e+09 | E44: 1.4909919e+09 | F44: 1.6366642e+09 | H44: 3.2786204e+09 | I44: 4.8494288e+09 | J44: 5.4330217e+09 | K44: 6.0233914e+09
A45: Costa Rica | B45: 6.5787307e+09 | C45: 6.4119455e+09 | D45: 6.545132e+09 | E45: 6.4454575e+09 | F45: 6.8287183e+09 | H45: 1.7616395e+10 | I45: 2.2479844e+10 | J45: 2.757443e+10 | K45: 2.9025567e+10
A46: Cote d'Ivoire | B46: 5.193201e+09 | C46: 5.1246182e+09 | D46: 4.504768e+09 | E46: 4.3109429e+09 | F46: 4.4306877e+09 | H46: 1.3203808e+10 | I46: 1.6610109e+10 | J46: 2.0283249e+10 | K46: 2.2127699e+10
A47: Cuba | B47: 4697400000 | C47: 4916000000 | D47: 5179600000 | E47: 5109300000 | F47: 4434700000 | H47: 8067000000 | I47: .. | J47: .. | K47: ..
A48: Curacao | B48: .. | C48: .. | D48: .. | E48: .. | F48: .. | H48: .. | I48: .. | J48: .. | K48: ..
A49: Djibouti | B49: .. | C49: .. | D49: .. | E49: .. | F49: .. | H49: 3.4148469e+09 | I49: 4.0967865e+09 | J49: 6.2901623e+09 | K49: 7.1149084e+09
A50: Dominica | B50: .. | C50: .. | D50: .. | E50: .. | F50: .. | H50: .. | I50: .. | J50: .. | K50: ..
A51: Dominican Republic | B51: 9.0159491e+09 | C51: 9.1472001e+09 | D51: 1.0646556e+10 | E51: 9.8874109e+09 | F51: 1.031203e+10 | H51: 2.0498002e+10 | I51: 2.9198654e+10 | J51: 3.6523602e+10 | K51: 3.4583173e+10
A52: Ecuador | B52: 7.1362671e+09 | C52: 4.4837799e+09 | D52: 4.8853057e+09 | E52: 6596149000 | F52: 7867963000 | H52: 19849665000 | I52: 28090507000 | J52: 35949394000 | K52: 3.4206376e+10
A53: Egypt, Arab Rep. | B53: 2.1812279e+10 | C53: 2.1144205e+10 | D53: 2.2779979e+10 | E53: 2.1590296e+10 | F53: 1.9303371e+10 | H53: 7.5433562e+10 | I53: 8.1943913e+10 | J53: 1.0438906e+11 | K53: 8.4508257e+10
A54: El Salvador | B54: 3990321100 | C54: 4129349000 | D54: 4935859900 | E54: 5021277400 | F54: 5117092900 | H54: 10450130000 | I54: 15411330000 | J54: 18070440000 | K54: 16938650000
A55: Equatorial Guinea | B55: .. | C55: .. | D55: .. | E55: .. | F55: .. | H55: 3.6688679e+09 | I55: 3.8894253e+09 | J55: 3.9483282e+09 | K55: 3.0647654e+09
A56: Eritrea | B56: 5.9711244e+08 | C56: 5.9746342e+08 | D56: 4.1118369e+08 | E56: 4.6087032e+08 | F56: 4.7266596e+08 | H56: .. | I56: .. | J56: .. | K56: ..
A57: Eswatini | B57: .. | C57: .. | D57: .. | E57: .. | F57: .. | H57: .. | I57: .. | J57: .. | K57: ..
A58: Ethiopia | B58: .. | C58: .. | D58: .. | E58: .. | F58: .. | H58: 1.8171455e+10 | I58: 1.8595574e+10 | J58: 2.3264742e+10 | K58: 2.2905283e+10
A59: Fiji | B59: 9.6596717e+08 | C59: 1.1928667e+09 | D59: 1.1832991e+09 | E59: 1.1409104e+09 | F59: 1.1779231e+09 | H59: 1.9730681e+09 | I59: 2.3450317e+09 | J59: 3.4454783e+09 | K59: ..
A60: French Polynesia | B60: 1.0847554e+09 | C60: 9.1966452e+08 | D60: 8.3684311e+08 | E60: .. | F60: .. | H60: 2.0360879e+09 | I60: 2.3701375e+09 | J60: 2.6825442e+09 | K60: ..
A61: Gabon | B61: 2.1775254e+09 | C61: 1.7774835e+09 | D61: 1.6597814e+09 | E61: 1.4750006e+09 | F61: 1.7153572e+09 | H61: 3.4542388e+09 | I61: 4.7463515e+09 | J61: 5.0047628e+09 | K61: 5.3803461e+09
A62: Gambia, The | B62: 2.4003074e+08 | C62: 2.2825257e+08 | D62: 2.3926745e+08 | E62: 1.7259826e+08 | F62: 1.8784301e+08 | H62: 6.8478089e+08 | I62: 7.1463661e+08 | J62: 7.9705719e+08 | K62: 7.8667934e+08
A63: Georgia | B63: 1.3408942e+09 | C63: 1.0667057e+09 | D63: 1.2128066e+09 | E63: 1.2513586e+09 | F63: 1.4398e+09 | H63: 8.9646074e+09 | I63: 1.110949e+10 | J63: 1.5544539e+10 | K63: 1.7815478e+10
A64: Ghana | B64: 3.4962356e+09 | C64: 3.8302483e+09 | D64: 3.3507764e+09 | E64: 3.4447199e+09 | F64: 3.3835772e+09 | H64: 2.4550161e+10 | I64: 2.596688e+10 | J64: 2.6327411e+10 | K64: 2.6729509e+10
A65: Grenada | B65: .. | C65: .. | D65: .. | E65: .. | F65: .. | H65: .. | I65: .. | J65: .. | K65: ..
A66: Guam | B66: .. | C66: .. | D66: .. | E66: .. | F66: 1616000000 | H66: 3388000000 | I66: 3662000000 | J66: 4421000000 | K66: ..
A67: Guatemala | B67: 5.0917304e+09 | C67: 5.0111084e+09 | D67: 5.5842517e+09 | E67: 7.731202e+09 | F67: 8.2550708e+09 | H67: 1.9272211e+10 | I67: 2.7347172e+10 | J67: 3.3934659e+10 | K67: 3.3034425e+10
A68: Guinea | B68: 9.6613323e+08 | C68: 9.0109402e+08 | D68: 8.6739206e+08 | E68: 8.4934706e+08 | F68: 8.5468509e+08 | H68: 9.692379e+09 | I68: 1.0066835e+10 | J68: 9.7056729e+09 | K68: 1.0872633e+10
A69: Guinea-Bissau | B69: 2.3283861e+08 | C69: 2.3621053e+08 | D69: 1.5514725e+08 | E69: 1.547457e+08 | F69: 1.3172586e+08 | H69: 4.6744535e+08 | I69: 5.203337e+08 | J69: 5.7709082e+08 | K69: 5.7662124e+08
A70: Guyana | B70: 7.7428504e+08 | C70: 7.263722e+08 | D70: 7.8883355e+08 | E70: 7.5990202e+08 | F70: 7.5824019e+08 | H70: .. | I70: .. | J70: .. | K70: ..
A71: Haiti | B71: 9.9131491e+08 | C71: 1.2336303e+09 | D71: 1.3487823e+09 | E71: 1.30085e+09 | F71: 1.1577163e+09 | H71: 3.9830643e+09 | I71: 6.269039e+09 | J71: 5.9324254e+09 | K71: 5.0648864e+09
A72: Honduras | B72: 4.0906226e+09 | C72: 4.3103747e+09 | D72: 4.7733637e+09 | E72: 4.9396953e+09 | F72: 5.1288375e+09 | H72: 1.2172518e+10 | I72: 1.8014411e+10 | J72: 2.2079731e+10 | K72: 2.096467e+10
A73: Hong Kong SAR, China | B73: 1.8627824e+11 | C73: 1.7828978e+11 | D73: 2.0878811e+11 | E73: 2.0003142e+11 | F73: 2.0613901e+11 | H73: 6.0149538e+11 | I73: 7.3217264e+11 | J73: 6.8290655e+11 | K73: 6.7037721e+11
A74: India | B74: 5.3431564e+10 | C74: 6.1314705e+10 | D74: 6.5124245e+10 | E74: 6.5218276e+10 | F74: 7.8498759e+10 | H74: 5.1024475e+11 | I74: 7.6090289e+11 | J74: 8.9755075e+11 | K74: 8.588395e+11
A75: Indonesia | B75: 4.1249712e+10 | C75: 3.8402068e+10 | D75: 5.0264686e+10 | E75: 4.9355195e+10 | F75: 5.1638437e+10 | H75: 1.6564684e+11 | I75: 2.2292385e+11 | J75: 2.765068e+11 | K75: 2.6832565e+11
A76: Iran, Islamic Rep. | B76: 1.8245137e+10 | C76: 1.7752834e+10 | D76: 2.1688407e+10 | E76: 2.6939209e+10 | F76: 3.0560192e+10 | H76: 6.3935557e+10 | I76: 8.257146e+10 | J76: 9.7729447e+10 | K76: 1.1321047e+11
A77: Iraq | B77: 1.1204358e+10 | C77: 2.2379652e+10 | D77: 2.4004542e+10 | E77: 2.2250988e+10 | F77: 1.6198164e+10 | H77: 5.4255238e+10 | I77: 50706900000 | J77: 6.9638476e+10 | K77: ..
A78: Israel | B78: 3.6163785e+10 | C78: 4.1207817e+10 | D78: 4.7200353e+10 | E78: 4.4056162e+10 | F78: 4.3363164e+10 | H78: 9.6895087e+10 | I78: 1.2602837e+11 | J78: 1.5107494e+11 | K78: 1.3828572e+11
A79: Jamaica | B79: 4.0458003e+09 | C79: 4.0165183e+09 | D79: 4.5676353e+09 | E79: 4.5296519e+09 | F79: 4.7705568e+09 | H79: .. | I79: .. | J79: .. | K79: ..
A80: Jordan | B80: 5.0842114e+09 | C80: 4.9844633e+09 | D80: 5.7957687e+09 | E80: 6.027366e+09 | F80: 6.3836389e+09 | H80: 1.8424085e+10 | I80: 2.3321408e+10 | J80: 3.0018732e+10 | K80: 2.8922113e+10
A81: Kazakhstan | B81: 7.716342e+09 | C81: 6.7680752e+09 | D81: 8.9808673e+09 | E81: 1.0401585e+10 | F81: 1.1589313e+10 | H81: 4.5332611e+10 | I81: 4.9324871e+10 | J81: 6.0354782e+10 | K81: 7.1882239e+10
A82: Kenya | B82: 4.0489213e+09 | C82: 3.5282891e+09 | D82: 4.0303242e+09 | E82: 4.2873641e+09 | F82: 3.9804379e+09 | H82: 1.7711641e+10 | I82: 2.2000771e+10 | J82: 2.460558e+10 | K82: 2.2046326e+10
A83: Kiribati | B83: 52442475 | C83: 64959773 | D83: 62411245 | E83: 61822336 | F83: 79642642 | H83: 1.5017803e+08 | I83: 2.0176523e+08 | J83: 2.5218862e+08 | K83: 2.5792519e+08
A84: Korea, Dem. People's Rep. | B84: .. | C84: .. | D84: .. | E84: .. | F84: .. | H84: .. | I84: .. | J84: .. | K84: ..
A85: Korea, Rep. | B85: 1.1101593e+11 | C85: 1.3518417e+11 | D85: 1.8527619e+11 | E85: 1.6668497e+11 | F85: 1.7926896e+11 | H85: 5.3727025e+11 | I85: 6.9686369e+11 | J85: 8.0790986e+11 | K85: 7.5266985e+11
A86: Kosovo | B86: .. | C86: .. | D86: .. | E86: .. | F86: .. | H86: 4.1605345e+09 | I86: 6.1402924e+09 | J86: 6.6781261e+09 | K86: 7.3603497e+09
A87: Kuwait | B87: 1.3256507e+10 | C87: 1.1878521e+10 | D87: 1.1370749e+10 | E87: 1.2400467e+10 | F87: 1.3961186e+10 | H87: 4.2528075e+10 | I87: 4.4912695e+10 | J87: 5.5913469e+10 | K87: ..
A88: Kyrgyz Republic | B88: 9.5508697e+08 | C88: 7.11922e+08 | D88: 6.5173983e+08 | E88: 5.6463376e+08 | F88: 6.9587568e+08 | H88: 4.0864717e+09 | I88: 5.9616021e+09 | J88: 1.061193e+10 | K88: 1.4126588e+10
A89: Lao PDR | B89: 6.1209998e+08 | C89: 6.4260549e+08 | D89: 660890000 | E89: 672540000 | F89: 676940000 | H89: .. | I89: .. | J89: .. | K89: ..
A90: Lebanon | B90: 7.0633692e+09 | C90: 6.3912447e+09 | D90: 6.2029851e+09 | E90: 7.0514096e+09 | F90: 6.6925373e+09 | H90: 1.0705132e+10 | I90: 1.2214357e+10 | J90: 1.6806428e+10 | K90: ..
A91: Lesotho | B91: .. | C91: .. | D91: .. | E91: .. | F91: .. | H91: 1.9848515e+09 | I91: 2.2442552e+09 | J91: 2.2573781e+09 | K91: 2.0881156e+09
A92: Liberia | B92: .. | C92: .. | D92: .. | E92: .. | F92: .. | H92: .. | I92: .. | J92: .. | K92: ..
A93: Libya | B93: 5.6910778e+09 | C93: 5.2456712e+09 | D93: 5.2519573e+09 | E93: 5.67378e+09 | F93: 6.9826772e+09 | H93: 1.4343035e+10 | I93: 2.5437769e+10 | J93: 2.7824997e+10 | K93: 3.1811705e+10
A94: Macao SAR, China | B94: 3.4458958e+09 | C94: 3.6697385e+09 | D94: 3.96292e+09 | E94: 4.0337337e+09 | F94: 4.3580372e+09 | H94: 1.5214302e+10 | I94: 2.3769064e+10 | J94: 2.092197e+10 | K94: 2.3200044e+10
A95: Madagascar | B95: 9.2088333e+08 | C95: 9.6585622e+08 | D95: 1.095162e+09 | E95: 1.1401397e+09 | F95: 1.51807e+09 | H95: 3.7677726e+09 | I95: 4.6113466e+09 | J95: 5.8233129e+09 | K95: 5.3546634e+09
A96: Malawi | B96: .. | C96: .. | D96: .. | E96: .. | F96: .. | H96: .. | I96: .. | J96: .. | K96: ..
A97: Malaysia | B97: 6.7655932e+10 | C97: 7.6187895e+10 | D97: 9.4349737e+10 | E97: 8.6253947e+10 | F97: 9.1820789e+10 | H97: 1.8631038e+11 | I97: 2.3699056e+11 | J97: 2.8391878e+11 | K97: 2.5374246e+11
A98: Maldives | B98: .. | C98: .. | D98: .. | E98: .. | F98: .. | H98: 2.4548003e+09 | I98: 3.4933207e+09 | J98: 4.9152963e+09 | K98: 4.9860305e+09
A99: Mali | B99: 8.4469616e+08 | C99: 1.0244912e+09 | D99: 9.7563116e+08 | E99: 1.1753631e+09 | F99: 1.1623471e+09 | H99: 6.3391263e+09 | I99: 7.5962526e+09 | J99: 7.9416093e+09 | K99: 8.2617989e+09
A100: Marshall Islands | B100: 97720200 | C100: 97132900 | D100: 116285000 | E100: 114186200 | F100: 98956900 | H100: 174912100 | I100: 184407600 | J100: 197696800 | K100: 184750700
A101: Mauritania | B101: 5.473487e+08 | C101: 5.2523193e+08 | D101: 5.9477388e+08 | E101: 6.1398958e+08 | F101: 5.6887024e+08 | H101: 3.7479086e+09 | I101: 4.4683973e+09 | J101: 5.953475e+09 | K101: 5.664854e+09
...

Sheet Trade_Exports
A1: Exports (current US$)
A2: Source: World Bank
A3: Retrieved: March 2025
A5: Country | B5: 1998 | C5: 1999 | D5: 2000 | E5: 2001 | F5: 2002 | G5: Columna2 | H5: 2020 | I5: 2021 | J5: 2022 | K5: 2023
A6: Afghanistan | B6: .. | C6: .. | D6: .. | E6: .. | F6: .. | H6: 2.0795709e+09 | I6: 2.0451903e+09 | J6: 2.6645996e+09 | K6: 2.8908679e+09
A7: Albania | B7: 2.9194999e+08 | C7: 5.4097791e+08 | D7: 7.000834e+08 | E7: 8.3671788e+08 | F7: 9.1072968e+08 | H7: 3.4355404e+09 | I7: 5.6139095e+09 | J7: 7.0738599e+09 | K7: 9.1045363e+09
A8: Algeria | B8: 1.0880008e+10 | C8: 1.3692404e+10 | D8: 2.3050166e+10 | E8: 2.0272584e+10 | F8: 2.0384692e+10 | H8: 2.5613417e+10 | I8: 4.3660728e+10 | J8: 6.9516904e+10 | K8: 5.8488151e+10
A9: American Samoa | B9: .. | C9: .. | D9: .. | E9: .. | F9: 518000000 | H9: 427000000 | I9: 332000000 | J9: 409000000 | K9: ..
A10: Angola | B10: .. | C10: .. | D10: .. | E10: .. | F10: 8.7257798e+09 | H10: 1.858315e+10 | I10: 3.1753058e+10 | J10: 4.6344762e+10 | K10: 3.4656622e+10
A11: Antigua and Barbuda | B11: .. | C11: .. | D11: .. | E11: .. | F11: .. | H11: 5.9127778e+08 | I11: 7.5237778e+08 | J11: 1.0214556e+09 | K11: ..
A12: Argentina | B12: 31137200000 | C12: 27862300000 | D12: 31223690400 | E12: 31112418400 | F12: 2.773661e+10 | H12: 6.405381e+10 | I12: 8.7906118e+10 | J12: 1.0281582e+11 | K12: 8.2369725e+10
A13: Armenia | B13: 3.5986521e+08 | C13: 3.8308975e+08 | D13: 4.2362963e+08 | E13: 5.1152218e+08 | F13: 6.6138415e+08 | H13: 3.7627999e+09 | I13: 4.983422e+09 | J13: 9.8006549e+09 | K13: 1.431948e+10
A14: Aruba | B14: 1.326257e+09 | C14: 1.377095e+09 | D14: 1.3935866e+09 | E14: 1.3464235e+09 | F14: 1.2666508e+09 | H14: 1.3152007e+09 | I14: 2.0722918e+09 | J14: 2.8717303e+09 | K14: 3.2232877e+09
A15: Azerbaijan | B15: 1.0093047e+09 | C15: 1.2813807e+09 | D15: 2.1180536e+09 | E15: 2.3685813e+09 | F15: 2.6670397e+09 | H15: 1.5208765e+10 | I15: 2.5487647e+10 | J15: 4.7274118e+10 | K15: 3.5487353e+10
A16: Bahamas, The | B16: 2368200000 | C16: 2801300000 | D16: 3072900000 | E16: 2834100000 | F16: 3212800000 | H16: 2413900000 | I16: 3353500000 | J16: 5179300000 | K16: 5699000000
A17: Bahrain | B17: 3.9949468e+09 | C17: 5.2218085e+09 | D17: 7.1760638e+09 | E17: 6.6074468e+09 | F17: 6.956117e+09 | H17: 2.5249202e+10 | I17: 3.5234574e+10 | J17: 4.4581915e+10 | K17: 4.0349468e+10
A18: Bangladesh | B18: 5.8768502e+09 | C18: 6.028723e+09 | D18: 6.5880739e+09 | E18: 7.227576e+09 | F18: 6.7912415e+09 | H18: 3.9053881e+10 | I18: 4.4386125e+10 | J18: 5.9275206e+10 | K18: 5.7551452e+10
A19: Barbados | B19: .. | C19: .. | D19: .. | E19: .. | F19: .. | H19: .. | I19: .. | J19: .. | K19: ..
A20: Belarus | B20: 8.9883807e+09 | C20: 7.1862455e+09 | D20: 8.8152304e+09 | E20: 8.2465468e+09 | F20: 9.2863729e+09 | H20: 3.7444227e+10 | I20: 4.9351335e+10 | J20: 4.6516127e+10 | K20: 4.8014398e+10
A21: Belize | B21: 401000000 | C21: 440500000 | D21: 488000000 | E21: 491000000 | F21: 542500000 | H21: 770500000 | I21: 1155500000 | J21: 1516500000 | K21: 1695725300
A22: Benin | B22: 6.6515678e+08 | C22: 8.461511e+08 | D22: 7.2530489e+08 | E22: 7.2842633e+08 | F22: 8.2740166e+08 | H22: 3.1103487e+09 | I22: 3.7005543e+09 | J22: 3.7680366e+09 | K22: 4.1700344e+09
A23: Bermuda | B23: .. | C23: .. | D23: .. | E23: .. | F23: .. | H23: 3246335000 | I23: 3547380000 | J23: 3950269000 | K23: 4309400000
A24: Bhutan | B24: 1.247741e+08 | C24: 1.3039471e+08 | D24: 1.2901186e+08 | E24: 1.2522672e+08 | F24: 1.2820323e+08 | H24: 6.8974227e+08 | I24: 8.084556e+08 | J24: 7.3901445e+08 | K24: ..
A25: Bolivia | B25: 1.6738947e+09 | C25: 1.3985934e+09 | D25: 1.5346867e+09 | E25: 1.6260359e+09 | F25: 1.7103086e+09 | H25: 7.425818e+09 | I25: 1.124314e+10 | J25: 1.4351785e+10 | K25: 1.1524078e+10
A26: Bosnia and Herzegovina | B26: 1.124011e+09 | C26: 1.2954662e+09 | D26: 1.2184413e+09 | E26: 1.2801216e+09 | F26: 1.2868403e+09 | H26: 6.9135611e+09 | I26: 1.007826e+10 | J26: 1.1851985e+10 | K26: 1.2121807e+10
A27: Botswana | B27: 2.3611887e+09 | C27: 3.0271636e+09 | D27: 3.000196e+09 | E27: 2.6711121e+09 | F27: 2.8367715e+09 | H27: 4.6811175e+09 | I27: 7.8586799e+09 | J27: 8.8485629e+09 | K27: 6.2601059e+09
A28: Brazil | B28: 6.0723188e+10 | C28: 5.735515e+10 | D28: 6.6777381e+10 | E28: 6.9279555e+10 | F28: 7.2546877e+10 | H28: 2.4287207e+11 | I28: 3.192512e+11 | J28: 3.831776e+11 | K28: 3.9365692e+11
A29: British Virgin Islands | B29: .. | C29: .. | D29: .. | E29: .. | F29: .. | H29: .. | I29: .. | J29: .. | K29: ..
A30: Brunei Darussalam | B30: 2.0446916e+09 | C30: 2.5676168e+09 | D30: 3.7435177e+09 | E30: 3.5314769e+09 | F30: 3.5880698e+09 | H30: 6.8860598e+09 | I30: 1.1228856e+10 | J30: 1.4411072e+10 | K30: 1.1578413e+10
A31: Burkina Faso | B31: 3.5925478e+08 | C31: 2.8316459e+08 | D31: 2.6254395e+08 | E31: 2.885398e+08 | F31: 3.2113458e+08 | H31: 5.6324528e+09 | I31: 6.4602089e+09 | J31: 5.9744489e+09 | K31: 5.8661513e+09
A32: Burundi | B32: 71499426 | C32: 61217971 | D32: 55005759 | E32: 45410971 | F32: 38676371 | H32: 1.2054243e+08 | I32: 1.3879798e+08 | J32: 1.659712e+08 | K32: 1.3906715e+08
A33: Cabo Verde | B33: 1.1897553e+08 | C33: 1.2426501e+08 | D33: 1.4563029e+08 | E33: 1.6785397e+08 | F33: 2.0194386e+08 | H33: 4.6073535e+08 | I33: 4.8936033e+08 | J33: 8.6923649e+08 | K33: 9.720744e+08
A34: Cambodia | B34: 9.7476307e+08 | C34: 1.4260373e+09 | D34: 1.8214063e+09 | E34: 2.1217425e+09 | F34: 2.439168e+09 | H34: 2.0863616e+10 | I34: 2.6621743e+10 | J34: 2.8878877e+10 | K34: 2.8319443e+10
A35: Cameroon | B35: 2.4832402e+09 | C35: 2.2470782e+09 | D35: 2.6265148e+09 | E35: 2.7669837e+09 | F35: 2.8542491e+09 | H35: 6.2121038e+09 | I35: 7.4309685e+09 | J35: 8.5686844e+09 | K35: 8.1873519e+09
A36: Cayman Islands | B36: .. | C36: .. | D36: .. | E36: .. | F36: .. | H36: 3.3724935e+09 | I36: .. | J36: .. | K36: ..
A37: Central African Republic | B37: 2.1916876e+08 | C37: 1.9213606e+08 | D37: 1.8676783e+08 | E37: 1.6001689e+08 | F37: 1.5899942e+08 | H37: 3.5302126e+08 | I37: 3.3286882e+08 | J37: 2.93074e+08 | K37: 3.6903417e+08
A38: Chad | B38: 3.2264088e+08 | C38: 2.8112336e+08 | D38: 2.3452013e+08 | E38: 2.5090865e+08 | F38: 2.5341884e+08 | H38: 2.8627412e+09 | I38: 4.5647578e+09 | J38: 6.1141221e+09 | K38: 5.7205366e+09
A39: Chile | B39: 2.0615225e+10 | C39: 2.1395656e+10 | D39: 2.3598874e+10 | E39: 2.279463e+10 | F39: 2.2665228e+10 | H39: 7.95924e+10 | I39: 1.0088146e+11 | J39: 1.0729701e+11 | K39: 1.0447413e+11
A40: China | B40: 1.8875039e+11 | C40: 1.986994e+11 | D40: 2.5309209e+11 | E40: 2.7206001e+11 | F40: 3.3300231e+11 | H40: 2.7298846e+12 | I40: 3.5541078e+12 | J40: 3.7178878e+12 | K40: 3.5132369e+12
A41: Colombia | B41: 1.4780193e+10 | C41: 1.5829235e+10 | D41: 1.5895258e+10 | E41: 1.5110266e+10 | F41: 1.451123e+10 | H41: 3.6557248e+10 | I41: 5.1591454e+10 | J41: 6.9868523e+10 | K41: 6.4837475e+10
A42: Comoros | B42: 32703607 | C42: 33793543 | D42: 31027531 | E42: 33446310 | F42: 37638992 | H42: 69481186 | I42: 1.4007256e+08 | J42: 1.5799976e+08 | K42: 1.7521261e+08
A43: Congo, Dem. Rep. | B43: 1.85229e+09 | C43: 1.1135377e+09 | D43: 2.1855072e+09 | E43: 8.9166667e+08 | F43: 1.3678008e+09 | H43: 1.3935463e+10 | I43: 2.2344867e+10 | J43: 2.9938355e+10 | K43: 2.9371943e+10
A44: Congo, Rep. | B44: 1.4870182e+09 | C44: 1.702267e+09 | D44: 2.5919339e+09 | E44: 2.1652095e+09 | F44: 2.4734129e+09 | H44: 4.6699398e+09 | I44: 7.8333863e+09 | J44: 1.0093187e+10 | K44: 8.7170569e+09
A45: Costa Rica | B45: 6.0159877e+09 | C45: 6.0665669e+09 | D45: 6.4453996e+09 | E45: 6.4717202e+09 | F45: 6.5029654e+09 | H45: 1.9908254e+10 | I45: 2.3500424e+10 | J45: 2.9362895e+10 | K45: 3.3661221e+10
A46: Cote d'Ivoire | B46: 5.333496e+09 | C46: 5.4230518e+09 | D46: 4.6069064e+09 | E46: 4.6178234e+09 | F46: 5.6620643e+09 | H46: 1.3231732e+10 | I46: 1.6230487e+10 | J46: 1.7211115e+10 | K46: 1.9340238e+10
A47: Cuba | B47: 3668100000 | C47: 4123500000 | D47: 4318900000 | E47: 4193000000 | F47: 3872000000 | H47: 8769000000 | I47: .. | J47: .. | K47: ..
A48: Curacao | B48: .. | C48: .. | D48: .. | E48: .. | F48: .. | H48: .. | I48: .. | J48: .. | K48: ..
A49: Djibouti | B49: .. | C49: .. | D49: .. | E49: .. | F49: .. | H49: 3.6828793e+09 | I49: 4.8424778e+09 | J49: 6.2095812e+09 | K49: 6.9308523e+09
A50: Dominica | B50: .. | C50: .. | D50: .. | E50: .. | F50: .. | H50: .. | I50: .. | J50: .. | K50: ..
A51: Dominican Republic | B51: 7.4357121e+09 | C51: 7.7436194e+09 | D51: 8.6280235e+09 | E51: 8.1645803e+09 | F51: 8.3377101e+09 | H51: 1.442518e+10 | I51: 2.0500492e+10 | J51: 2.5049445e+10 | K51: 2.567181e+10
A52: Ecuador | B52: 5.0065073e+09 | C52: 5.18194e+09 | D52: 6.5862511e+09 | E52: 6384717000 | F52: 6956829000 | H52: 22320897000 | I52: 29012537000 | J52: 35892886000 | K52: 34542687000
A53: Egypt, Arab Rep. | B53: 1.3754427e+10 | C53: 1.3653789e+10 | D53: 1.617496e+10 | E53: 1.690027e+10 | F53: 1.5595506e+10 | H53: 4.7872739e+10 | I53: 4.4850223e+10 | J53: 7.1927052e+10 | K53: 7.5644809e+10
A54: El Salvador | B54: 2667080400 | C54: 2752938000 | D54: 3161574400 | E54: 3071774700 | F54: 3231026200 | H54: 6112370000 | I54: 8359050000 | J54: 10129310000 | K54: 10587770000
A55: Equatorial Guinea | B55: .. | C55: .. | D55: .. | E55: .. | F55: .. | H55: 4.0411737e+09 | I55: 5.5127266e+09 | J55: 7.2499458e+09 | K55: 4.5158305e+09
A56: Eritrea | B56: 1.105945e+08 | C56: 65684301 | D56: 68310442 | E56: 81309112 | F56: 85922706 | H56: .. | I56: .. | J56: .. | K56: ..
A57: Eswatini | B57: .. | C57: .. | D57: .. | E57: .. | F57: .. | H57: .. | I57: .. | J57: .. | K57: ..
A58: Ethiopia | B58: .. | C58: .. | D58: .. | E58: .. | F58: .. | H58: 7.6729831e+09 | I58: 8.491175e+09 | J58: 1.0451094e+10 | K58: 1.0792609e+10
A59: Fiji | B59: 1.0073902e+09 | C59: 1.1851495e+09 | D59: 1.0973281e+09 | E59: 1.0072463e+09 | F59: 1.1329736e+09 | H59: 1.2335364e+09 | I59: 1.1732644e+09 | J59: 2.3940144e+09 | K59: ..
A60: French Polynesia | B60: 1.5433909e+08 | C60: 1.9039554e+08 | D60: 1.6912403e+08 | E60: .. | F60: .. | H60: 6.5418396e+08 | I60: 8.0590623e+08 | J60: 1.2267088e+09 | K60: ..
A61: Gabon | B61: 2.1254246e+09 | C61: 2.7797263e+09 | D61: 3.5071684e+09 | E61: 2.726389e+09 | F61: 2.8069221e+09 | H61: 7.3028251e+09 | I61: 1.1849572e+10 | J61: 1.3813536e+10 | K61: 1.2355906e+10
A62: Gambia, The | B62: 2.1263901e+08 | C62: 1.9877116e+08 | D62: 2.019814e+08 | E62: 1.4999849e+08 | F62: 1.5703359e+08 | H62: 1.7410693e+08 | I62: 1.3328363e+08 | J62: 1.8894246e+08 | K62: 2.3013439e+08
A63: Georgia | B63: 5.9473593e+08 | C63: 5.3356154e+08 | D63: 7.0305014e+08 | E63: 7.8752446e+08 | F63: 9.9255801e+08 | H63: 5.9080626e+09 | I63: 8.0454466e+09 | J63: 1.3111622e+10 | K63: 1.5163334e+10
A64: Ghana | B64: 2.534278e+09 | C64: 2.4758415e+09 | D64: 2.4317436e+09 | E64: 2.4040773e+09 | F64: 2.6278024e+09 | H64: 2.2081382e+10 | I64: 2.390116e+10 | J64: 2.5742685e+10 | K64: 2.5994008e+10
A65: Grenada | B65: .. | C65: .. | D65: .. | E65: .. | F65: .. | H65: .. | I65: .. | J65: .. | K65: ..
A66: Guam | B66: .. | C66: .. | D66: .. | E66: .. | F66: 722000000 | H66: 379000000 | I66: 193000000 | J66: 545000000 | K66: ..
A67: Guatemala | B67: 3.5244725e+09 | C67: 3.4814003e+09 | D67: 3.8954059e+09 | E67: 5.2755892e+09 | F67: 5.4639751e+09 | H67: 1.2702168e+10 | I67: 1.5241812e+10 | J67: 1.811975e+10 | K67: 1.7298515e+10
A68: Guinea | B68: 7.6384691e+08 | C68: 7.4900485e+08 | D68: 7.3457856e+08 | E68: 8.0861495e+08 | F68: 7.8114803e+08 | H68: 6.6174338e+09 | I68: 9.5960236e+09 | J68: 9.043059e+09 | K68: 9.2272564e+09
A69: Guinea-Bissau | B69: 24267139 | C69: 48255105 | D69: 51238036 | E69: 41587831 | F69: 53471573 | H69: 2.6373817e+08 | I69: 3.3463974e+08 | J69: 2.738234e+08 | K69: 2.8437785e+08
A70: Guyana | B70: 6.8834695e+08 | C70: 6.7049742e+08 | D70: 6.8473112e+08 | E70: 6.6142042e+08 | F70: 6.7024244e+08 | H70: .. | I70: .. | J70: .. | K70: ..
A71: Haiti | B71: 3.6868403e+08 | C71: 5.0879453e+08 | D71: 5.0134086e+08 | E71: 4.4486999e+08 | F71: 3.9000209e+08 | H71: 1.0160632e+09 | I71: 1.4901361e+09 | J71: 1.466106e+09 | K71: 1.0462757e+09
A72: Honduras | B72: 3.6795255e+09 | C72: 3.3951379e+09 | D72: 3.8787854e+09 | E72: 3.9312973e+09 | F72: 4.1437038e+09 | H72: 8.3776461e+09 | I72: 1.1079128e+10 | J72: 1.3336955e+10 | K72: 1.2731826e+10
A73: Hong Kong SAR, China | B73: 1.8718369e+11 | C73: 1.8685143e+11 | D73: 2.1635681e+11 | E73: 2.0797718e+11 | F73: 2.197082e+11 | H73: 6.0815023e+11 | I73: 7.5271913e+11 | J73: 6.9758334e+11 | K73: 6.731232e+11
A74: India | B74: 4.6426465e+10 | C74: 5.2544483e+10 | D74: 6.0878473e+10 | E74: 6.0963416e+10 | F74: 7.3452896e+10 | H74: 4.9972853e+11 | I74: 6.7776926e+11 | J74: 7.7802151e+11 | K74: 7.7944624e+11
A75: Indonesia | B75: 5.0555726e+10 | C75: 4.9720261e+10 | D75: 6.7621169e+10 | E75: 6.2625876e+10 | F75: 6.3956799e+10 | H75: 1.8354658e+11 | I75: 2.5410951e+11 | J75: 3.2322307e+11 | K75: 2.9818286e+11
A76: Iran, Islamic Rep. | B76: 1.3986841e+10 | C76: 2.1963669e+10 | D76: 2.3526115e+10 | E76: 2.4491812e+10 | F76: 3.140285e+10 | H76: 5.092864e+10 | I76: 8.7573884e+10 | J76: 1.0575183e+11 | K76: 9.7923913e+10
A77: Iraq | B77: 1.606075e+10 | C77: 2.8632988e+10 | D77: 3.6613563e+10 | E77: 2.3613583e+10 | F77: 2.3237627e+10 | H77: 5.0199918e+10 | I77: 78260500000 | J77: 1.2795521e+11 | K77: ..
A78: Israel | B78: 3.3142549e+10 | C78: 3.8230065e+10 | D78: 4.7074289e+10 | E78: 4.0929691e+10 | F78: 3.98341e+10 | H78: 1.1370943e+11 | I78: 1.4361347e+11 | J78: 1.6657478e+11 | K78: 1.5718577e+11
A79: Jamaica | B79: 3.3771819e+09 | C79: 3.4692059e+09 | D79: 3.4930686e+09 | E79: 3.2700274e+09 | F79: 3.1841372e+09 | H79: .. | I79: .. | J79: .. | K79: ..
A80: Jordan | B80: 3.54431e+09 | C80: 3.5297984e+09 | D80: 3.5389281e+09 | E80: 3.781896e+09 | F80: 4.5441467e+09 | H80: 1.0444366e+10 | I80: 1.3869577e+10 | J80: 2.074338e+10 | K80: 2.2186056e+10
A81: Kazakhstan | B81: 6.7167639e+09 | C81: 7.1637025e+09 | D81: 1.0353711e+10 | E81: 1.0166981e+10 | F81: 1.1576896e+10 | H81: 5.2229576e+10 | I81: 6.6318147e+10 | J81: 9.3736589e+10 | K81: 9.036013e+10
A82: Kenya | B82: 2.8426554e+09 | C82: 2.6865917e+09 | D82: 2.7427765e+09 | E82: 2.9778962e+09 | F82: 3.2735199e+09 | H82: 9.7052647e+09 | I82: 1.1814617e+10 | J82: 1.3953584e+10 | K82: 1.2625503e+10
A83: Kiribati | B83: 11238337 | C83: 12841382 | D83: 8129395 | E83: 10116673 | F83: 14254714 | H83: 23017531 | I83: 10754927 | J83: 19633579 | K83: 20572398
A84: Korea, Dem. People's Rep. | B84: .. | C84: .. | D84: .. | E84: .. | F84: .. | H84: .. | I84: .. | J84: .. | K84: ..
A85: Korea, Rep. | B85: 1.5155668e+11 | C85: 1.6214392e+11 | D85: 1.955505e+11 | E85: 1.7408756e+11 | F85: 1.8674869e+11 | H85: 5.9786541e+11 | I85: 7.6150899e+11 | J85: 8.0802903e+11 | K85: 7.5355469e+11
A86: Kosovo | B86: .. | C86: .. | D86: .. | E86: .. | F86: .. | H86: 1.674246e+09 | I86: 3.1449413e+09 | J86: 3.6133928e+09 | K86: 4.1496523e+09
A87: Kuwait | B87: 1.1379595e+10 | C87: 1.3836375e+10 | D87: 2.1300595e+10 | E87: 1.7901279e+10 | F87: 1.7014682e+10 | H87: 4.8541144e+10 | I87: 7.6735412e+10 | J87: 1.1092441e+11 | K87: ..
A88: Kyrgyz Republic | B88: 6.0050176e+08 | C88: 5.2714064e+08 | D88: 5.7318535e+08 | E88: 5.6009248e+08 | F88: 6.3553528e+08 | H88: 2.4465599e+09 | I88: 3.311707e+09 | J88: 5.622996e+09 | K88: 5.4778719e+09
A89: Lao PDR | B89: 4.667e+08 | C89: 5.2178923e+08 | D89: 530820000 | E89: 492970000 | F89: 505520000 | H89: .. | I89: .. | J89: .. | K89: ..
A90: Lebanon | B90: 2.3738039e+09 | C90: 2.4458764e+09 | D90: 2.4470978e+09 | E90: 2.7542289e+09 | F90: 3.0832504e+09 | H90: 5.1920957e+09 | I90: 6.020233e+09 | J90: 7.3114043e+09 | K90: ..
A91: Lesotho | B91: .. | C91: .. | D91: .. | E91: .. | F91: .. | H91: 9.1284931e+08 | I91: 1.1131037e+09 | J91: 1.0950779e+09 | K91: 9.0909261e+08
A92: Liberia | B92: .. | C92: .. | D92: .. | E92: .. | F92: .. | H92: .. | I92: .. | J92: .. | K92: ..
A93: Libya | B93: 5.2783089e+09 | C93: 7.2745148e+09 | D93: 1.2077549e+10 | E93: 9.0535877e+09 | F93: 9.1692913e+09 | H93: 9.5413083e+09 | I93: 3.2419788e+10 | J93: 3.9778344e+10 | K93: 3.8383285e+10
A94: Macao SAR, China | B94: 5.0416311e+09 | C94: 4.9887072e+09 | D94: 6.0467985e+09 | E94: 6.2582934e+09 | F94: 6.8751429e+09 | H94: 1.5578174e+10 | I94: 2.8163025e+10 | J94: 2.1096795e+10 | K94: 4.1844931e+10
A95: Madagascar | B95: 7.2246746e+08 | C95: 7.8485075e+08 | D95: 8.8509672e+08 | E95: 1.0914869e+09 | F95: 1.1675045e+09 | H95: 2.6288311e+09 | I95: 3.3147419e+09 | J95: 4.5975614e+09 | K95: 4.2424181e+09
A96: Malawi | B96: .. | C96: .. | D96: .. | E96: .. | F96: .. | H96: .. | I96: .. | J96: .. | K96: ..
A97: Malaysia | B97: 8.3529352e+10 | C97: 9.6016053e+10 | D97: 1.1236921e+11 | E97: 1.0243579e+11 | F97: 1.0922105e+11 | H97: 2.0779854e+11 | I97: 2.6401564e+11 | J97: 3.1324586e+11 | K97: 2.741254e+11
A98: Maldives | B98: .. | C98: .. | D98: .. | E98: .. | F98: .. | H98: 1.791005e+09 | I98: 3.9970668e+09 | J98: 5.1066807e+09 | K98: 4.9024444e+09
A99: Mali | B99: 6.2069165e+08 | C99: 6.9678078e+08 | D99: 6.6570007e+08 | E99: 9.1260424e+08 | F99: 1.0976918e+09 | H99: 5.1955634e+09 | I99: 5.3809964e+09 | J99: 5.8550581e+09 | K99: 6.0756122e+09
A100: Marshall Islands | B100: 27743200 | C100: 25284800 | D100: 33100500 | E100: 31151900 | F100: 36065300 | H100: 85811100 | I100: 120116600 | J100: 103431900 | K100: 100925900
A101: Mauritania | B101: 4.9709534e+08 | C101: 4.4820661e+08 | D101: 4.540824e+08 | E101: 4.4589216e+08 | F101: 4.4024126e+08 | H101: 3.4204557e+09 | I101: 3.6757362e+09 | J101: 3.7981264e+09 | K101: 4.0783255e+09
...

Sheet Investment
A1: Gross fixed capital formation (current US$)
A2: Source: World Bank
A3: Retrieved: March 2025
A5: Country | B5: 1998 | C5: 1999 | D5: 2000 | E5: 2001 | F5: 2002 | G5: Columna2 | H5: 2020 | I5: 2021 | J5: 2022 | K5: 2023
A6: Afghanistan | B6: .. | C6: .. | D6: .. | E6: .. | F6: .. | H6: 2.2860771e+09 | I6: 1.8519034e+09 | J6: 2.416469e+09 | K6: 2.6110354e+09
A7: Albania | B7: 5.4709447e+08 | C7: 7.5623324e+08 | D7: 1.1104628e+09 | E7: 1.4405608e+09 | F7: 1.5677187e+09 | H7: 3.8404791e+09 | I7: 4.9066237e+09 | J7: 4.8882744e+09 | K7: 5.6630709e+09
A8: Algeria | B8: 1.2407438e+10 | C8: 1.1863498e+10 | D8: 1.1329144e+10 | E8: 1.4927251e+10 | F8: 1.6685132e+10 | H8: 6.4448724e+10 | I8: 6.539975e+10 | J8: 6.854251e+10 | K8: 8.1259288e+10
A9: American Samoa | B9: .. | C9: .. | D9: .. | E9: .. | F9: .. | H9: .. | I9: .. | J9: .. | K9: ..
A10: Angola | B10: .. | C10: .. | D10: .. | E10: .. | F10: 4.6356086e+09 | H10: 1.2848258e+10 | I10: 1.7582202e+10 | J10: 2.7411217e+10 | K10: 2.0182542e+10
A11: Antigua and Barbuda | B11: .. | C11: .. | D11: .. | E11: .. | F11: .. | H11: .. | I11: .. | J11: .. | K11: ..
A12: Argentina | B12: 59595219100 | C12: 51073902400 | D12: 46020116800 | E12: 38098830100 | F12: 1.1688424e+10 | H12: 5.5093409e+10 | I12: 8.4130008e+10 | J12: 1.1118702e+11 | K12: 1.1997677e+11
A13: Armenia | B13: 3.0708622e+08 | C13: 3.0302022e+08 | D13: 4.1507694e+08 | E13: 4.4143462e+08 | F13: 5.9035179e+08 | H13: 2.2469256e+09 | I13: 2.9428757e+09 | J13: 4.1113228e+09 | K13: 5.0271932e+09
A14: Aruba | B14: .. | C14: .. | D14: .. | E14: .. | F14: .. | H14: .. | I14: .. | J14: .. | K14: ..
A15: Azerbaijan | B15: 1.5790902e+09 | C15: 1.306137e+09 | D15: 1.2198952e+09 | E15: 1.306e+09 | F15: 2.1252587e+09 | H15: 9.677e+09 | I15: 8.8965882e+09 | J15: 9.4660588e+09 | K15: 1.0745235e+10
A16: Bahamas, The | B16: 2.1293e+09 | C16: 2126600000 | D16: 2261100000 | E16: 2112900000 | F16: 2033600000 | H16: 2292100000 | I16: 2632200000 | J16: 2707200000 | K16: 2789800000
A17: Bahrain | B17: 8.6755319e+08 | C17: 8.9893617e+08 | D17: 1.485266e+09 | E17: 1.5235904e+09 | F17: 2.217234e+09 | H17: 1.0423564e+10 | I17: 1.0145452e+10 | J17: 1.2473644e+10 | K17: 1.2709043e+10
A18: Bangladesh | B18: 1.1057291e+10 | C18: 1.1649376e+10 | D18: 1.2706579e+10 | E18: 1.305202e+10 | F18: 1.3320616e+10 | H18: 1.1708526e+11 | I18: 1.2912221e+11 | J18: 1.4745967e+11 | K18: 1.3538529e+11
A19: Barbados | B19: .. | C19: .. | D19: .. | E19: .. | F19: .. | H19: .. | I19: .. | J19: .. | K19: ..
A20: Belarus | B20: 3.9476046e+09 | C20: 3.1956318e+09 | D20: 3.2098659e+09 | E20: 2.8007194e+09 | F20: 3.2086514e+09 | H20: 1.5567056e+10 | I20: 1.5726314e+10 | J20: 1.4347588e+10 | K20: 1.5702163e+10
A21: Belize | B21: 154500000 | C21: 214500000 | D21: 284000000 | E21: 261000000 | F21: 251000000 | H21: 353000000 | I21: 486500000 | J21: 589500000 | K21: 631660500
A22: Benin | B22: 4.2420944e+08 | C22: 7.3767367e+08 | D22: 6.5915372e+08 | E22: 6.9889445e+08 | F22: 7.0937593e+08 | H22: 3.9452095e+09 | I22: 5.0323767e+09 | J22: 6.2877675e+09 | K22: 7.8847959e+09
A23: Bermuda | B23: .. | C23: .. | D23: .. | E23: .. | F23: .. | H23: 842869000 | I23: 940628000 | J23: 945178000 | K23: 960800000
A24: Bhutan | B24: 1.2419847e+08 | C24: 1.5986175e+08 | D24: 2.4121181e+08 | E24: 3.0877034e+08 | F24: 3.7999047e+08 | H24: 9.4791114e+08 | I24: 1.2179881e+09 | J24: 1.5971463e+09 | K24: ..
A25: Bolivia | B25: 1.9674433e+09 | C25: 1.5822255e+09 | D25: 1.5021646e+09 | E25: 1.1338506e+09 | F25: 1.2371805e+09 | H25: 5.7040501e+09 | I25: 6.7196621e+09 | J25: 7.4118988e+09 | K25: 7.8829376e+09
A26: Bosnia and Herzegovina | B26: 1.3406964e+09 | C26: 1.1198635e+09 | D26: 1.6997238e+09 | E26: 1.6481328e+09 | F26: 1.905154e+09 | H26: 4.472314e+09 | I26: 5.0791894e+09 | J26: 5.4217512e+09 | K26: 6.3666603e+09
A27: Botswana | B27: 1.3467254e+09 | C27: 1.4631968e+09 | D27: 1.4553295e+09 | E27: 1.4228241e+09 | F27: 1.4941863e+09 | H27: 4.1336402e+09 | I27: 4.9489333e+09 | J27: 4.96103e+09 | K27: 4.9765368e+09
A28: Brazil | B28: 1.6015226e+11 | C28: 1.0203685e+11 | D28: 1.1997644e+11 | E28: 1.0313827e+11 | F28: 9.1387179e+10 | H28: 2.4445844e+11 | I28: 2.9934408e+11 | J28: 3.4745032e+11 | K28: 3.5949714e+11
A29: British Virgin Islands | B29: .. | C29: .. | D29: .. | E29: .. | F29: .. | H29: .. | I29: .. | J29: .. | K29: ..
A30: Brunei Darussalam | B30: 1.3695012e+09 | C30: 9.8350578e+08 | D30: 1.2254384e+09 | E30: 1.2840078e+09 | F30: 2.1404476e+09 | H30: 4.8476572e+09 | I30: 4.3538342e+09 | J30: 4.2834905e+09 | K30: 4.4417892e+09
A31: Burkina Faso | B31: 6.2750889e+08 | C31: 5.7932077e+08 | D31: 4.895118e+08 | E31: 4.3593828e+08 | F31: 4.8393198e+08 | H31: 3.1474115e+09 | I31: 3.5668144e+09 | J31: 3.0658569e+09 | K31: 3.4914915e+09
A32: Burundi | B32: 60522706 | C32: 47554830 | D32: 24209416 | E32: 39177455 | F32: 32592025 | H32: 3.0328161e+08 | I32: 3.6397966e+08 | J32: 4.4695051e+08 | K32: 3.4314737e+08
A33: Cabo Verde | B33: .. | C33: .. | D33: .. | E33: .. | F33: .. | H33: .. | I33: .. | J33: .. | K33: ..
A34: Cambodia | B34: 3.8650567e+08 | C34: 5.6201767e+08 | D34: 6.7934032e+08 | E34: 7.2091808e+08 | F34: 9.4083572e+08 | H34: 1.0665433e+10 | I34: 1.0941648e+10 | J34: 1.3591429e+10 | K34: 1.3835027e+10
A35: Cameroon | B35: 2.097515e+09 | C35: 2.0251122e+09 | D35: 1.8481183e+09 | E35: 2.1065289e+09 | F35: 2.4232142e+09 | H35: 7.41759e+09 | I35: 8.1874641e+09 | J35: 8.3443993e+09 | K35: 9.4262861e+09
A36: Cayman Islands | B36: .. | C36: .. | D36: .. | E36: .. | F36: .. | H36: .. | I36: .. | J36: .. | K36: ..
A37: Central African Republic | B37: 79804828 | C37: 1.2955192e+08 | D37: 1.0150829e+08 | E37: 95510951 | F37: 95871028 | H37: 4.2576131e+08 | I37: 3.9567056e+08 | J37: 3.5577904e+08 | K37: 3.7297015e+08
A38: Chad | B38: 2.4680975e+08 | C38: 2.6046911e+08 | D38: 2.9077483e+08 | E38: 6.258135e+08 | F38: 1.1926731e+09 | H38: 2.2025581e+09 | I38: 2.2350533e+09 | J38: 1.8563007e+09 | K38: 3.3866707e+09
A39: Chile | B39: 2.2611691e+10 | C39: 1.6939046e+10 | D39: 1.7268497e+10 | E39: 1.6095785e+10 | F39: 1.5650968e+10 | H39: 5.7327174e+10 | I39: 7.355165e+10 | J39: 7.6417616e+10 | K39: 7.9970558e+10
A40: China | B40: 3.3838187e+11 | C40: 3.5595742e+11 | D40: 3.9462057e+11 | E40: 4.4807683e+11 | F40: 5.1555349e+11 | H40: 6.2402465e+12 | I40: 7.4759062e+12 | J40: 7.4932879e+12 | K40: 7.3561895e+12
A41: Colombia | B41: 1.8649831e+10 | C41: 1.1430109e+10 | D41: 1.4111663e+10 | E41: 1.512244e+10 | F41: 1.6381728e+10 | H41: 4.9641567e+10 | I41: 6.0486974e+10 | J41: 6.5729614e+10 | K41: 6.3172178e+10
A42: Comoros | B42: 63348986 | C42: 65462561 | D42: 60102036 | E42: 64787895 | F42: 72910000 | H42: 1.3422613e+08 | I42: 1.7227309e+08 | J42: 1.6105187e+08 | K42: 1.7198251e+08
A43: Congo, Dem. Rep. | B43: 1.3057393e+08 | C43: 1.4458905e+08 | D43: 2.7521739e+09 | E43: 4.9559076e+08 | F43: 6.4840017e+08 | H43: 1.1826852e+10 | I43: 1.5027811e+10 | J43: 2.0438002e+10 | K43: 2.1022892e+10
A44: Congo, Rep. | B44: 4.7444047e+08 | C44: 6.2602223e+08 | D44: 6.7501354e+08 | E44: 7.3465961e+08 | F44: 6.8400959e+08 | H44: 2.667127e+09 | I44: 3.2822116e+09 | J44: 3.2726321e+09 | K44: 3.8156354e+09
A45: Costa Rica | B45: 3.02669e+09 | C45: 3.005925e+09 | D45: 2.9561209e+09 | E45: 3.1688447e+09 | F45: 3.2799533e+09 | H45: 1.0088218e+10 | I45: 1.0956465e+10 | J45: 1.1737049e+10 | K45: 1.3994846e+10
A46: Cote d'Ivoire | B46: 3.5719125e+09 | C46: 3.6357485e+09 | D46: 2.7124274e+09 | E46: 2.5788655e+09 | F46: 2.7910026e+09 | H46: 1.2822867e+10 | I46: 1.5328497e+10 | J46: 1.7678277e+10 | K46: 2.193276e+10
A47: Cuba | B47: 3122000000 | C47: 3291000000 | D47: 3630200000 | E47: 3417300000 | F47: 3074100000 | H47: 10536000000 | I47: .. | J47: .. | K47: ..
A48: Curacao | B48: .. | C48: .. | D48: .. | E48: .. | F48: .. | H48: .. | I48: .. | J48: .. | K48: ..
A49: Djibouti | B49: .. | C49: .. | D49: .. | E49: .. | F49: .. | H49: 9.4538494e+08 | I49: 1.0062357e+09 | J49: 1.0846595e+09 | K49: 1.2062844e+09
A50: Dominica | B50: .. | C50: .. | D50: .. | E50: .. | F50: .. | H50: .. | I50: .. | J50: .. | K50: ..
A51: Dominican Republic | B51: 5.4792282e+09 | C51: 5.1246366e+09 | D51: 6.0872265e+09 | E51: 6.0364645e+09 | F51: 6.7171264e+09 | H51: 2.1560599e+10 | I51: 2.9209306e+10 | J51: 3.7669288e+10 | K51: 3.9125671e+10
A52: Ecuador | B52: 4.1652196e+09 | C52: 2.5124602e+09 | D52: 2.6328264e+09 | E52: 3537750000 | F52: 4523192000 | H52: 17251416000 | I52: 20493163000 | J52: 23466912000 | K52: 23356463000
A53: Egypt, Arab Rep. | B53: 1.8107615e+10 | C53: 1.8880537e+10 | D53: 1.891936e+10 | E53: 1.7137951e+10 | F53: 1.5168539e+10 | H53: 5.4254523e+10 | I53: 5.6246017e+10 | J53: 7.249848e+10 | K53: 4.5606704e+10
A54: El Salvador | B54: 1872216000 | C54: 1876179100 | D54: 2083926500 | E54: 2111789200 | F54: 2222331900 | H54: 4350120000 | I54: 6112140000 | J54: 6940030000 | K54: 7492520000
A55: Equatorial Guinea | B55: .. | C55: .. | D55: .. | E55: .. | F55: .. | H55: 7.4749733e+08 | I55: 9.8422229e+08 | J55: 1.0367743e+09 | K55: 1.1487368e+09
A56: Eritrea | B56: 2.40706e+08 | C56: 3.1355562e+08 | D56: 1.5537867e+08 | E56: 2.6529094e+08 | F56: 2.1550677e+08 | H56: .. | I56: .. | J56: .. | K56: ..
A57: Eswatini | B57: .. | C57: .. | D57: .. | E57: .. | F57: .. | H57: .. | I57: .. | J57: .. | K57: ..
A58: Ethiopia | B58: .. | C58: .. | D58: .. | E58: .. | F58: .. | H58: 3.2920624e+10 | I58: 3.1181474e+10 | J58: 3.2127032e+10 | K58: 3.629422e+10
A59: Fiji | B59: 4.3056618e+08 | C59: 4.778669e+08 | D59: 3.0531517e+08 | E59: 3.1952752e+08 | F59: 4.1412301e+08 | H59: 8.1539812e+08 | I59: 8.3532431e+08 | J59: 8.823049e+08 | K59: ..
A60: French Polynesia | B60: .. | C60: .. | D60: .. | E60: .. | F60: .. | H60: 1.2921327e+09 | I60: 1.3193865e+09 | J60: 1.265484e+09 | K60: ..
A61: Gabon | B61: 1.7221747e+09 | C61: 1.2202389e+09 | D61: 1.1127304e+09 | E61: 1.1425514e+09 | F61: 1.339542e+09 | H61: 3.0475003e+09 | I61: 3.3944149e+09 | J61: 3.2760117e+09 | K61: 3.504655e+09
A62: Gambia, The | B62: 41042910 | C62: 38740512 | D62: 35720425 | E62: 76802605 | F62: 42085860 | H62: 5.860933e+08 | I62: 6.1171596e+08 | J62: 6.3107548e+08 | K62: 6.5383508e+08
A63: Georgia | B63: 9.2337193e+08 | C63: 7.3381908e+08 | D63: 7.7804746e+08 | E63: 8.768178e+08 | F63: 8.3144564e+08 | H63: 3.559666e+09 | I63: 3.9135471e+09 | J63: 4.9344917e+09 | K63: 6.6049447e+09
A64: Ghana | B64: 1.6732564e+09 | C64: 1.5796998e+09 | D64: 1.1509454e+09 | E64: 1.4415488e+09 | F64: 1.1577003e+09 | H64: 1.2370135e+10 | I64: 1.3323244e+10 | J64: 1.1375969e+10 | K64: 8.1655211e+09
A65: Grenada | B65: .. | C65: .. | D65: .. | E65: .. | F65: .. | H65: .. | I65: .. | J65: .. | K65: ..
A66: Guam | B66: .. | C66: .. | D66: .. | E66: .. | F66: .. | H66: .. | I66: .. | J66: .. | K66: ..
A67: Guatemala | B67: 3.2286319e+09 | C67: 3.277499e+09 | D67: 3.110458e+09 | E67: 3.4237274e+09 | F67: 4.0111118e+09 | H67: 1.0649479e+10 | I67: 1.3946322e+10 | J67: 1.5974291e+10 | K67: 1.6904206e+10
A68: Guinea | B68: 6.4156093e+08 | C68: 6.5453947e+08 | D68: 5.8690116e+08 | E68: 4.3854673e+08 | F68: 4.2185041e+08 | H68: 2.3352555e+09 | I68: 2.5642124e+09 | J68: 3.0298722e+09 | K68: 4.8717099e+09
A69: Guinea-Bissau | B69: 1.8035812e+08 | C69: 1.2665606e+08 | D69: 78048458 | E69: 77438930 | F69: 1.0959131e+08 | H69: 3.8784994e+08 | I69: 3.584166e+08 | J69: 3.4885069e+08 | K69: 3.9741514e+08
A70: Guyana | B70: 2.0751529e+08 | C70: 1.7367454e+08 | D70: 1.6944379e+08 | E70: 1.5361697e+08 | F70: 1.5147464e+08 | H70: .. | I70: .. | J70: .. | K70: ..
A71: Haiti | B71: .. | C71: .. | D71: 5.6705195e+08 | E71: 5.0960405e+08 | F71: 5.8930466e+08 | H71: 3.3028921e+09 | I71: 3.7800553e+09 | J71: 3.2126466e+09 | K71: 2.7500712e+09
A72: Honduras | B72: 1.6442615e+09 | C72: 1.8574376e+09 | D72: 1.8521727e+09 | E72: 1.8314932e+09 | F72: 1.6909048e+09 | H72: 4.2697383e+09 | I72: 6.3792481e+09 | J72: 7.0680589e+09 | K72: 8.327036e+09
A73: Hong Kong SAR, China | B73: 5.1004005e+10 | C73: 4.2776023e+10 | D73: 4.5502298e+10 | E73: 4.3703799e+10 | F73: 3.783551e+10 | H73: 5.8744779e+10 | I73: 6.2143119e+10 | J73: 5.763925e+10 | K73: 6.3856402e+10
A74: India | B74: 1.0727085e+11 | C74: 1.263368e+11 | D74: 1.2188487e+11 | E74: 1.4530345e+11 | F74: 1.4589526e+11 | H74: 7.3088504e+11 | I74: 9.368164e+11 | J74: 1.0311876e+12 | K74: 1.1000181e+12
A75: Indonesia | B75: 2.4271332e+10 | C75: 2.8194535e+10 | D75: 3.2758081e+10 | E75: 3.156418e+10 | F75: 3.8015221e+10 | H75: 3.3582371e+11 | I75: 3.6537611e+11 | J75: 3.8365894e+11 | K75: 4.0216253e+11
A76: Iran, Islamic Rep. | B76: 3.5992569e+10 | C76: 3.6254212e+10 | D76: 3.4308182e+10 | E76: 4.5421828e+10 | F76: 4.2763026e+10 | H76: 7.4654629e+10 | I76: 1.0292544e+11 | J76: 9.7495313e+10 | K76: 1.0852189e+11
A77: Iraq | B77: 4.9607548e+08 | C77: 8.0741891e+08 | D77: 1.4112852e+09 | E77: 2.2166151e+09 | F77: 1.7651641e+09 | H77: 1.4054164e+10 | I77: 2.1224032e+10 | J77: 2.7837896e+10 | K77: ..
A78: Israel | B78: 3.0890129e+10 | C78: 3.0787994e+10 | D78: 3.2964816e+10 | E78: 3.195287e+10 | F78: 2.934534e+10 | H78: 9.3544684e+10 | I78: 1.1689846e+11 | J78: 1.3142515e+11 | K78: 1.2514148e+11
A79: Jamaica | B79: 1.9747743e+09 | C79: 1.875497e+09 | D79: 2.0896252e+09 | E79: 2.3664973e+09 | F79: 2.640969e+09 | H79: .. | I79: .. | J79: .. | K79: ..
A80: Jordan | B80: 1.6748942e+09 | C80: 1.9078984e+09 | D80: 1.7864598e+09 | E80: 1.7430601e+09 | F80: 1.8156559e+09 | H80: 8.2549296e+09 | I80: 1.0260563e+10 | J80: .. | K80: ..
A81: Kazakhstan | B81: 3.47935e+09 | C81: 2.7296645e+09 | D81: 3.1678593e+09 | E81: 5.2569613e+09 | F81: 5.9181298e+09 | H81: 4.2289136e+10 | I81: 4.5412636e+10 | J81: 4.9892557e+10 | K81: 6.9435739e+10
A82: Kenya | B82: 2.2092644e+09 | C82: 2.0106726e+09 | D82: 2.1229124e+09 | E82: 2.3571626e+09 | F82: 2.2662596e+09 | H82: 1.9448622e+10 | I82: 2.1596549e+10 | J82: 2.1293522e+10 | K82: 1.8616048e+10
A83: Kiribati | B83: .. | C83: .. | D83: .. | E83: .. | F83: .. | H83: 32257020 | I83: 49678806 | J83: 51657182 | K83: ..
A84: Korea, Dem. People's Rep. | B84: .. | C84: .. | D84: .. | E84: .. | F84: .. | H84: .. | I84: .. | J84: .. | K84: ..
A85: Korea, Rep. | B85: 1.1794068e+11 | C85: 1.4921897e+11 | D85: 1.82938e+11 | E85: 1.6841775e+11 | F85: 1.9055458e+11 | H85: 5.1467627e+11 | I85: 5.7550734e+11 | J85: 5.384879e+11 | K85: 5.5084067e+11
A86: Kosovo | B86: .. | C86: .. | D86: .. | E86: .. | F86: .. | H86: 2.2924699e+09 | I86: 3.0951954e+09 | J86: 3.0407933e+09 | K86: 3.2954494e+09
A87: Kuwait | B87: .. | C87: .. | D87: .. | E87: .. | F87: .. | H87: 2.2209809e+10 | I87: 2.3170192e+10 | J87: 2.9528342e+10 | K87: ..
A88: Kyrgyz Republic | B88: 2.1205482e+08 | C88: 1.9636639e+08 | D88: 2.4690887e+08 | E88: 2.5618182e+08 | F88: 2.6104259e+08 | H88: 2.1451485e+09 | I88: 2.2326945e+09 | J88: 2.6061179e+09 | K88: 2.9709266e+09
A89: Lao PDR | B89: .. | C89: .. | D89: 2.3225161e+08 | E89: 2.3953482e+08 | F89: 5.1058194e+08 | H89: .. | I89: .. | J89: .. | K89: ..
A90: Lebanon | B90: 4.8993096e+09 | C90: 3.9844971e+09 | D90: 3.6291874e+09 | E90: 3.666335e+09 | F90: 3.7154229e+09 | H90: 2.568104e+09 | I90: 1.2397528e+09 | J90: 2.5719301e+08 | K90: ..
A91: Lesotho | B91: .. | C91: .. | D91: .. | E91: .. | F91: .. | H91: 4.9928719e+08 | I91: 6.1919488e+08 | J91: 6.3744779e+08 | K91: 6.0035776e+08
A92: Liberia | B92: .. | C92: .. | D92: .. | E92: .. | F92: .. | H92: .. | I92: .. | J92: .. | K92: ..
A93: Libya | B93: 2.9877624e+09 | C93: 3.3116938e+09 | D93: 4.4534255e+09 | E93: 3.5665649e+09 | F93: 2.6503937e+09 | H93: 4.4276495e+09 | I93: 4.2828277e+09 | J93: 4.5495956e+09 | K93: 7.4320571e+09
A94: Macao SAR, China | B94: 1.0970367e+09 | C94: 1.0264207e+09 | D94: 6.9387857e+08 | E94: 6.3160515e+08 | F94: 6.9907846e+08 | H94: 6.7159324e+09 | I94: 6.8954818e+09 | J94: 5.5849782e+09 | K94: 6.6867657e+09
A95: Madagascar | B95: 5.3908833e+08 | C95: 5.2589748e+08 | D95: 5.5229449e+08 | E95: 7.890595e+08 | F95: 5.8709468e+08 | H95: 2.548706e+09 | I95: 3.3717832e+09 | J95: 3.1454288e+09 | K95: 3.4096674e+09
A96: Malawi | B96: .. | C96: .. | D96: .. | E96: .. | F96: .. | H96: .. | I96: .. | J96: .. | K96: ..
A97: Malaysia | B97: 1.9359458e+10 | C97: 1.7326579e+10 | D97: 2.3721316e+10 | E97: 2.3310526e+10 | F97: 2.3682895e+10 | H97: 7.0575637e+10 | I97: 7.2093066e+10 | J97: 7.4226173e+10 | K97: 7.6904658e+10
A98: Maldives | B98: .. | C98: .. | D98: .. | E98: .. | F98: .. | H98: 1.4411448e+09 | I98: 1.4725455e+09 | J98: 2.264674e+09 | K98: 2.3058139e+09
A99: Mali | B99: 5.1773299e+08 | C99: 5.6155315e+08 | D99: 5.2322529e+08 | E99: 5.959677e+08 | F99: 6.7193851e+08 | H99: 3.4692397e+09 | I99: 3.8902133e+09 | J99: 3.6825253e+09 | K99: 3.9617767e+09
A100: Marshall Islands | B100: .. | C100: .. | D100: .. | E100: .. | F100: .. | H100: 49497800 | I100: 52336300 | J100: 59249500 | K100: 52381300
A101: Mauritania | B101: 5.4099174e+08 | C101: 5.7233049e+08 | D101: 5.6784986e+08 | E101: 5.6297545e+08 | F101: 7.4600927e+08 | H101: 2.041167e+09 | I101: 2.6125234e+09 | J101: 2.8466306e+09 | K101: 2.4989883e+09
...

Sheet FDI_Inward
A1: FDI inflows (current US$)
A2: Source: World Bank
A3: Retrieved: March 2025
A5: Country | B5: 1998 | C5: 1999 | D5: 2000 | E5: 2001 | F5: 2002 | G5: Columna2 | H5: 2020 | I5: 2021 | J5: 2022 | K5: 2023
A6: Afghanistan | B6: .. | C6: .. | D6: .. | E6: .. | F6: .. | H6: 12970148 | I6: 30790960 | J6: .. | K6: ..
A7: Albania | B7: 45010000 | C7: 41200000 | D7: 143000000 | E7: 207300000 | F7: 135000000 | H7: 1.0697449e+09 | I7: 1.2185865e+09 | J7: 1.4413819e+09 | K7: 1.6209826e+09
A8: Algeria | B8: 1000000 | C8: 7600000 | D8: 13700000 | E8: 9300000 | F8: 98570000 | H8: 1.1439182e+09 | I8: 8.6919407e+08 | J8: 2.4001332e+08 | K8: 1.2157766e+09
A9: American Samoa | B9: .. | C9: .. | D9: .. | E9: .. | F9: .. | H9: .. | I9: .. | J9: .. | K9: ..
A10: Angola | B10: 1113970000 | C10: 2471460000 | D10: 878620000 | E10: 2145470000 | F10: 1743504000 | H10: -1.8664681e+09 | I10: -4.3551166e+09 | J10: -6.5986527e+09 | K10: -2.1196322e+09
A11: Antigua and Barbuda | B11: 22774074 | C11: 51792533 | D11: 96504370 | E11: 1.4581388e+08 | F11: 92910943 | H11: 1.0620418e+08 | I11: 2.8985703e+08 | J11: 3.0172689e+08 | K11: 3.0059773e+08
A12: Argentina | B12: 7.2906571e+09 | C12: 2.3987696e+10 | D12: 1.0418314e+10 | E12: 2.1661368e+09 | F12: 2148910000 | H12: 4.8841277e+09 | I12: 6.6580497e+09 | J12: 1.5200601e+10 | K12: 2.3866141e+10
A13: Armenia | B13: 232375000 | C13: 122034000 | D13: 104188500 | E13: 69868500 | F13: 1.1072533e+08 | H13: 58582750 | I13: 3.6644521e+08 | J13: 9.7565891e+08 | K13: 5.8036508e+08
A14: Aruba | B14: 1.1346369e+08 | C14: 4.675419e+08 | D14: -1.2793296e+08 | E14: -2.6692737e+08 | F14: 3.3251397e+08 | H14: 1.6106698e+08 | I14: 1.3354512e+08 | J14: 2.4815028e+08 | K14: 91445330
A15: Azerbaijan | B15: 1022967000 | C15: 510317000 | D15: 129937000 | E15: 819579000 | F15: 2024577000 | H15: 507151800 | I15: -1707666000 | J15: -4474481000 | K15: 252836000
A16: Bahamas, The | B16: 146900000 | C16: 149300000 | D16: 250250000 | E16: 102370000 | F16: 152790000 | H16: 4.345998e+08 | I16: 3.8306478e+08 | J16: 5.3091395e+08 | K16: 3.2245646e+08
A17: Bahrain | B17: 1.7945441e+08 | C17: 4.5373784e+08 | D17: 3.6356232e+08 | E17: 80358858 | F17: 2.1698688e+08 | H17: 1.0212766e+09 | I17: 1.7792553e+09 | J17: 1.9513298e+09 | K17: 6.8396277e+09
A18: Bangladesh | B18: 1.9005937e+08 | C18: 1.7960301e+08 | D18: 2.8038463e+08 | E18: 78527040 | F18: 52304931 | H18: 1.5253122e+09 | I18: 1.7238565e+09 | J18: 1.634888e+09 | K18: 1.3851554e+09
A19: Barbados | B19: 29160482 | C19: 47539505 | D19: 73696944 | E19: 91504911 | F19: 2.2834325e+08 | H19: 7500000 | I19: 17664400 | J19: 15000000 | K19: 8000000
A20: Belarus | B20: 203200000 | C20: 444000000 | D20: 118800000 | E20: 95800000 | F20: 247100000 | H20: 1393200000 | I20: 1.2307219e+09 | J20: 1.6064177e+09 | K20: 1.9921077e+09
A21: Belize | B21: 17650000 | C21: 58671500 | D21: 29564652 | E21: 61174889 | F21: 25461177 | H21: 76202814 | I21: 1.2549549e+08 | J21: 1.4090797e+08 | K21: 16037531
... A23: Bermuda | B23: 47400000 | C23: 28700000 | D23: 13900000 | E23: 22800000 | F23: 22400000 | H23: 4.7651808e+08 | I23: 49675692 | J23: 20601100 | K23: 21480000
A24: Bhutan | B24: .. | C24: .. | D24: .. | E24: .. | F24: .. | H24: -2786960.9 | I24: 6783112.5 | J24: 8402097.1 | K24: 11916048
A25: Bolivia | B25: 949300000 | C25: 1010500000 | D25: 736350000 | E25: 705756000 | F25: 676543000 | H25: -1.1294873e+09 | I25: 5.8357642e+08 | J25: 6236980.1 | K25: 2.9369209e+08
A26: Bosnia and Herzegovina | B26: 66736468 | C26: 1.7678059e+08 | D26: 1.4607561e+08 | E26: 1.1849522e+08 | F26: 2.6776957e+08 | H26: 4.8327899e+08 | I26: 7.6754228e+08 | J26: 8.5145428e+08 | K26: 1.0351782e+09
A27: Botswana | B27: 95318135 | C27: 36675066 | D27: 57171341 | E27: 30680571 | F27: 4.0799739e+08 | H27: 31792610 | I27: -3.1905586e+08 | J27: 7.0962414e+08 | K27: 6.6541758e+08
A28: Brazil | B28: 2.885561e+10 | C28: 2.8385676e+10 | D28: 3.2994719e+10 | E28: 2.3225846e+10 | F28: 1.65866e+10 | H28: 3.8270116e+10 | I28: 4.6440504e+10 | J28: 7.4606362e+10 | K28: 6.422733e+10
A29: British Virgin Islands | B29: 2884158930 | C29: 10581983240 | D29: 36367397000 | E29: 30073089000 | F29: 14166008000 | H29: 42280161620 | I29: 43216848540 | J29: 42809379600 | K29: 44158493710
A30: Brunei Darussalam | B30: .. | C30: .. | D30: .. | E30: 60694644 | F30: 2.2967196e+08 | H30: 5.6554228e+08 | I30: 2.0474938e+08 | J30: -2.9241628e+08 | K30: -50992640
A31: Burkina Faso | B31: 5264840 | C31: 193280 | D31: 167140 | E31: 597510 | F31: 1715950 | H31: -98777856 | I31: -79957355 | J31: 6.6973824e+08 | K31: 5174270
A32: Burundi | B32: .. | C32: -475191.31 | D32: .. | E32: -11440.913 | F32: .. | H32: 21226213 | I32: 22377442 | J32: 25285988 | K32: 34127984
A33: Cabo Verde | B33: 6793745.4 | C33: 53935025 | D33: 34202238 | E33: 9010186.2 | F33: 14759047 | H33: 67619884 | I33: 91456883 | J33: 1.2201553e+08 | K33: 1.5873589e+08
A34: Cambodia | B34: 1.1587173e+08 | C34: 1.0222582e+08 | D34: 1.1830857e+08 | E34: 1.46482e+08 | F34: 1.3095636e+08 | H34: 3.624645e+09 | I34: 3.4834616e+09 | J34: 3.5788313e+09 | K34: 3.9587924e+09
A35: Cameroon | B35: 55231294 | C35: 35009802 | D35: 1.5970801e+08 | E35: -11668387 | F35: 5.0525604e+08 | H35: 6.7518699e+08 | I35: 9.635315e+08 | J35: 9.2568155e+08 | K35: -109133290
A36: Cayman Islands | B36: 3241551670 | C36: 3854761830 | D36: 8504608000 | E36: 5983789000 | F36: -6024905000 | H36: 6.8757801e+09 | I36: -8.0780783e+08 | J36: -2.9196042e+09 | K36: 20421626280
A37: Central African Republic | B37: 301720 | C37: 6500 | D37: .. | E37: .. | F37: 1290 | H37: .. | I37: .. | J37: .. | K37: ..
A38: Chad | B38: -303410 | C38: -2147150 | D38: .. | E38: .. | F38: .. | H38: .. | I38: .. | J38: .. | K38: ..
A39: Chile | B39: 4627817978 | C39: 8.7610162e+09 | D39: 4.8600157e+09 | E39: 4.199763e+09 | F39: 2.5499231e+09 | H39: 1.1447397e+10 | I39: 1.5176902e+10 | J39: 1.8236599e+10 | K39: 2.1737836e+10
A40: China | B40: 45644000000 | C40: 41014000000 | D40: 42095300000 | E40: 47053000000 | F40: 5.3073619e+10 | H40: 2.5309562e+11 | I40: 3.4407498e+11 | J40: 1.9020379e+11 | K40: 4.2727679e+10
A41: Colombia | B41: 2.8288263e+09 | C41: 1.5079071e+09 | D41: 2.4364599e+09 | E41: 2.5419426e+09 | F41: 2.1336981e+09 | H41: 7.458625e+09 | I41: 9.5613353e+09 | J41: 1.7182521e+10 | K41: 1.7144522e+10
A42: Comoros | B42: .. | C42: .. | D42: .. | E42: .. | F42: .. | H42: 3875846.1 | I42: 4024772.2 | J42: 4128667.5 | K42: 5352754.9
A43: Congo, Dem. Rep. | B43: -1222670 | C43: -1065390 | D43: -1800000 | E43: 900000 | F43: 21990660 | H43: 1.4980848e+09 | I43: 1.6776738e+09 | J43: 1.4093738e+09 | K43: 2.3752589e+09
A44: Congo, Rep. | B44: -1.6966472e+08 | C44: -68298652 | D44: -98141674 | E44: -1.3547967e+08 | F44: 2.0009565e+08 | H44: -1.9831789e+09 | I44: -3.2020952e+08 | J44: 24909590 | K44: 26364470
A45: Costa Rica | B45: 614500000 | C45: 619469212 | D45: 7.2342642e+08 | E45: 6.2184641e+08 | F45: 7.2317262e+08 | H45: 2.1030036e+09 | I45: 3.5928023e+09 | J45: 3.6734043e+09 | K45: 4.6874798e+09
A46: Cote d'Ivoire | B46: -28876650 | C46: 6348880 | D46: 7872260 | E46: -5179240 | F46: -4203160 | H46: 7.1291589e+08 | I46: 1.3924351e+09 | J46: 1.5991157e+09 | K46: 214905250
A47: Cuba | B47: .. | C47: .. | D47: .. | E47: .. | F47: .. | H47: .. | I47: .. | J47: .. | K47: ..
A48: Curacao | B48: .. | C48: .. | D48: .. | E48: .. | F48: .. | H48: 1.5574326e+08 | I48: 1.7091262e+08 | J48: 1.7561679e+08 | K48: 1.3660256e+08
A49: Djibouti | B49: 3173513.5 | C49: 3212901.1 | D49: 3286049.5 | E49: 3392958.6 | F49: 3432346.2 | H49: 158230011 | I49: 1.6675013e+08 | J49: 1.8702285e+08 | K49: 137009451
A50: Dominica | B50: 6511111.1 | C50: 17955556 | D50: 17530960 | E50: 14634126 | F50: 20055378 | H50: 22837136 | I50: 28338715 | J50: 17653773 | K50: 20691116
A51: Dominican Republic | B51: 668900000 | C51: 1344900000 | D51: 989000000 | E51: 1087900000 | F51: 926000000 | H51: 2460600000 | I51: 3349700000 | J51: 4050000000 | K51: 4750500000
A52: Ecuador | B52: 869980000 | C52: 648410000 | D52: -23439368 | E52: 5.3856858e+08 | F52: 7.8326101e+08 | H52: 1.1062539e+09 | I52: 6.4856715e+08 | J52: 8.802948e+08 | K52: 3.8300635e+08
A53: Egypt, Arab Rep. | B53: 1076000000 | C53: 1065300000 | D53: 1235000000 | E53: 509900000 | F53: 646900000 | H53: 5851800000 | I53: 5122300000 | J53: 11399900000 | K53: 9840600000
A54: El Salvador | B54: 1.1026842e+09 | C54: 215800000 | D54: 173400000 | E54: 278900000 | F54: 470000000 | H54: 3.8653264e+08 | I54: 8.0044345e+08 | J54: 10244830 | K54: 6.3811702e+08
A55: Equatorial Guinea | B55: .. | C55: .. | D55: .. | E55: .. | F55: .. | H55: 16501440 | I55: 225183210 | J55: -687760 | K55: ..
A56: Eritrea | B56: 45493.278 | C56: .. | D56: .. | E56: .. | F56: .. | H56: .. | I56: .. | J56: .. | K56: ..
A57: Eswatini | B57: 1.5272044e+08 | C57: 98270490 | D57: 90658006 | E57: 29330084 | F57: 92945313 | H57: 38787633 | I57: 1.1286529e+08 | J57: 13350248 | K57: 28132551
A58: Ethiopia | B58: .. | C58: .. | D58: .. | E58: .. | F58: .. | H58: 2.3957999e+09 | I58: 4.2594458e+09 | J58: 3.6699913e+09 | K58: 3.2629663e+09
A59: Fiji | B59: 20334035 | C59: -1.4708384e+08 | D59: 591375.11 | E59: 41301896 | F59: 30672578 | H59: 2.3938074e+08 | I59: 4.0989456e+08 | J59: 1.0358159e+08 | K59: 28976170
A60: French Polynesia | B60: .. | C60: .. | D60: 3814000 | E60: 3891880 | F60: 10930936 | H60: -3132440 | I60: 13114560 | J60: 5860880 | K60: 14972180
A61: Gabon | B61: 1.3260575e+08 | C61: 89452782 | D61: 2.7806123e+08 | E61: -1.0061545e+08 | F61: 1160708.3 | H61: .. | I61: .. | J61: .. | K61: ..
A62: Gambia, The | B62: .. | C62: .. | D62: .. | E62: .. | F62: .. | H62: 1.8957619e+08 | I62: 2.5182263e+08 | J62: 231488000 | K62: 2.0837222e+08
A63: Georgia | B63: 265300000 | C63: 82300000 | D63: 1.3146668e+08 | E63: 1.0987164e+08 | F63: 1.6039866e+08 | H63: 5.4410965e+08 | I63: 1.2712564e+09 | J63: 2.286909e+09 | K63: 2.085708e+09
A64: Ghana | B64: 167400000 | C64: 243700000 | D64: 165900000 | E64: 89320000 | F64: 58930000 | H64: 1.875783e+09 | I64: 2.5335865e+09 | J64: 1.4284117e+09 | K64: 1.3193156e+09
A65: Grenada | B65: 48685185 | C65: 41551852 | D65: 57489396 | E65: 89573443 | F65: 77853770 | H65: 1.412775e+08 | I65: 1.5222357e+08 | J65: 1.5623456e+08 | K65: 1.6381699e+08
A66: Guam | B66: .. | C66: .. | D66: .. | E66: .. | F66: .. | H66: .. | I66: .. | J66: .. | K66: ..
A67: Guatemala | B67: 1346300000 | C67: 924600000 | D67: -788600000 | E67: -9.3649441e+08 | F67: -1.0169968e+09 | H67: 1004371660 | I67: 3626364530 | J67: 1450072830 | K67: 1583156540
A68: Guinea | B68: 17810000 | C68: 63452427 | D68: 9942000 | E68: 1677000 | F68: 491270 | H68: 176350000 | I68: 197610000 | J68: 658300000 | K68: 1307980000
A69: Guinea-Bissau | B69: .. | C69: .. | D69: .. | E69: 395613.6 | F69: 3545253.7 | H69: 20989722 | I69: 18529723 | J69: 21658004 | K69: 257470
A70: Guyana | B70: 44000000 | C70: 46000000 | D70: 67100000 | E70: 56000000 | F70: 43600000 | H70: 1.2944825e+09 | I70: 2.2365037e+09 | J70: 4.4010997e+08 | K70: 6900000
A71: Haiti | B71: 10760000 | C71: 30000000 | D71: 13250000 | E71: 4400000 | F71: 5700000 | H71: 25000000 | I71: 51299000 | J71: 39413200 | K71: 23647920
A72: Honduras | B72: 99000000 | C72: 237300000 | D72: 349978000 | E72: 309826700 | F72: 287314900 | H72: 2.3601687e+08 | I72: 8.0031595e+08 | J72: 7.582865e+08 | K72: 1.0861119e+09
A73: Hong Kong SAR, China | B73: 1.3939361e+10 | C73: 2.5355411e+10 | D73: 7.0495739e+10 | E73: 3.129172e+10 | F73: 6.7478552e+09 | H73: 1.1745228e+11 | I73: 1.3719125e+11 | J73: 1.2240791e+11 | K73: 1.1110924e+11
A74: India | B74: 2.6346517e+09 | C74: 2.1685911e+09 | D74: 3.5842173e+09 | E74: 5.1280936e+09 | F74: 5.2089671e+09 | H74: 6.4362365e+10 | I74: 4.4727278e+10 | J74: 4.9940258e+10 | K74: 2.8078984e+10
A75: Indonesia | B75: -240800000 | C75: -1.865621e+09 | D75: -4.5503553e+09 | E75: -2.9773919e+09 | F75: 1.4508555e+08 | H75: 1.9175078e+10 | I75: 2.121308e+10 | J75: 2.470203e+10 | K75: 2.2085914e+10
A76: Iran, Islamic Rep. | B76: 24000000 | C76: 35000000 | D76: 39000000 | E76: 50000000 | F76: 15201000 | H76: 78390060 | I76: 81605350 | J76: 100000000 | K76: 86665140
A77: Iraq | B77: .. | C77: .. | D77: .. | E77: .. | F77: .. | H77: -2859100000 | I77: -2637300000 | J77: -2088200000 | K77: -5363500000
A78: Israel | B78: 1737400000 | C78: 4150000000 | D78: 8047500000 | E78: 1771300000 | F78: 1582500000 | H78: 20968700000 | I78: 18949900000 | J78: 23031200000 | K78: 15110600000
A79: Jamaica | B79: 322100000 | C79: 474700000 | D79: 419600000 | E79: 576500000 | F79: 443800000 | H79: 2.6510055e+08 | I79: 320480000 | J79: 318736000 | K79: 3.7652496e+08
A80: Jordan | B80: 3.100141e+08 | C80: 1.5796897e+08 | D80: 9.1325811e+08 | E80: 2.7362817e+08 | F80: 2.3822287e+08 | H80: 7.6028169e+08 | I80: 6.2183099e+08 | J80: 1.2514085e+09 | K80: 8.428169e+08
A81: Kazakhstan | B81: 1151400000 | C81: 1587000000 | D81: 1.3705212e+09 | E81: 2816823050 | F81: 2588491060 | H81: 7.2059891e+09 | I81: 4.5666154e+09 | J81: 5.0774967e+09 | K81: 5.4373124e+09
A82: Kenya | B82: 26548246 | C82: 51953456 | D82: 1.1090455e+08 | E82: 5302622.9 | F82: 27618447 | H82: -5403752.3 | I82: 4.1971961e+08 | J82: 7.9158176e+08 | K82: 7.2876661e+08
A83: Kiribati | B83: 94230 | C83: 96780 | D83: 115950 | E83: 103440 | F83: 108660 | H83: 2624092.8 | I83: 1031376 | J83: 4270167.1 | K83: 5110622.7
A84: Korea, Dem. People's Rep. | B84: .. | C84: .. | D84: .. | E84: .. | F84: .. | H84: .. | I84: .. | J84: .. | K84: ..
A85: Korea, Rep. | B85: 5989200000 | C85: 10726300000 | D85: 11509400000 | E85: 6522300000 | F85: 5475100000 | H85: 8764900000 | I85: 22060400000 | J85: 25044700000 | K85: 15178400000
A86: Kosovo | B86: .. | C86: .. | D86: .. | E86: .. | F86: .. | H86: 3.9462525e+08 | I86: 5.0092794e+08 | J86: 7.6416231e+08 | K86: 9.0865851e+08
A87: Kuwait | B87: 59063714 | C87: 72269842 | D87: 16299834 | E87: -1.1151628e+08 | F87: 3619442 | H87: -5.5805552e+08 | I87: -2.7233531e+08 | J87: 7.5225531e+08 | K87: 2.1146033e+09
A88: Kyrgyz Republic | B88: 109228485 | C88: 44412800 | D88: -2360125 | E88: 5006732.9 | F88: 4661963.5 | H88: -401518600 | I88: 226205400 | J88: 54849000 | K88: 1500000
A89: Lao PDR | B89: 45900000 | C89: 78900000 | D89: 33890000 | E89: 23904284 | F89: 4451297 | H89: 9.6770609e+08 | I89: 1.0719137e+09 | J89: 7.2627374e+08 | K89: 1.7811768e+09
A90: Lebanon | B90: 37838530 | C90: 131734240 | D90: 137924000 | E90: 3879000 | F90: 1335970000 | H90: 1.6068947e+09 | I90: 5.9978827e+08 | J90: 5.2683875e+08 | K90: 6.5543738e+08
A91: Lesotho | B91: 28350687 | C91: 22038153 | D91: 32403928 | E91: 29695246 | F91: 28391255 | H91: 28001667 | I91: -12372192 | J91: -7820069.2 | K91: -25647817
A92: Liberia | B92: -729354660 | C92: 310603220 | D92: 779896560 | E92: -292028060 | F92: 402937150 | H92: 7.3796795e+08 | I92: 5.3558291e+08 | J92: 9.6019247e+08 | K92: 87372830
A93: Libya | B93: -1.2789407e+08 | C93: -1.2806947e+08 | D93: 141000000 | E93: -133000000 | F93: 145000000 | H93: -487200000 | I93: 603000000 | J93: 50000000 | K93: -164183330
A94: Macao SAR, China | B94: .. | C94: .. | D94: .. | E94: 10593140 | F94: 3.9396107e+08 | H94: -6.216383e+09 | I94: 5.673183e+09 | J94: 2.9319221e+09 | K94: 5.2873291e+08
A95: Madagascar | B95: 16635430 | C95: 58385286 | D95: 82952581 | E95: 93059224 | F95: 14661798 | H95: 3.5846714e+08 | I95: 3.5753667e+08 | J95: 4.6784866e+08 | K95: 119264100
A96: Malawi | B96: 12104230 | C96: 58528206 | D96: 25999996 | E96: 19299991 | F96: 5899999.4 | H96: 2.5217904e+08 | I96: 1.2949708e+08 | J96: 1.9872652e+08 | K96: 2.0325281e+08
A97: Malaysia | B97: 2.1634018e+09 | C97: 3.8952632e+09 | D97: 3.7876316e+09 | E97: 5.5394737e+08 | F97: 3.1928947e+09 | H97: 4.0587697e+09 | I97: 2.0245157e+10 | J97: 1.5027993e+10 | K97: 7.9186011e+09
A98: Maldives | B98: 11517967 | C98: 12322250 | D98: 22312448 | E98: 20541053 | F98: 24718600 | H98: 4.4071171e+08 | I98: 6.4283071e+08 | J98: 7.322271e+08 | K98: 7.6151618e+08
A99: Mali | B99: 9556713.4 | C99: 30998905 | D99: 60331623 | E99: 2.0899847e+08 | F99: -12371106 | H99: 5.3685181e+08 | I99: 6.3994417e+08 | J99: 7.1546999e+08 | K99: 23220550
A100: Marshall Islands | B100: .. | C100: .. | D100: .. | E100: .. | F100: .. | H100: 3045061.1 | I100: 499428.44 | J100: .. | K100: ..
A101: Mauritania | B101: 132643 | C101: .. | D101: .. | E101: .. | F101: 365000 | H101: 9.2791627e+08 | I101: 1.0702525e+09 | J101: 1.4016205e+09 | K101: 8.4835173e+08
A102: Mauritius | B102: 12170394 | C102: 49353191 | D102: 2.6564124e+08 | E102: -27675566 | F102: 32073116 | H102: 16087660 | I102: 85573930 | J102: 36937470 | K102: 16170640
...

Sheet FDI_Outward
A1: FDI outflows (current US$)
A2: Source: World Bank
A3: Retrieved: March 2025
A5: Country | B5: 1998 | C5: 1999 | D5: 2000 | E5: 2001 | F5: 2002 | G5: Columna2 | H5: 2020 | I5: 2021 | J5: 2022 | K5: 2023
A6: Afghanistan | B6: .. | C6: .. | D6: .. | E6: .. | F6: .. | H6: 37228478 | I6: 30790960 | J6: .. | K6: ..
A7: Albania | B7: .. | C7: .. | D7: .. | E7: .. | F7: .. | H7: 50098202 | I7: 49941570 | J7: 1.9151166e+08 | K7: 2.6277673e+08
A8: Algeria | B8: 1000000 | C8: 7600000 | D8: 13700000 | E8: 9300000 | F8: 98570000 | H8: 14605376 | I8: -51780110 | J8: 84586241 | K8: 83554526
A9: American Samoa | B9: .. | C9: .. | D9: .. | E9: .. | F9: .. | H9: .. | I9: .. | J9: .. | K9: ..
A10: Angola | B10: .. | C10: -88290 | D10: .. | E10: .. | F10: 100111000 | H10: 90514469 | I10: -1.0573706e+09 | J10: 41066362 | K10: 33356159
A11: Antigua and Barbuda | B11: .. | C11: .. | D11: 7782812.8 | E11: -5880486.8 | F11: 9673804.7 | H11: 821398.76 | I11: -15452803 | J11: 6870628.9 | K11: 7478887.4
A12: Argentina | B12: 2325477000 | C12: 1730283000 | D12: 9.010282e+08 | E12: 1.6087669e+08 | F12: -627140000 | H12: 1.1771769e+09 | I12: 1.5438617e+09 | J12: 2.0898366e+09 | K12: 2.9613419e+09
A13: Armenia | B13: 11546000 | C13: .. | D13: .. | E13: .. | F13: 1531.794 | H13: -27278869 | I13: 24593741 | J13: 49744938 | K13: 53854611
A14: Aruba | B14: 31284916 | C14: -1787709.5 | D14: 2625698.3 | E14: -3687150.8 | F14: -6145251.4 | H14: 20043217 | I14: -4855705.2 | J14: 1.23456e+08 | K14: 91445330
A15: Azerbaijan | B15: 20000 | C15: .. | D15: 760000 | E15: 593066000 | F15: 957756000 | H15: 825278000 | I15: 76987000 | J15: 172210000 | K15: 1875225000
A16: Bahamas, The | B16: 1000000 | C16: 200000 | D16: 140132000 | E16: 94373000 | F16: 39855000 | H16: 59835502 | I16: 84673303 | J16: 2.1448376e+08 | K16: 2.2535638e+08
A17: Bahrain | B17: 1.8082428e+08 | C17: 1.6335144e+08 | D17: 9552708.3 | E17: 2.1595565e+08 | F17: 1.9003018e+08 | H17: -2.0505319e+08 | I17: 64361702 | J17: 1.9478723e+09 | K17: 1.1130319e+09
A18: Bangladesh | B18: 3002160.5 | C18: 59960 | D18: 2000000 | E18: 20600000 | F18: 2642487 | H18: 4807601.9 | I18: 83184395 | J18: 31598138 | K18: -2062639.5
A19: Barbados | B19: 950000 | C19: 1300000 | D19: 22832500 | E19: 25582500 | F19: 24976500 | H19: 7500000 | I19: 17664400 | J19: 15000000 | K19: 8000000
A20: Belarus | B20: 2300000 | C20: 800000 | D20: 200000 | E20: 300000 | F20: -206200000 | H20: 82700000 | I20: -79184361 | J20: 1.8019887e+08 | K20: 64902700
A21: Belize | B21: 4500000 | C21: 5092500 | D21: 6223889.5 | E21: 11916 | F21: 74457.215 | H21: 4428191.8 | I21: 1537174.3 | J21: 1200408.8 | K21: 2255071.9
A22: Benin | B22: -21454296 | C22: -28519513 | D22: -69088213 | E22: -24849887 | F22: -31611045 | H22: 21526689 | I22: 42902137 | J22: 46569698 | K22: 48955920
A23: Bermuda | B23: 47400000 | C23: 28700000 | D23: 13900000 | E23: 22800000 | F23: 22400000 | H23: -11229974 | I23: -26781991 | J23: 20601100 | K23: 21480000
A24: Bhutan | B24: .. | C24: .. | D24: .. | E24: .. | F24: .. | H24: 0 | I24: 0 | J24: 0 | K24: 36486.875
A25: Bolivia | B25: 2800000 | C25: 2800000 | D25: 2800000 | E25: 2580000 | F25: 2600000 | H25: -1.1112885e+08 | I25: 91329730 | J25: -80794333 | K25: 2.5654425e+08
A26: Bosnia and Herzegovina | B26: .. | C26: .. | D26: .. | E26: .. | F26: .. | H26: 83179962 | I26: 91547140 | J26: 77887465 | K26: 1.0089647e+08
A27: Botswana | B27: 3497496.4 | C27: 1513711.4 | D27: 2252735.3 | E27: 3.7965123e+08 | F27: 42883207 | H27: -68225485 | I27: -32920136 | J27: 10118014 | K27: 9487705.1
A28: Brazil | B28: 2854013000 | C28: 1497658000 | D28: 2497066000 | E28: -1489093000 | F28: 2478504000 | H28: -3.4672535e+09 | I28: 1.623933e+10 | J28: 33354592259 | K28: 2.5148299e+10
A29: British Virgin Islands | B29: 2884158930 | C29: 10581983240 | D29: 36367397000 | E29: 30073089000 | F29: 14166008000 | H29: 42280161620 | I29: 43216848540 | J29: 42809379600 | K29: 44158493710
A30: Brunei Darussalam | B30: .. | C30: .. | D30: .. | E30: .. | F30: .. | H30: .. | I30: .. | J30: .. | K30: ..
A31: Burkina Faso | B31: 5264840 | C31: 193280 | D31: 167140 | E31: 597510 | F31: 1715950 | H31: -7138882.8 | I31: -43119301 | J31: 23529895 | K31: 5174270
A32: Burundi | B32: .. | C32: -238660.31 | D32: -11683241 | E32: -9152.7302 | F32: .. | H32: 1135501.8 | I32: 1134010.8 | J32: 1962917.4 | K32: 1170095.7
A33: Cabo Verde | B33: -2246070.9 | C33: 416170.82 | D33: 1396102.3 | E33: 420544.66 | F33: -29884.086 | H33: 3959881.9 | I33: -636675.91 | J33: 18590273 | K33: 7473216.6
A34: Cambodia | B34: -1.0715825e+08 | C34: -1.2092091e+08 | D34: -23601981 | E34: 4372518.1 | F34: -8124000 | H34: 1.2701289e+08 | I34: 92417625 | J34: 1.5048628e+08 | K34: 1.5141051e+08
A35: Cameroon | B35: -1.358589e+08 | C35: 38843274 | D35: 10210108 | E35: -49776918 | F35: -1.3261719e+08 | H35: 84415056 | I35: 54821661 | J35: 27346177 | K35: -109133290
A36: Cayman Islands | B36: 3241551670 | C36: 3854761830 | D36: 8504608000 | E36: 5983789000 | F36: -6024905000 | H36: -2.4084209e+09 | I36: -2.9162437e+09 | J36: -1.9981411e+09 | K36: 20421626280
A37: Central African Republic | B37: 301720 | C37: 6500 | D37: .. | E37: .. | F37: 1290 | H37: .. | I37: .. | J37: .. | K37: ..
A38: Chad | B38: -303410 | C38: -2147150 | D38: .. | E38: .. | F38: .. | H38: .. | I38: .. | J38: .. | K38: ..
A39: Chile | B39: 1.4834813e+09 | C39: 2.557924e+09 | D39: 3.9866451e+09 | E39: 1.609732e+09 | F39: 3.4315349e+08 | H39: 6.3982875e+09 | I39: 1.4573039e+10 | J39: 1.3206294e+10 | K39: 6.277992e+09
A40: China | B40: 4527000000 | C40: 4036000000 | D40: 4612000000 | E40: 9696000000 | F40: 6.2840497e+09 | H40: 1.5372081e+11 | I40: 1.7879774e+11 | J40: 2.1005016e+11 | K40: 1.8530145e+11
A41: Colombia | B41: 7.9599823e+08 | C41: 1.1553603e+08 | D41: 3.2534653e+08 | E41: 16119451 | F41: 8.5682574e+08 | H41: 1.7334486e+09 | I41: 3.1808138e+09 | J41: 3.3835049e+09 | K41: 1.1748141e+09
A42: Comoros | B42: .. | C42: .. | D42: .. | E42: .. | F42: .. | H42: .. | I42: .. | J42: .. | K42: ..
A43: Congo, Dem. Rep. | B43: -1222670 | C43: -1065390 | D43: -1800000 | E43: 900000 | F43: 21990660 | H43: 148836250 | I43: 192358710 | J43: 436399470 | K43: 235495830
A44: Congo, Rep. | B44: -2.1057823e+08 | C44: -5.8738855e+08 | D44: -2.6060394e+08 | E44: -2.068835e+08 | F44: -1.2843059e+08 | H44: -9.8119828e+08 | I44: 9968790.3 | J44: 24909590 | K44: 26364470
A45: Costa Rica | B45: 6240000 | C45: 5003582 | D45: 1.0738957e+08 | E45: 68424543 | F45: 1.3233694e+08 | H45: 4.5873801e+08 | I45: 4.4662197e+08 | J45: 6.1334785e+08 | K45: 9.8686501e+08
A46: Cote d'Ivoire | B46: -28876650 | C46: 6348880 | D46: 7872260 | E46: -5179240 | F46: -4203160 | H46: 1328576.4 | I46: 2.8521302e+08 | J46: 1.6749124e+08 | K46: 214905250
A47: Cuba | B47: .. | C47: .. | D47: .. | E47: .. | F47: .. | H47: .. | I47: .. | J47: .. | K47: ..
A48: Curacao | B48: .. | C48: .. | D48: .. | E48: .. | F48: .. | H48: 6870408.1 | I48: 2804005.1 | J48: 18445899 | K48: 7264977.8
A49: Djibouti | B49: .. | C49: .. | D49: .. | E49: .. | F49: .. | H49: .. | I49: .. | J49: .. | K49: ..
A50: Dominica | B50: .. | C50: .. | D50: -193083.84 | E50: -189633.63 | F50: -246861.47 | H50: -386517.56 | I50: 2330398.1 | J50: -723330.11 | K50: -795654.97
A51: Dominican Republic | B51: -30900000 | C51: 7100000 | D51: 36100000 | E51: 8800000 | F51: 9200000 | H51: -99000000 | I51: 152900000 | J51: -48800000 | K51: 360300000
A52: Ecuador | B52: .. | C52: .. | D52: 0 | E52: 0 | F52: 0 | H52: 0 | I52: 0 | J52: 0 | K52: 0
A53: Egypt, Arab Rep. | B53: 45000000 | C53: 37500000 | D53: 51000000 | E53: 12400000 | F53: 27800000 | H53: 326500000 | I53: 367000000 | J53: 341800000 | K53: 390400000
A54: El Salvador | B54: .. | C54: 53800000 | D54: -5000000 | E54: -9700000 | F54: -25700000 | H54: 3.8375721e+08 | I54: 4.2707217e+08 | J54: -1.3135065e+08 | K54: -92169666
A55: Equatorial Guinea | B55: .. | C55: .. | D55: .. | E55: .. | F55: .. | H55: 16501440 | I55: 225183210 | J55: -687760 | K55: ..
A56: Eritrea | B56: -1.4847276e+08 | C56: -83222078 | D56: -27875537 | E56: .. | F56: .. | H56: .. | I56: .. | J56: .. | K56: ..
A57: Eswatini | B57: 23918995 | C57: 13238597 | D57: 17074198 | E57: -17698548 | F57: 326826.94 | H57: -12308994 | I57: 58544119 | J57: -21711064 | K57: -22653093
A58: Ethiopia | B58: .. | C58: .. | D58: .. | E58: .. | F58: .. | H58: .. | I58: .. | J58: .. | K58: ..
A59: Fiji | B59: -24058586 | C59: -60874532 | D59: 2306214.4 | E59: 2645993.5 | F59: 1720312.7 | H59: 13464175 | I59: 32202691 | J59: 16671152 | K59: 28976170
A60: French Polynesia | B60: .. | C60: .. | D60: 3814000 | E60: 3891880 | F60: 14030400 | H60: -3132440 | I60: 13114560 | J60: 5860880 | K60: 14972180
A61: Gabon | B61: 19177839 | C61: 3.1995335e+08 | D61: 3.4601855e+08 | E61: -7769032.5 | F61: -60831733 | H61: .. | I61: .. | J61: .. | K61: ..
A62: Gambia, The | B62: .. | C62: .. | D62: .. | E62: .. | F62: .. | H62: -3483809.2 | I62: -3386370 | J62: 2000000 | K62: -609080
A63: Georgia | B63: .. | C63: 1000000 | D63: 3398783 | E63: 4092200 | F63: 4279200 | H63: -16117225 | I63: 3.4732746e+08 | J63: 3.6517148e+08 | K63: 4.7253497e+08
A64: Ghana | B64: 26675410 | C64: 163300000 | D64: .. | E64: 9553620 | F64: -2042540 | H64: 5.42414e+08 | I64: 1.1970159e+08 | J64: -44157893 | K64: 11006013
A65: Grenada | B65: .. | C65: .. | D65: 76027.014 | E65: -4925201.8 | F65: -3221272.9 | H65: -22658038 | I65: -9369137 | J65: 11861883 | K65: 12754528
A66: Guam | B66: .. | C66: .. | D66: .. | E66: .. | F66: .. | H66: .. | I66: .. | J66: .. | K66: ..
A67: Guatemala | B67: 673500000 | C67: 770000000 | D67: -1018500000 | E67: -1.3920226e+09 | F67: -1.1276137e+09 | H67: 221751180 | I67: 640775760 | J67: 731312020 | K67: 661916210
A68: Guinea | B68: 1000000 | C68: 4000000 | D68: .. | E68: 5000000 | F68: -30000000 | H68: 2360000 | I68: -3120000 | J68: 8200000 | K68: 19840000
A69: Guinea-Bissau | B69: .. | C69: .. | D69: .. | E69: -395613.6 | F69: 1020103.3 | H69: 314288.39 | I69: 946746.54 | J69: 535125.95 | K69: 257470
A70: Guyana | B70: .. | C70: -2000000 | D70: 2000000 | E70: 205000 | F70: 137850 | H70: 13560334 | I70: 2446620 | J70: 2764071 | K70: 6900000
A71: Haiti | B71: .. | C71: -1000000 | D71: .. | E71: .. | F71: .. | H71: .. | I71: .. | J71: .. | K71: ..
A72: Honduras | B72: 4265650 | C72: 9187000 | D72: -25181149 | E72: 8383776.7 | F72: 18647065 | H72: -1.3701099e+08 | I72: 2.876412e+08 | J72: 20550420 | K72: 2.293265e+08
A73: Hong Kong SAR, China | B73: 1.6625624e+10 | C73: 2.2205098e+10 | D73: 6.9984254e+10 | E73: 2.0285931e+10 | F73: 1.6248565e+10 | H73: 8.3423017e+10 | I73: 9.3446535e+10 | J73: 1.1900235e+11 | K73: 1.027122e+11
A74: India | B74: 47593027 | C74: 79357457 | D74: 5.0953297e+08 | E74: 1.0541322e+09 | F74: 1.2610711e+09 | H74: 1.1122668e+10 | I74: 1.7238734e+10 | J74: 1.453225e+10 | K74: 1.3878567e+10
A75: Indonesia | B75: 44000000 | C75: 72000000 | D75: .. | E75: .. | F75: .. | H75: 5.0326038e+09 | I75: 3.9267262e+09 | J75: 6.6348217e+09 | K75: 7.1014748e+09
A76: Iran, Islamic Rep. | B76: 63386000 | C76: 193802000 | D76: 10993000 | E76: 50000000 | F76: 15201000 | H76: 78390060 | I76: 81605350 | J76: 100000000 | K76: 86665140
A77: Iraq | B77: .. | C77: .. | D77: .. | E77: .. | F77: .. | H77: 147200000 | I77: 134600000 | J77: 238300000 | K77: 286200000
A78: Israel | B78: 1124300000 | C78: 829200000 | D78: 3335300000 | E78: 687300000 | F78: 980800000 | H78: 4578900000 | I78: 10369200000 | J78: 10246800000 | K78: 9728000000
A79: Jamaica | B79: 35000000 | C79: 45900000 | D79: 25600000 | E79: 51600000 | F79: 36600000 | H79: 6692663 | I79: 56154921 | J79: 60290000 | K79: -3888959.4
A80: Jordan | B80: 2054000 | C80: 4513399.2 | D80: 8603667.1 | E80: 31593821 | F80: 13822283 | H80: 26338028 | I80: 15915493 | J80: -15774648 | K80: 64225352
A81: Kazakhstan | B81: 8100000 | C81: 3600000 | D81: 92359670 | E81: -43785910 | F81: 424662500 | H81: 1.3305473e+09 | I81: 2.6651738e+09 | J81: -2.8789273e+09 | K81: 2.9940699e+09
A82: Kenya | B82: 12124400 | C82: 24562248 | D82: 10000 | E82: 10000 | F82: 7415865 | H82: 3.8175317e+08 | I82: 8.0333325e+08 | J82: 5.41182e+08 | K82: 5.0048198e+08
A83: Kiribati | B83: 94230 | C83: 96780 | D83: 115950 | E83: 103440 | F83: 108660 | H83: 111862.87 | I83: 101382.74 | J83: 17274.692 | K83: 16527.511
A84: Korea, Dem. People's Rep. | B84: .. | C84: .. | D84: .. | E84: .. | F84: .. | H84: .. | I84: .. | J84: .. | K84: ..
A85: Korea, Rep. | B85: 4220300000 | C85: 3967200000 | D85: 4842100000 | E85: 2743500000 | F85: 3437200000 | H85: 34832400000 | I85: 66000600000 | J85: 65799000000 | K85: 34540600000
A86: Kosovo | B86: .. | C86: .. | D86: .. | E86: .. | F86: .. | H86: 68497793 | I86: 1.1877588e+08 | J86: 1.8358258e+08 | K86: 2.0565085e+08
A87: Kuwait | B87: -1.8670696e+09 | C87: 22994950 | D87: -3.0317692e+08 | E87: -1.9137107e+09 | F87: -76666362 | H87: 3.1539192e+09 | I87: -2.2409637e+09 | J87: 2.4548539e+10 | K87: 1.1201133e+10
A88: Kyrgyz Republic | B88: 22622272 | C88: 6058873 | D88: 4500000 | E88: 6100000 | F88: .. | H88: 180886600 | I88: -334517100 | J88: -454612000 | K88: 1500000
A89: Lao PDR | B89: 3010000 | C89: 557000 | D89: 9909290 | E89: 320500 | F89: 200000 | H89: .. | I89: .. | J89: 6670 | K89: ..
A90: Lebanon | B90: 37838530 | C90: 131734240 | D90: 137924000 | E90: 3879000 | F90: 210000 | H90: 28913456 | I90: -1.3387769e+09 | J90: 66151977 | K90: 72672173
A91: Lesotho | B91: .. | C91: .. | D91: .. | E91: .. | F91: .. | H91: .. | I91: .. | J91: .. | K91: ..
A92: Liberia | B92: -729354660 | C92: 310603220 | D92: 779896560 | E92: -292028060 | F92: 402937150 | H92: 80073700 | I92: 91022400 | J92: 91022400 | K92: 87372830
A93: Libya | B93: 2.5578815e+08 | C93: 2.2595422e+08 | D93: 98000000 | E93: 175000000 | F93: -136000000 | H93: 350400000 | I93: 225400000 | J93: 50000000 | K93: -164183330
A94: Macao SAR, China | B94: .. | C94: .. | D94: .. | E94: 10593140 | F94: 48374087 | H94: 1.7045898e+09 | I94: 4.4438154e+09 | J94: 8.1413822e+08 | K94: 77875542
A95: Madagascar | B95: .. | C95: .. | D95: -921000 | E95: 1119000 | F95: .. | H95: 1.1909341e+08 | I95: 1.1432729e+08 | J95: 1.4201746e+08 | K95: 119264100
A96: Malawi | B96: 5599990 | C96: 100000 | D96: -600000 | E96: -596040 | F96: 4395640 | H96: -1.5390662e+08 | I96: 636227.5 | J96: 58720591 | K96: 69189284
A97: Malaysia | B97: 863000000 | C97: 1.4223684e+09 | D97: 2.0260526e+09 | E97: 2.6684211e+08 | F97: 1.8942105e+09 | H97: 3.2959916e+09 | I97: 1.2784976e+10 | J97: 1.1811334e+10 | K97: 7.9654625e+09
A98: Maldives | B98: 0 | C98: 0 | D98: 0 | E98: 0 | F98: 0 | H98: 0 | I98: 0 | J98: 0 | K98: 0
A99: Mali | B99: 672936.36 | C99: 29648725 | D99: -18290417 | E99: 1.0444189e+08 | F99: -2.5574545e+08 | H99: 1154996.8 | I99: 55875142 | J99: 43633790 | K99: 23220550
A100: Marshall Islands | B100: .. | C100: .. | D100: .. | E100: .. | F100: .. | H100: 0 | I100: 0 | J100: .. | K100: ..
A101: Mauritania | B101: 92750 | C101: .. | D101: .. | E101: .. | F101: 365000 | H101: 6026560 | I101: 8733641.7 | J101: 3000000 | K101: 131060
...

Sheet Scientific_Production
A1: Scientific and innovation rise of the Global South
A2: Source: SciVal
A3: SciVal provides data on the total volume of publications indexed in the Scopus database (2019-2023)
A4: Retrieved: May 2025
A6: SciVal
A7: Country/Territory | B7: Region | C7: Scholarly Output | D7: % of the regional total
A8: Egypt | B8: Africa | C8: 186858 | D8: =Table3[[#This Row],[Scholarly Output]]/$C$66 -> 0.2229998
A9: South Africa | B9: Africa | C9: 170246 | D9: =Table3[[#This Row],[Scholarly Output]]/$C$66 -> 0.20317473
A10: Nigeria | B10: Africa | C10: 85486 | D10: =Table3[[#This Row],[Scholarly Output]]/$C$66 -> 0.10202058
A11: Morocco | B11: Africa | C11: 58900 | D11: =Table3[[#This Row],[Scholarly Output]]/$C$66 -> 0.070292352
A12: Algeria | B12: Africa | C12: 49688 | D12: =Table3[[#This Row],[Scholarly Output]]/$C$66 -> 0.05929858
A13: Tunisia | B13: Africa | C13: 47566 | D13: =Table3[[#This Row],[Scholarly Output]]/$C$66 -> 0.056766146
A14: Ethiopia | B14: Africa | C14: 44364 | D14: =Table3[[#This Row],[Scholarly Output]]/$C$66 -> 0.05294482
A15: Ghana | B15: Africa | C15: 28020 | D15: =Table3[[#This Row],[Scholarly Output]]/$C$66 -> 0.033439587
A16: Kenya | B16: Africa | C16: 26255 | D16: =Table3[[#This Row],[Scholarly Output]]/$C$66 -> 0.031333204
A17: Uganda | B17: Africa | C17: 15014 | D17: =Table3[[#This Row],[Scholarly Output]]/$C$66 -> 0.017917986
A18: Tanzania | B18: Africa | C18: 13903 | D18: =Table3[[#This Row],[Scholarly Output]]/$C$66 -> 0.016592098
A19: Cameroon | B19: Africa | C19: 13116 | D19: =Table3[[#This Row],[Scholarly Output]]/$C$66 -> 0.015652878
... A65: Western Sahara | B65: Africa | C65: 2 | D65: =Table3[[#This Row],[Scholarly Output]]/$C$66 -> 2.3868371e-06
A66: AFRICA TOTAL | C66: =SUM(C8:C65) -> 837929 | D66: =SUM(D8:D65) -> 1
A67: China | B67: Asia Pacific | C67: 4603636 | D67: =Table3[[#This Row],[Scholarly Output]]/$C$126 -> 0.48507717
A68: India | B68: Asia Pacific | C68: 1290840 | D68: =Table3[[#This Row],[Scholarly Output]]/$C$126 -> 0.13601358
A69: Japan | B69: Asia Pacific | C69: 722171 | D69: =Table3[[#This Row],[Scholarly Output]]/$C$126 -> 0.07609391
A70: Australia | B70: Asia Pacific | C70: 617993 | D70: =Table3[[#This Row],[Scholarly Output]]/$C$126 -> 0.065116854
A71: South Korea | B71: Asia Pacific | C71: 504396 | D71: =Table3[[#This Row],[Scholarly Output]]/$C$126 -> 0.053147334
A72: Indonesia | B72: Asia Pacific | C72: 268249 | D72: =Table3[[#This Row],[Scholarly Output]]/$C$126 -> 0.028264933
A73: Taiwan | B73: Asia Pacific | C73: 220802 | D73: =Table3[[#This Row],[Scholarly Output]]/$C$126 -> 0.023265525
A74: Malaysia | B74: Asia Pacific | C74: 214887 | D74: =Table3[[#This Row],[Scholarly Output]]/$C$126 -> 0.022642272
A75: Pakistan | B75: Asia Pacific | C75: 177721 | D75: =Table3[[#This Row],[Scholarly Output]]/$C$126 -> 0.018726155
A76: Hong Kong | B76: Asia Pacific | C76: 152260 | D76: =Table3[[#This Row],[Scholarly Output]]/$C$126 -> 0.016043373
A77: Singapore | B77: Asia Pacific | C77: 136327 | D77: =Table3[[#This Row],[Scholarly Output]]/$C$126 -> 0.01436454
A78: Thailand | B78: Asia Pacific | C78: 125500 | D78: =Table3[[#This Row],[Scholarly Output]]/$C$126 -> 0.013223718
... A125: United States Minor Outlying Islands | B125: Asia Pacific | C125: 3 | D125: =Table3[[#This Row],[Scholarly Output]]/$C$126 -> 3.1610481e-07
A126: Asia-Pacific Total | C126: =SUM(C67:C125) -> 9490523 | D126: =Table3[[#This Row],[Scholarly Output]]/$C$126 -> 1
A127: Brazil | B127: Latin America | C127: 487332 | D127: =Table3[[#This Row],[Scholarly Output]]/$C$151 -> 0.45607576
A128: Mexico | B128: Latin America | C128: 164515 | D128: =Table3[[#This Row],[Scholarly Output]]/$C$151 -> 0.15396342
A129: Chile | B129: Latin America | C129: 97531 | D129: =Table3[[#This Row],[Scholarly Output]]/$C$151 -> 0.091275609
A130: Colombia | B130: Latin America | C130: 88181 | D130: =Table3[[#This Row],[Scholarly Output]]/$C$151 -> 0.082525294
A131: Argentina | B131: Latin America | C131: 87774 | D131: =Table3[[#This Row],[Scholarly Output]]/$C$151 -> 0.082144398
A132: Peru | B132: Latin America | C132: 41530 | D132: =Table3[[#This Row],[Scholarly Output]]/$C$151 -> 0.038866371
A133: Ecuador | B133: Latin America | C133: 33047 | D133: =Table3[[#This Row],[Scholarly Output]]/$C$151 -> 0.030927449
A134: Cuba | B134: Latin America | C134: 13596 | D134: =Table3[[#This Row],[Scholarly Output]]/$C$151 -> 0.012723987
A135: Uruguay | B135: Latin America | C135: 11802 | D135: =Table3[[#This Row],[Scholarly Output]]/$C$151 -> 0.01104505
A136: Costa Rica | B136: Latin America | C136: 8568 | D136: =Table3[[#This Row],[Scholarly Output]]/$C$151 -> 0.0080184702
A137: Venezuela | B137: Latin America | C137: 8213 | D137: =Table3[[#This Row],[Scholarly Output]]/$C$151 -> 0.007686239
A138: Puerto Rico | B138: Latin America | C138: 5767 | D138: =Table3[[#This Row],[Scholarly Output]]/$C$151 -> 0.0053971192
... A150: Martinique | B150: Latin America | C150: 301 | D150: =Table3[[#This Row],[Scholarly Output]]/$C$151 -> 0.00028169462
A151: Latin America Total | C151: =SUM(C127:C150) -> 1068533 | D151: =Table3[[#This Row],[Scholarly Output]]/$C$151 -> 1

Sheet Democracy
A1: Freedom House Rating
A2: Excludes non-sovereign territories
A3: "F" Free; "PF" Partially Free "NF" Non Free
A4: Source: Freedom House (2024)
A7: Country / Territory | B7: Country group (North / South) | C7: Region | D7: Status
A8: Afghanistan | B8: Global South | C8: Asia | D8: NF
A9: Albania | B9: Global South | C9: Europe | D9: PF
A10: Algeria | B10: Global South | C10: Africa | D10: NF
A11: Andorra | B11: Global North | C11: Europe | D11: F
A12: Angola | B12: Global South | C12: Africa | D12: NF
A13: Antigua and Barbuda | B13: Global South | C13: Americas | D13: F
A14: Argentina | B14: Global South | C14: Americas | D14: F
A15: Armenia | B15: Global South | C15: Eurasia | D15: PF
A16: Australia | B16: Global North | C16: Asia | D16: F
A17: Austria | B17: Global North | C17: Europe | D17: F
A18: Azerbaijan | B18: Global South | C18: Eurasia | D18: NF
... A201: Zimbabwe | B201: Global South | C201: Africa | D201: NF

Sheet Global Presence
A1: Elcano Global Presence Index (index value)
A2: Source: Elcano Royal Institute
A3: Retrieved: March 2025
A5: Country / Territory | B5: 1990 | C5: 2023
A6: Afghanistan | B6: 0.71494645 | C6: 1.7863203
A7: Albania | B7: 0 | C7: 5.063952
A8: Algeria | B8: 20.008106 | C8: 43.658043
A9: Angola | B9: 10.826729 | C9: 17.472294
A10: Azerbaijan | B10: 0 | C10: 19.086252
A11: Argentina | B11: 80.476685 | C11: 51.664551
A12: Bahamas | B12: 1.6919158 | C12: 2.967356
A13: Bahrain | B13: 5.5318627 | C13: 15.316101
A14: Bangladesh | B14: 12.416228 | C14: 39.066841
A15: Armenia | B15: 0 | C15: 5.282979
A16: Bolivia | B16: 3.0307143 | C16: 5.7978868
A17: Bosnia and Herzegovina | B17: 0 | C17: 4.3299837
... A119: Zambia | B119: 2.9330022 | C119: 6.462101
A120: Global South (added index value) | B120: =SUM(B6:B119) -> 2851.7164 | C120: =SUM(C6:C119) -> 6846.5193
A121: Global South (% world total) | B121: =B120/B122*100 -> 28.395976 | C121: =C120/C122*100 -> 40.318029
A122: World (added index value) | B122: 10042.678 | C122: 16981.285

Sheet UN_Leadership
A1: Leadership of UN bodies
A2: Source: UN System Documentation.
A3: Retrieved: March 2025.
A5: Name | B5: Category | C5: Organization | D5: Position | E5: Country | F5: Country group (North/South) | G5: Time Period
A6: António Guterres | C6: SG UN | D6: Secretary-General of the United Nations UN | E6: Portugal | F6: Global North | G6: 2017-
A7: Ban Ki-moon | C7: SG UN | D7: Secretary-General of the United Nations UN | E7: Republic of Korea | F7: Global South | G7: 2007-2016
A8: Kofi Annan | C8: SG UN | D8: Secretary-General of the United Nations UN | E8: Ghana | F8: Global South | G8: 1997-2006
A9: Boutros Boutros-Ghali | C9: SG UN | D9: Secretary-General of the United Nations UN | E9: Egypt | F9: Global South | G9: 1992-1996
A10: Gilbert F. Houngbo | B10: Agency | C10: ILO | D10: Director-General ILO | E10: Togo | F10: Global South | G10: 2022-
A11: Guy Ryder | B11: Agency | C11: ILO | D11: Director-General ILO | E11: UK | F11: Global North | G11: 2013-2022
A12: Juan Somavia | B12: Agency | C12: ILO | D12: Director-General ILO | E12: Chile | F12: Global South | G12: 2000-2012
A13: Michel Hansenne, Belgium | B13: Agency | C13: ILO | D13: Director-General ILO | E13: Belgium | F13: Global North | G13: 1989-1999
A14: Qu Dongyu | B14: Agency | C14: FAO | D14: Director-General FAO | E14: China | F14: Global South | G14: 2019-
A15: José Graziano Da Silva | B15: Agency | C15: FAO | D15: Director-General FAO | E15: Brazil | F15: Global South | G15: 2012-2018
A16: Jacques Diouf | B16: Agency | C16: FAO | D16: Director-General FAO | E16: Senegal | F16: Global South | G16: 1994-2011
A17: Edouard Saouma | B17: Agency | C17: FAO | D17: Director-General FAO | E17: Lebanon | F17: Global South | G17: 1975-1993
A18: Audrey Azoulay | B18: Agency | C18: UNESCO | D18: Director-General UNESCO | E18: France | F18: Global North | G18: 2017-
A19: Irina Bokova | B19: Agency | C19: UNESCO | D19: Director-General UNESCO | E19: Bulgaria | F19: Global North | G19: 2009-2016
A20: Koïchiro Matsuura | B20: Agency | C20: UNESCO | D20: Director-General UNESCO | E20: Japan | F20: Global North | G20: 1999-2008
A21: Federico Mayor | B21: Agency | C21: UNESCO | D21: Director-General UNESCO | E21: Spain | F21: Global North | G21: 1987-1998
... A30: Margaret Chan | B30: Agency | C30: WHO | D30: Director-General WHO | E30: China | F30: Global South | G30: 2007-2016
A31: Anders Nordström | B31: Agency | C31: WHO | D31: Director-General WHO | E31: Sweden | F31: Global North | G31: 2006
A32: Jong Wook Lee | B32: Agency | C32: WHO | D32: Director-General WHO | E32: Republic of Korea | F32: Global South | G32: 2003-2005
A33: Gro Harlem Brundtland | B33: Agency | C33: WHO | D33: Director-General WHO | E33: Norway | F33: Global North | G33: 1998-2002
A34: Hiroshi Nakajima | B34: Agency | C34: WHO | D34: Director-General WHO | E34: Japan | F34: Global North | G34: 1988-1997
A35: Halfdan T. Mahler | B35: Agency | C35: WHO | D35: Director-General WHO | E35: Denmark | F35: Global North | G35: 1973-1987
A36: Ajay Banga, USA , | B36: Agency | C36: WB | D36: President World Bank Group | E36: USA | F36: Global North | G36: 2023-
A37: David R. Malpass, USA, 2019 - | B37: Agency | C37: WB | D37: President World Bank Group | E37: USA | F37: Global North | G37: 2019- 2022
A38: Jim Yong Kim, ROK, 2012 - | B38: Agency | C38: WB | D38: President World Bank Group | E38: USA | F38: Global North | G38: 2012- 2018
A39: Robert B. Zoellick, USA, 2007 - | B39: Agency | C39: WB | D39: President World Bank Group | E39: USA | F39: Global North | G39: 2007 - 2011
A40: Paul D. Wolfowitz, USA, 2005 - | B40: Agency | C40: WB | D40: President World Bank Group | E40: USA | F40: Global North | G40: 2005 - 2006
A41: Lewis T. Preston, USA, September 1, 1991 - May 4, | B41: Agency | C41: WB | D41: President World Bank Group | E41: USA | F41: Global North | G41: 1995 – 2004
A42: Barber Conable, USA, July 1, 1986 - August 31, | B42: Agency | C42: WB | D42: President World Bank Group | E42: USA | F42: Global North | G42: 1991- 1994
A43: Kristalina Georgieva, Bulgaria, | B43: Agency | C43: IMF | D43: Managing Director IMF | E43: Bulgaria | F43: Global North | G43: 2019-
... A132: USG Klaus Töpfer | B132: Fund & programme | C132: UN-Habitat | D132: Executive Director UN Habitat | E132: Germany | F132: Global North | G132: 1998-1999
A133: ASG Darshan Johal | B133: Fund & programme | C133: UN-Habitat | D133: Executive Director UN Habitat | E133: Canada | F133: Global North | G133: 1997
A134: ASG Wally N'Dow (Gambia | B134: Fund & programme | C134: UN-Habitat | D134: Executive Director UN Habitat | E134: Gambia | F134: Global South | G134: 1994-1996
A135: Elizabeth Dowdeswell | B135: Fund & programme | C135: UN-Habitat | D135: Executive Director UN Habitat | E135: Canada | F135: Global North | G135: 1993
A136: Arcot Ramachandran | B136: Fund & programme | C136: UN-Habitat | D136: Executive Director UN Habitat | E136: India | F136: Global South | G136: 1978-1992
A137: Sima Sami Bahous | B137: Fund & programme | C137: UN Women | D137: Executive Director UN Women | E137: Jordan | F137: Global South | G137: 2021-
A138: Phumzile Mlambo-Ngcuka | B138: Fund & programme | C138: UN Women | D138: Executive Director UN Women | E138: South Africa | F138: Global South | G138: 2013-2020
A139: Michelle Bachelet | B139: Fund & programme | C139: UN Women | D139: Executive Director UN Women | E139: Chile | F139: Global South | G139: 2010-2012
A140: Winnie Byanyima | B140: Fund & programme | C140: UNAIDS | D140: Executive Director UNAIDS | E140: Uganda | F140: Global South | G140: 2019-
A141: Michel Sidibe | B141: Fund & programme | C141: UNAIDS | D141: Executive Director UNAIDS | E141: Mali | F141: Global South | G141: 2009-2018
A142: Peter Piot | B142: Fund & programme | C142: UNAIDS | D142: Executive Director UNAIDS | E142: Belgium | F142: Global North | G142: 1994-2008
A143: Philippe Lazzarini | B143: Fund & programme | C143: UNRWA | D143: Commissioner General UNRWA UNCTAD | E143: Switzerland | F143: Global North | G143: 2020-
A144: Pierre Krähenbühl | B144: Fund & programme | C144: UNRWA | D144: Commissioner General UNRWA UNCTAD | E144: Switzerland | F144: Global North | G144: 2013-2019
A145: Filippo Grandi | B145: Fund & programme | C145: UNRWA | D145: Commissioner General UNRWA UNCTAD | E145: Italy | F145: Global North | G145: 2010-2012
A146: Karen AbuZayd | B146: Fund & programme | C146: UNRWA | D146: Commissioner General UNRWA UNCTAD | E146: United States | F146: Global North | G146: 2005-2009
A147: Peter Hansen | B147: Fund & programme | C147: UNRWA | D147: Commissioner General UNRWA UNCTAD | E147: Denmark | F147: Global North | G147: 1996-2004
... A168: Gamani Corea (Sri Lanka) 1974-1984 | B168: Fund & programme | C168: UNCTAD | D168: Secretary-General UNCTAD | E168: Sri Lanka | F168: Global South | G168: 1974-1984

Sheet UN_Peacekeeping
A1: Peacekeeping Operations Leadership
A2: Source: UN Department of Peace Operations
A3: Retrieved: March 2025.
A5: Operation | B5: Leader | C5: Position | D5: Country
A6: Abyei, UNISFA | B6: Maj. Gen. General Robert Yaw AFFRAM | C6: Acting Head of Mission and Force Commander | D6: Ghana
A7: Central African Republic, MINUSCA | B7: Valentine Rugwabiza | C7: Représentante spéciale du Secrétaire général et Cheffe de la Mission Secrétaire général adjointe | D7: Rwanda
A8: MONUSCO | B8: Bintou Keita (Guinée) | C8: Représentante spéciale du Secrétaire général | D8: Guinea
A9: Somalia, UNSOS (Led by the Department of Field Support) | B9: Ms. Aisa Kirabo Kacyira | C9: Assistant Secretary-General and Head of UNSOS | D9: Rwanda
A10: South Sudan, UNMISS | B10: Nicholas Haysom | C10: Special Representative of the Secretary-General (SRSG) and Head of UNMISS | D10: South africa
A11: Western Sahara, MINURSO | B11: Alexander Ivanko | C11: SRSG and Head of MINURSO | D11: Russia
A12: India and Pakistan, UNMOGIP | B12: Major General Ramón Guardado Sánchez | C12: Head of Mission / Chief Military Observer (HoM / CMO) | D12: Mexico
A13: Cyprus, UNFICYP | B13: Colin Stewart | C13: Special Representative of the Secretary-General (SRSG) in Cyprus and Head of UNFICYP | D13: Canada
A14: Kosovo, UNMIK | B14: Caroline Ziadeh | C14: Special Representative of the Secretary-General (SRSG) and Head of UNMIK | D14: Lebanon
A15: Golan, UNDOF | B15: Major General Anita Asmah | C15: Head of Mission and Force Commander | D15: Ghana
A16: Lebanon, UNIFIL | B16: Lieutenant General Aroldo Lázaro Sáenz, | C16: Head of Mission and Force Commander. | D16: Spain
A17: Middle East, UNTSO | B17: Major General Patrick Gauchat | C17: Head of Mission and Chief of Staff | D17: Switzerland

Sheet UN_Troops
A1: Uniformed Personnel Contributing Countries (by Ranking)
A2: Monthly data (December) 2001–2024
A3: Includes: mission experts, formed police units, individual officers, staff officers, and troops.
A4: Source: UN Peacekeeping
A5: Retrieved: March 2025.
A7: Rank | B7: Country | C7: Personnel | D7: Year
A8: 1 | B8: Bangladesh | C8: 6045 | D8: 2001
A9: 2 | B9: Pakistan | C9: 5558 | D9: 2001
A10: 3 | B10: Nigeria | C10: 3443 | D10: 2001
A11: 4 | B11: India | C11: 2853 | D11: 2001
A12: 5 | B12: Jordan | C12: 2740 | D12: 2001
A13: 6 | B13: Ghana | C13: 2295 | D13: 2001
A14: 7 | B14: Kenya | C14: 2070 | D14: 2001
A15: 8 | B15: Ukraine | C15: 1524 | D15: 2001
A16: 9 | B16: Australia | C16: 1358 | D16: 2001
A17: 10 | B17: Portugal | C17: 1154 | D17: 2001
A18: 11 | B18: Poland | C18: 1026 | D18: 2001
A19: 12 | B19: Zambia | C19: 910 | D19: 2001
... A2650: 120 | B2650: Ukraine | C2650: 0 | D2650: 2024

Sheet Denomination
A1: Nr. of documents containing the term in the topic of the article
A2: Source: Google and Clarivate
A3: Retrieved: March 2025
A5: Google Scholar
A6: Denomination | B6: 1950-1990 | C6: 1990-2000 | D6: 2000-2010 | E6: 2010-2020 | F6: 2020-2025 | G6: Sin periodo definido
A7: Third World | B7: 251000 | C7: 549000 | D7: 722000 | E7: 607000 | F7: 63700 | G7: 3040000
A8: Developing countries | B8: 382000 | C8: 1220000 | D8: 2020000 | E8: 2160000 | F8: 942000 | G8: 4590000
A9: Emerging countries | B9: 3200 | C9: 3900 | D9: 16500 | E9: 127000 | F9: 54600 | G9: 407000
A10: Global South | B10: 956 | C10: 1900 | D10: 25500 | E10: 422000 | F10: 194000 | G10: 912000
A11: Plural South | B11: 15 | C11: 14 | D11: 41 | E11: 70 | F11: 44 | G11: 173
A14: Web of Science
A15: Denomination | B15: 1950-1990 | C15: 1990-2000 | D15: 2000-2010 | E15: 2010-2020 | F15: 2020-2025 | G15: Sin periodo definido
A16: Third World | B16: 3861 | C16: 3521 | D16: 2140 | E16: 2521 | F16: 1250 | G16: 13079
A17: Developing countries | B17: 7993 | C17: 12769 | D17: 30187 | E17: 72494 | F17: 52485 | G17: 174537
A18: Emerging countries | B18: 36 | C18: 38 | D18: 437 | E18: 2434 | F18: 2323 | G18: 5273
A19: Global South | B19: 0 | C19: 6 | D19: 426 | E19: 4705 | F19: 9945 | G19: 15465

Sheet Export_Goods_EU
A1: Share of total extra-EU exports of goods of the EU (in million euros and %)
A2: Source: European Commission
A3: Retrieved: March 2025
A5: Region / Country | B5: 2023 | C5: 2022 | D5: 2021 | E5: 2020 | F5: 2019 | G5: Average | J5: Global South
J6: China except Hong Kong | K6: =9.54+1.12 -> 10.66
A7: North | J7: Türkiye | K7: 3.74
A8: Iceland | B8: 0.2 | C8: 0.2 | D8: 0.2 | E8: 0.1 | F8: 0.1 | G8: =AVERAGE(B8:F8) -> 0.16 | J8: Russia | K8: 3.18
A9: Liechtenstein | B9: 0.1 | C9: 0.1 | D9: 0.1 | E9: 0.1 | F9: 0.1 | G9: =AVERAGE(B9:F9) -> 0.1 | J9: South Korea | K9: 2.24
A10: Norway | B10: 2.4 | C10: 2.6 | D10: 2.6 | E10: 2.5 | F10: 2.4 | G10: =AVERAGE(B10:F10) -> 2.5 | J10: Mexico | K10: 1.82
A11: Switzerland | B11: 7.4 | C11: 7.3 | D11: 7.2 | E11: 7.4 | F11: 6.9 | G11: =AVERAGE(B11:F11) -> 7.24 | J11: India | K11: 1.82
A12: United Kingdom | B12: 13.1 | C12: 12.8 | D12: 13 | E12: 14.4 | F12: 15 | G12: =AVERAGE(B12:F12) -> 13.66 | J12: Brazil | K12: 1.56
A13: Andorra | B13: 0.1 | C13: 0.1 | D13: 0.1 | E13: 0.1 | F13: 0.1 | G13: =AVERAGE(B13:F13) -> 0.1 | J13: United Arab Emirates | K13: 1.4
A14: Canada | B14: 1.9 | C14: 1.8 | D14: 1.7 | E14: 1.7 | F14: 1.8 | G14: =AVERAGE(B14:F14) -> 1.78 | J14: Singapore | K14: 1.28
A15: United States | B15: 19.7 | C15: 19.8 | D15: 18.3 | E15: 18.3 | F15: 18 | G15: =AVERAGE(B15:F15) -> 18.82 | J15: Ukraine | K15: 1.26
A16: Australia | B16: 1.5 | C16: 1.5 | D16: 1.5 | E16: 1.5 | F16: 1.4 | G16: =AVERAGE(B16:F16) -> 1.48 | J16: Taiwan | K16: 1.24
A17: New Zealand | B17: 0.2 | C17: 0.2 | D17: 0.3 | E17: 0.2 | F17: 0.2 | G17: =AVERAGE(B17:F17) -> 0.22 | J17: Saudi Arabia | K17: 1.22
A18: Marshall Islands | B18: 0.1 | C18: 0.1 | D18: 0.1 | E18: 0.1 | F18: 0 | G18: =AVERAGE(B18:F18) -> 0.08 | J18: Morocco | K18: 1.16
A19: Japan | B19: 2.5 | C19: 2.8 | D19: 2.9 | E19: 2.9 | F19: 2.9 | G19: =AVERAGE(B19:F19) -> 2.8 | J19: Israel | K19: 1.02
A20: Total North | B20: =SUM(B8:B19) -> 49.2 | C20: =SUM(C8:C19) -> 49.3 | D20: =SUM(D8:D19) -> 48 | E20: =SUM(E8:E19) -> 49.3 | F20: =SUM(F8:F19) -> 48.9 | G20: =AVERAGE(B20:F20) -> 48.94 | J20: South Africa | K20: 1
A21: Global South | J21: Egypt | K21: 0.88
A22: Bosnia and Herzegovina | B22: 0.3 | C22: 0.3 | D22: 0.3 | E22: 0.3 | F22: 0.3 | G22: =AVERAGE(B22:F22) -> 0.3 | J22: Serbia | K22: 0.82
A23: Montenegro | B23: 0.1 | C23: 0.1 | D23: 0.1 | E23: 0 | F23: 0.1 | G23: =AVERAGE(B23:F23) -> 0.08 | J23: Algeria | K23: 0.64
A24: Moldova | B24: 0.2 | C24: 0.2 | D24: 0.1 | E24: 0.1 | F24: 0.1 | G24: =AVERAGE(B24:F24) -> 0.14 | J24: Thailand | K24: 0.6
A25: North Macedonia | B25: 0.3 | C25: 0.3 | D25: 0.2 | E25: 0.2 | F25: 0.2 | G25: =AVERAGE(B25:F25) -> 0.24 | J25: Malaysia | K25: 0.56
A26: Georgia | B26: 0.1 | C26: 0.1 | D26: 0.1 | E26: 0.1 | F26: 0.1 | G26: =AVERAGE(B26:F26) -> 0.1 | J26: Nigeria | K26: 0.54
A27: Albania | B27: 0.2 | C27: 0.2 | D27: 0.2 | E27: 0.2 | F27: 0.1 | G27: =AVERAGE(B27:F27) -> 0.18 | J27: Tunisia | K27: 0.5
A28: Serbia | B28: 0.9 | C28: 0.9 | D28: 0.8 | E28: 0.8 | F28: 0.7 | G28: =AVERAGE(B28:F28) -> 0.82 | J28: Viet Nam | K28: 0.48
A29: Türkiye | B29: 4.4 | C29: 3.9 | D29: 3.6 | E29: 3.6 | F29: 3.2 | G29: =AVERAGE(B29:F29) -> 3.74 | J29: Chile | K29: 0.44
A30: Ukraine | B30: 1.5 | C30: 1.2 | D30: 1.3 | E30: 1.2 | F30: 1.1 | G30: =AVERAGE(B30:F30) -> 1.26 | J30: Indonesia | K30: 0.4
A31: Kosovo* | B31: 0.1 | C31: 0.1 | D31: 0.1 | E31: 0.1 | F31: 0.1 | G31: =AVERAGE(B31:F31) -> 0.1 | J31: Qatar | K31: 0.4
A32: Belarus | B32: 0.3 | C32: 0.3 | D32: 0.3 | E32: 0.3 | F32: 0.3 | G32: =AVERAGE(B32:F32) -> 0.3 | J32: Argentina | K32: 0.36
A33: Russia | B33: 1.5 | C33: 2.1 | D33: 4.1 | E33: 4.1 | F33: 4.1 | G33: =AVERAGE(B33:F33) -> 3.18 | J33: Kazakhstan | K33: 0.36
... A83: Malaysia | B83: 0.6 | C83: 0.6 | D83: 0.5 | E83: 0.5 | F83: 0.6 | G83: =AVERAGE(B83:F83) -> 0.56 | J83: Syria | K83: 0
A84: Philippines | B84: 0.3 | C84: 0.3 | D84: 0.3 | E84: 0.3 | F84: 0.3 | G84: =AVERAGE(B84:F84) -> 0.3
A85: Singapore | B85: 1.3 | C85: 1.2 | D85: 1.3 | E85: 1.2 | F85: 1.4 | G85: =AVERAGE(B85:F85) -> 1.28
A86: Thailand | B86: 0.6 | C86: 0.6 | D86: 0.6 | E86: 0.6 | F86: 0.6 | G86: =AVERAGE(B86:F86) -> 0.6
A87: Viet Nam | B87: 0.4 | C87: 0.5 | D87: 0.5 | E87: 0.5 | F87: 0.5 | G87: =AVERAGE(B87:F87) -> 0.48
A88: Armenia | B88: 0.1 | C88: 0.1 | D88: 0 | E88: 0 | F88: 0 | G88: =AVERAGE(B88:F88) -> 0.04
A89: Azerbaijan | B89: 0.1 | C89: 0.1 | D89: 0.1 | E89: 0.1 | F89: 0.1 | G89: =AVERAGE(B89:F89) -> 0.1
A90: Bahrain | B90: 0.1 | C90: 0.1 | D90: 0.1 | E90: 0.1 | F90: 0.1 | G90: =AVERAGE(B90:F90) -> 0.1
A91: Iraq | B91: 0.2 | C91: 0.2 | D91: 0.2 | E91: 0.2 | F91: 0.2 | G91: =AVERAGE(B91:F91) -> 0.2
A92: Israel | B92: 1 | C92: 1.1 | D92: 1.1 | E92: 1 | F92: 0.9 | G92: =AVERAGE(B92:F92) -> 1.02
A93: Jordan | B93: 0.2 | C93: 0.2 | D93: 0.2 | E93: 0.2 | F93: 0.2 | G93: =AVERAGE(B93:F93) -> 0.2
A94: Kuwait | B94: 0.3 | C94: 0.3 | D94: 0.3 | E94: 0.3 | F94: 0.2 | G94: =AVERAGE(B94:F94) -> 0.28
A95: Lebanon | B95: 0.2 | C95: 0.2 | D95: 0.2 | E95: 0.2 | F95: 0.3 | G95: =AVERAGE(B95:F95) -> 0.22
... A100: United Arab Emirates | B100: 1.5 | C100: 1.4 | D100: 1.4 | E100: 1.3 | F100: 1.4 | G100: =AVERAGE(B100:F100) -> 1.4
A101: Total Global South | B101: =SUM(B22:B100) -> 47.5 | C101: =SUM(C22:C100) -> 47.5 | D101: =SUM(D22:D100) -> 49.8 | E101: =SUM(E22:E100) -> 48.1 | F101: =SUM(F22:F100) -> 47.4 | G101: =AVERAGE(B101:F101) -> 48.06
G102: =G29+G30+G33+G61+G64+G72+G75+G85+G78+G100+G73 -> 28.96

Sheet Import_Goods_EU
A1: Share of total extra-EU imports of goods from the EU (in million euros and %)
A2: Source: European Commission
A3: Retrieved: March 2025
A5: Region / Country | B5: 2023 | C5: 2022 | D5: 2021 | E5: 2020 | F5: 2019 | G5: Columna1 | H5: Average
A6: North
A7: Iceland | B7: 0.2 | C7: 0.2 | D7: 0.2 | E7: 0.2 | F7: 0.1 | H7: =AVERAGE(B7:G7) -> 0.18
A8: Liechtenstein | B8: 0.1 | C8: 0 | D8: 0.1 | E8: 0.1 | F8: 0.1 | H8: =AVERAGE(B8:G8) -> 0.08
A9: Norway | B9: 4.5 | C9: 5.4 | D9: 3.5 | E9: 2.5 | F9: 2.8 | H9: =AVERAGE(B9:G9) -> 3.74
A10: Switzerland | B10: 5.5 | C10: 4.8 | D10: 5.8 | E10: 6.3 | F10: 5.7 | H10: =AVERAGE(B10:G10) -> 5.62
A11: United Kingdom | B11: 7.2 | C11: 7.2 | D11: 7 | E11: 9.9 | F11: 10 | H11: =AVERAGE(B11:G11) -> 8.26
A12: Canada | B12: 1.1 | C12: 1 | D12: 1.1 | E12: 1.2 | F12: 1.1 | H12: =AVERAGE(B12:G12) -> 1.1
A13: United States | B13: 13.8 | C13: 11.9 | D13: 11 | E13: 11.7 | F13: 12.1 | H13: =AVERAGE(B13:G13) -> 12.1
A14: Japan | B14: 2.8 | C14: 2.3 | D14: 2.9 | E14: 3.2 | F14: 3.2 | H14: =AVERAGE(B14:G14) -> 2.88
A15: Australia | B15: 0.5 | C15: 0.6 | D15: 0.4 | E15: 0.4 | F15: 0.4 | H15: =AVERAGE(B15:G15) -> 0.46
A16: New Zealand | B16: 0.1 | C16: 0.1 | D16: 0.1 | E16: 0.1 | F16: 0.1 | H16: =AVERAGE(B16:G16) -> 0.1
A17: Total North | B17: =SUM(B7:B16) -> 35.8 | C17: =SUM(C7:C16) -> 33.5 | D17: =SUM(D7:D16) -> 32.1 | E17: =SUM(E7:E16) -> 35.6 | F17: =SUM(F7:F16) -> 35.6 | H17: =AVERAGE(B17:G17) -> 34.52
A18: Global South | K18: Global South
A19: Bosnia and Herzegovina | B19: 0.2 | C19: 0.2 | D19: 0.3 | E19: 0.2 | F19: 0.2 | H19: =AVERAGE(B19:G19) -> 0.22 | K19: China except Hong Kong | L19: =20.96+0.3 -> 21.26
A20: Montenegro | B20: 0 | C20: 0 | D20: 0 | E20: 0 | F20: 0 | H20: =AVERAGE(B20:G20) -> 0 | K20: Russia | L20: 5.88
A21: Moldova | B21: 0.1 | C21: 0.1 | D21: 0.1 | E21: 0.1 | F21: 0.1 | H21: =AVERAGE(B21:G21) -> 0.1 | K21: Türkiye | L21: 3.6
A22: North Macedonia | B22: 0.3 | C22: 0.2 | D22: 0.3 | E22: 0.3 | F22: 0.3 | H22: =AVERAGE(B22:G22) -> 0.28 | K22: South Korea | L22: 2.58
A23: Georgia | B23: 0 | C23: 0 | D23: 0 | E23: 0 | F23: 0 | H23: =AVERAGE(B23:G23) -> 0 | K23: India | L23: 2.2
A24: Albania | B24: 0.1 | C24: 0.1 | D24: 0.1 | E24: 0.1 | F24: 0.1 | H24: =AVERAGE(B24:G24) -> 0.1 | K24: Viet Nam | L24: 1.84
A25: Serbia | B25: 0.7 | C25: 0.6 | D25: 0.7 | E25: 0.6 | F25: 0.6 | H25: =AVERAGE(B25:G25) -> 0.64 | K25: Taiwan | L25: 1.62
A26: Türkiye | B26: 3.8 | C26: 3.3 | D26: 3.7 | E26: 3.6 | F26: 3.6 | H26: =AVERAGE(B26:G26) -> 3.6 | K26: Brazil | L26: 1.6
A27: Ukraine | B27: 0.9 | C27: 0.9 | D27: 1.1 | E27: 1 | F27: 1 | H27: =AVERAGE(B27:G27) -> 0.98 | K27: Malaysia | L27: 1.26
A28: Kosovo* | B28: 0 | C28: 0 | D28: 0 | E28: 0 | F28: 0 | H28: =AVERAGE(B28:G28) -> 0 | K28: Saudi Arabia | L28: 1.24
A29: Belarus | B29: 0.1 | C29: 0.1 | D29: 0.3 | E29: 0.2 | F29: 0.2 | H29: =AVERAGE(B29:G29) -> 0.18 | K29: Mexico | L29: 1.12
A30: Russia | B30: 2 | C30: 6.7 | D30: 7.7 | E30: 5.5 | F30: 7.5 | H30: =AVERAGE(B30:G30) -> 5.88 | K30: Algeria | L30: 1.04
A31: Angola | B31: 0.4 | C31: 0.5 | D31: 0.1 | E31: 0.1 | F31: 0.2 | H31: =AVERAGE(B31:G31) -> 0.26 | K31: Ukraine | L31: 0.98
... A104: Saudi Arabia | B104: 1.4 | C104: 1.5 | D104: 1 | E104: 0.9 | F104: 1.4 | H104: =AVERAGE(B104:G104) -> 1.24 | K104: Brunei Darussalam | L104: 0
A105: United Arab Emirates | B105: 0.7 | C105: 0.5 | D105: 0.4 | E105: 0.5 | F105: 0.4 | H105: =AVERAGE(B105:G105) -> 0.5
A106: Global South total | B106: =SUM(B19:B105) -> 62.8 | C106: =SUM(C19:C105) -> 65.1 | D106: =SUM(D19:D105) -> 66.6 | E106: =SUM(E19:E105) -> 62.9 | F106: =SUM(F19:F105) -> 62.4 | H106: =AVERAGE(B106:G106) -> 63.96
G107: Top 10 | H107: =H26+H30+H71+H80+H82+H83+H85+H91+H81+H96+H104 -> 43.08

Sheet Export_Services_EU
A1: Share of total extra-EU exports of services of the EU (in million euros and %)
A2: Source: European Commission
A3: Retrieved: March 2025
A5: Region / Country | B5: 2019 | C5: 2020 | D5: 2021 | E5: 2022 | F5: 2023 | G5: Average | H5: %
A7: North | B7: =SUM(B10:B28) -> 659864.3 | C7: =SUM(C10:C28) -> 582925.4 | D7: =SUM(D10:D28) -> 690567.7 | E7: =SUM(E10:E28) -> 861413.9 | F7: =SUM(F10:F28) -> 892483.8 | G7: =AVERAGE(B7:F7) -> 737451.02 | H7: =G7/$G$227*100 -> 63.726881
A8: Europe | B8: 1462189.7 | C8: 1250806.9 | D8: 1459437.3 | E8: 1826608.6 | F8: 1929202.6 | G8: =AVERAGE(B8:F8) -> 1585649 | H8: =G8/$G$227*100 -> 137.02397
A9: European Union - 27 countries (from 2020) | B9: 1029061.9 | C9: 881812.2 | D9: 1040068.2 | E9: 1313706 | F9: 1398296 | G9: =AVERAGE(B9:F9) -> 1132588.9 | H9: =G9/$G$227*100 -> 97.872744
A10: Iceland | B10: 1374.3 | C10: 939.3 | D10: 1147.6 | E10: 1636 | F10: 2010.4 | G10: =AVERAGE(B10:F10) -> 1421.52 | H10: =G10/$G$227*100 -> 0.12284075
A11: Liechtenstein | B11: 1018.4 | C11: 895.3 | D11: 1187.5 | E11: 1322.9 | F11: 1574 | G11: =AVERAGE(B11:F11) -> 1199.62 | H11: =G11/$G$227*100 -> 0.10366525
A12: Norway | B12: 26765.5 | C12: 20072 | D12: 22855.3 | E12: 32198.9 | F12: 32828.5 | G12: =AVERAGE(B12:F12) -> 26944.04 | H12: =G12/$G$227*100 -> 2.3283711
A13: Switzerland | B13: 115168.9 | C13: 106050.5 | D13: 122859.1 | E13: 149751.3 | F13: 153880.5 | G13: =AVERAGE(B13:F13) -> 129542.06 | H13: =G13/$G$227*100 -> 11.194386
A14: United Kingdom | B14: 223757.1 | C14: 189773.5 | D14: 211405.6 | E14: 262736.7 | F14: 279544.4 | G14: =AVERAGE(B14:F14) -> 233443.46 | H14: =G14/$G$227*100 -> 20.173033
A15: Andorra | B15: 631.6 | C15: 557.1 | D15: 504.3 | E15: 720.4 | F15: 806.4 | G15: =AVERAGE(B15:F15) -> 643.96 | H15: =G15/$G$227*100 -> 0.055647848
A16: Guernsey | B16: 757.2 | C16: 774.5 | D16: 1037.2 | E16: 981.2 | F16: 913.5 | G16: =AVERAGE(B16:F16) -> 892.72 | H16: =G16/$G$227*100 -> 0.07714446
A17: Jersey | B17: 1266.8 | C17: 1341.9 | D17: 1456.3 | E17: 1320.6 | F17: 1197.6 | G17: =AVERAGE(B17:F17) -> 1316.64 | H17: =G17/$G$227*100 -> 0.11377754
A18: Faroes | B18: 191.7 | C18: 198.4 | D18: 246.5 | E18: 250.4 | F18: 483.5 | G18: =AVERAGE(B18:F18) -> 274.1 | H18: =G18/$G$227*100 -> 0.02368637
A19: Gibraltar | B19: 1146.2 | C19: 1235.7 | D19: 1383.5 | E19: 1629.6 | F19: 2157.5 | G19: =AVERAGE(B19:F19) -> 1510.5 | H19: =G19/$G$227*100 -> 0.13052996
... A28: New Zealand | B28: 2752.2 | C28: 2600 | D28: 2829.8 | E28: 4014 | F28: 4111.3 | G28: =AVERAGE(B28:F28) -> 3261.46 | H28: =G28/$G$227*100 -> 0.28183929
A31: Global South | B31: =B32+B44+B100+B146+B195 -> 397260 | C31: =C32+C44+C100+C146+C195 -> 330042.8 | D31: =D32+D44+D100+D146+D195 -> 394792.9 | E31: =E32+E44+E100+E146+E195 -> 492880.2 | F31: =F32+F44+F100+F146+F195 -> 483796.9 | G31: =AVERAGE(B31:F31) -> 419754.56 | H31: =G31/$G$227*100 -> 36.273119
A32: Europe | B32: =SUM(B33:B43) -> 60625.7 | C32: =SUM(C33:C43) -> 46517.8 | D32: =SUM(D33:D43) -> 53757.2 | E32: =SUM(E33:E43) -> 60306.3 | F32: =SUM(F33:F43) -> 55348.9 | G32: =AVERAGE(B32:F32) -> 55311.18 | H32: =G32/$G$227*100 -> 4.7797194 | K32: Global South
A33: Bosnia and Herzegovina | B33: 1219.9 | C33: 797.4 | D33: 1013.2 | E33: 1335 | F33: 1158.1 | G33: =AVERAGE(B33:F33) -> 1104.72 | H33: =G33/$G$227*100 -> 0.095464455 | K33: China except Hong Kong | L33: =5.0501018150984+1.9 -> 6.9501018
A34: Montenegro | B34: 350 | C34: 258 | D34: 323.9 | E34: 400 | F34: 490 | G34: =AVERAGE(B34:F34) -> 364.38 | H34: =G34/$G$227*100 -> 0.031487923 | K34: Singapore | L34: 2.8105533
A35: Moldova | B35: 535.6 | C35: 348.1 | D35: 494 | E35: 706.1 | F35: 884 | G35: =AVERAGE(B35:F35) -> 593.56 | H35: =G35/$G$227*100 -> 0.051292528 | K35: India | L35: 1.8513098
A36: North Macedonia | B36: 731 | C36: 423.8 | D36: 548.7 | E36: 763.4 | F36: 878.3 | G36: =AVERAGE(B36:F36) -> 669.04 | H36: =G36/$G$227*100 -> 0.057815138 | K36: Russia | L36: 1.838828
A37: Georgia | B37: 806.9 | C37: 512.6 | D37: 656.2 | E37: 1258.3 | F37: 1522.5 | G37: =AVERAGE(B37:F37) -> 951.3 | H37: =G37/$G$227*100 -> 0.082206655 | K37: United Arab Emirates | L37: 1.4674713
A38: Albania | B38: 915.1 | C38: 596 | D38: 953.1 | E38: 1448.8 | F38: 1564.1 | G38: =AVERAGE(B38:F38) -> 1095.42 | H38: =G38/$G$227*100 -> 0.094660795 | K38: Brazil | L38: 1.4198895
A39: Serbia | B39: 3019.8 | C39: 2108.9 | D39: 2581 | E39: 3334.6 | F39: 4071.2 | G39: =AVERAGE(B39:F39) -> 3023.1 | H39: =G39/$G$227*100 -> 0.26124139 | K39: South Korea | L39: 1.3756363
A40: Türkiye | B40: 13049.1 | C40: 11100.9 | D40: 12775 | E40: 17101.6 | F40: 17973.5 | G40: =AVERAGE(B40:F40) -> 14400.02 | H40: =G40/$G$227*100 -> 1.2443787 | K40: Türkiye | L40: 1.2443787
A41: Ukraine | B41: 8663.1 | C41: 6362.3 | D41: 7839.5 | E41: 14148 | F41: 12502.9 | G41: =AVERAGE(B41:F41) -> 9903.16 | H41: =G41/$G$227*100 -> 0.85578225 | K41: Mexico | L41: 1.2034042
A42: Belarus | B42: 2369.2 | C42: 1660.3 | D42: 1838.9 | E42: 1797.5 | F42: 1971.4 | G42: =AVERAGE(B42:F42) -> 1927.46 | H42: =G42/$G$227*100 -> 0.16656159 | K42: Saudi Arabia | L42: 1.0150919
A43: Russia | B43: 28966 | C43: 22349.5 | D43: 24733.7 | E43: 18013 | F43: 12332.9 | G43: =AVERAGE(B43:F43) -> 21279.02 | H43: =G43/$G$227*100 -> 1.838828 | L43: =SUM(L33:L42) -> 21.176665
A44: Africa | B44: 41161.6 | C44: 34253 | D44: 38164.1 | E44: 49617.1 | F44: 50668.2 | G44: =AVERAGE(B44:F44) -> 42772.8 | H44: =G44/$G$227*100 -> 3.6962145
A45: Angola | B45: 2007.4 | C45: 1729.3 | D45: 2224.8 | E45: 2930.4 | F45: 3327.3 | G45: =AVERAGE(B45:F45) -> 2443.84 | H45: =G45/$G$227*100 -> 0.2111846 | K45: Israel | L45: 0.99049298
A46: Cameroon | B46: 684.5 | C46: 542 | D46: 564.4 | E46: 629.3 | F46: 585.1 | G46: =AVERAGE(B46:F46) -> 601.06 | H46: =G46/$G$227*100 -> 0.051940641 | K46: Ukraine | L46: 0.85578225
A47: Central African Republic | B47: 35.3 | C47: 27.9 | D47: 97.1 | E47: 71.1 | F47: 27.9 | G47: =AVERAGE(B47:F47) -> 51.86 | H47: =G47/$G$227*100 -> 0.0044814855 | K47: South Africa | L47: 0.78872762
A48: Chad | B48: 137.9 | C48: 102 | D48: 80.7 | E48: 77.4 | F48: 91 | G48: =AVERAGE(B48:F48) -> 97.8 | H48: =G48/$G$227*100 -> 0.0084513937 | K48: Taiwan | L48: 0.6945542
A49: Congo | B49: 599.2 | C49: 471 | D49: 521.9 | E49: 544.7 | F49: 619.7 | G49: =AVERAGE(B49:F49) -> 551.3 | H49: =G49/$G$227*100 -> 0.047640628 | K49: Thailand | L49: 0.52801163
A50: Democratic Republic of the Congo | B50: 439.2 | C50: 371.4 | D50: 508.8 | E50: 437.2 | F50: 478.2 | G50: =AVERAGE(B50:F50) -> 446.96 | H50: =G50/$G$227*100 -> 0.038624079 | K50: Egypt | L50: 0.4599563
A51: Equatorial Guinea | B51: 134.1 | C51: 73.6 | D51: 97.9 | E51: 84.2 | F51: 85.4 | G51: =AVERAGE(B51:F51) -> 95.04 | H51: =G51/$G$227*100 -> 0.0082128882 | K51: Indonesia | L51: 0.4566155
A52: Gabon | B52: 580 | C52: 520 | D52: 528.7 | E52: 733.2 | F52: 613.1 | G52: =AVERAGE(B52:F52) -> 595 | H52: =G52/$G$227*100 -> 0.051416966 | K52: Viet Nam | L52: 0.4410193
A53: São Tomé and Príncipe | B53: 16 | C53: 17.8 | D53: 39.5 | E53: 58.9 | F53: 46.1 | G53: =AVERAGE(B53:F53) -> 35.66 | H53: =G53/$G$227*100 -> 0.0030815614 | K53: Chile | L53: 0.43785651
A54: Burundi | B54: 27.3 | C54: 30.5 | D54: 30.1 | E54: 39.7 | F54: 35 | G54: =AVERAGE(B54:F54) -> 32.52 | H54: =G54/$G$227*100 -> 0.002810218 | K54: Qatar | L54: 0.4374832
A55: Comoros | B55: 21.8 | C55: 32.6 | D55: 20.6 | E55: 32.3 | F55: 62.7 | G55: =AVERAGE(B55:F55) -> 34 | H55: =G55/$G$227*100 -> 0.0029381123 | K55: Argentina | L55: 0.42494092
A56: Djibouti | B56: 116.9 | C56: 128.8 | D56: 132 | E56: 194.8 | F56: 147.6 | G56: =AVERAGE(B56:F56) -> 144.02 | H56: =G56/$G$227*100 -> 0.012445498 | K56: Malaysia | L56: 0.42033154
... A99: Togo | B99: 598.4 | C99: 409.1 | D99: 284.7 | E99: 279.8 | F99: 250.8 | G99: =AVERAGE(B99:F99) -> 364.56 | H99: =G99/$G$227*100 -> 0.031503478 | K99: Curaçao | L99: 0.058276594
A100: America | B100: =SUM(B101:B145) -> 72344.1 | C100: =SUM(C101:C145) -> 55897.4 | D100: =SUM(D101:D145) -> 60438 | E100: =SUM(E101:E145) -> 83224.9 | F100: =SUM(F101:F145) -> 88067.8 | G100: =AVERAGE(B100:F100) -> 71994.44 | H100: =G100/$G$227*100 -> 6.2214045 | K100: North Macedonia | L100: 0.057815138
A101: Bermuda | B101: 7020 | C101: 3867.3 | D101: 3462.6 | E101: 4105.9 | F101: 4384.9 | G101: =AVERAGE(B101:F101) -> 4568.14 | H101: =G101/$G$227*100 -> 0.39475613 | K101: Azerbaijan | L101: 0.055205403
A102: Anguilla | B102: 57.9 | C102: 24.8 | D102: 31.7 | E102: 33.7 | F102: 42.5 | G102: =AVERAGE(B102:F102) -> 38.12 | H102: =G102/$G$227*100 -> 0.0032941424 | K102: Cameroon | L102: 0.051940641
A103: Antigua and Barbuda | B103: 96.5 | C103: 92.5 | D103: 126.9 | E103: 90.7 | F103: 66.7 | G103: =AVERAGE(B103:F103) -> 94.66 | H103: =G103/$G$227*100 -> 0.0081800504 | K103: Mauritania | L103: 0.051888792
A104: Aruba | B104: 150.6 | C104: 100.1 | D104: 140.9 | E104: 130.8 | F104: 139.4 | G104: =AVERAGE(B104:F104) -> 132.36 | H104: =G104/$G$227*100 -> 0.011437899 | K104: Gabon | L104: 0.051416966
A105: Bahamas | B105: 750.7 | C105: 547.4 | D105: 444.9 | E105: 583.2 | F105: 501.8 | G105: =AVERAGE(B105:F105) -> 565.6 | H105: =G105/$G$227*100 -> 0.048876363 | K105: Moldova | L105: 0.051292528
A106: Barbados | B106: 2381.7 | C106: 946.9 | D106: 404.9 | E106: 539.6 | F106: 3319.9 | G106: =AVERAGE(B106:F106) -> 1518.6 | H106: =G106/$G$227*100 -> 0.13122992 | K106: Bahamas | L106: 0.048876363
A107: Bonaire, Saint Eustatius and Saba | B107: 54.4 | C107: 30.2 | D107: 38.3 | E107: 48.9 | F107: 48.3 | G107: =AVERAGE(B107:F107) -> 44.02 | H107: =G107/$G$227*100 -> 0.0038039913 | K107: Congo | L107: 0.047640628
A108: British Virgin Islands | B108: 1583.5 | C108: 1847.1 | D108: 1911.4 | E108: 1757.2 | F108: 1464.7 | G108: =AVERAGE(B108:F108) -> 1712.78 | H108: =G108/$G$227*100 -> 0.14801 | K108: Sri Lanka | L108: 0.04731225
A109: Cayman Islands | B109: 3412.5 | C109: 2812.5 | D109: 3241.6 | E109: 3768 | F109: 3646.1 | G109: =AVERAGE(B109:F109) -> 3376.14 | H109: =G109/$G$227*100 -> 0.29174937 | K109: Venezuela | L109: 0.047051277
A110: Cuba | B110: 646.7 | C110: 512.9 | D110: 408.6 | E110: 809.7 | F110: 2075.6 | G110: =AVERAGE(B110:F110) -> 890.7 | H110: =G110/$G$227*100 -> 0.076969902 | K110: Libya | L110: 0.047025352
A111: Curaçao | B111: 499 | C111: 743.8 | D111: 618.2 | E111: 769.4 | F111: 741.5 | G111: =AVERAGE(B111:F111) -> 674.38 | H111: =G111/$G$227*100 -> 0.058276594 | K111: Guatemala | L111: 0.046150832
A112: Dominica | B112: 33.2 | C112: 17.7 | D112: 7.8 | E112: 23.6 | F112: 24.2 | G112: =AVERAGE(B112:F112) -> 21.3 | H112: =G112/$G$227*100 -> 0.001840641 | K112: Liberia | L112: 0.044334387
... A145: Venezuela | B145: 619.6 | C145: 390 | D145: 472.6 | E145: 597.5 | F145: 642.7 | G145: =AVERAGE(B145:F145) -> 544.48 | H145: =G145/$G$227*100 -> 0.047051277 | K145: French Polynesia | L145: 0.015552984
A146: Asia | B146: =SUM(B147:B195) -> 220825.8 | C146: =SUM(C147:C195) -> 191743.2 | D146: =SUM(D147:D195) -> 240695 | E146: =SUM(E147:E195) -> 297425.5 | F146: =SUM(F147:F195) -> 287265 | G146: =AVERAGE(B146:F146) -> 247590.9 | H146: =G146/$G$227*100 -> 21.395585 | K146: Eswatini | L146: 0.015212509
A147: Kazakhstan | B147: 1530.4 | C147: 1390 | D147: 1527.8 | E147: 2106 | F147: 2863.6 | G147: =AVERAGE(B147:F147) -> 1883.56 | H147: =G147/$G$227*100 -> 0.16276797 | K147: Mongolia | L147: 0.015056962
A148: Kyrgyzstan | B148: 61.5 | C148: 42.8 | D148: 53.8 | E148: 155.2 | F148: 422 | G148: =AVERAGE(B148:F148) -> 147.06 | H148: =G148/$G$227*100 -> 0.0127082 | K148: Niger | L148: 0.014018252
A149: Tajikistan | B149: 38.7 | C149: 34.4 | D149: 43.4 | E149: 49.6 | F149: 87.9 | G149: =AVERAGE(B149:F149) -> 50.8 | H149: =G149/$G$227*100 -> 0.0043898855 | K149: Rwanda | L149: 0.013824683
A150: Turkmenistan | B150: 117.6 | C150: 91.5 | D150: 106.8 | E150: 95.2 | F150: 206.8 | G150: =AVERAGE(B150:F150) -> 123.58 | H150: =G150/$G$227*100 -> 0.010679174 | K150: Kyrgyzstan | L150: 0.0127082
A151: Uzbekistan | B151: 387.7 | C151: 425.4 | D151: 267.9 | E151: 557.6 | F151: 710.8 | G151: =AVERAGE(B151:F151) -> 469.88 | H151: =G151/$G$227*100 -> 0.040604713 | K151: Botswana | L151: 0.012647709
A152: China except Hong Kong | B152: 54110 | C152: 48288.6 | D152: 63575 | E152: 67440 | F152: 58786.7 | G152: =AVERAGE(B152:F152) -> 58440.06 | H152: =G152/$G$227*100 -> 5.0501018 | K152: Fiji | L152: 0.012483521
A153: Hong Kong | B153: 17215.4 | C153: 18148.2 | D153: 25826 | E153: 26696 | F153: 24316.4 | G153: =AVERAGE(B153:F153) -> 22440.4 | H153: =G153/$G$227*100 -> 1.9391887 | K153: Djibouti | L153: 0.012445498
A154: Macao | B154: 273.9 | C154: 221 | D154: 243.2 | E154: 252.9 | F154: 276.2 | G154: =AVERAGE(B154:F154) -> 253.44 | H154: =G154/$G$227*100 -> 0.021901035 | K154: Laos | L154: 0.011486291
A155: Mongolia | B155: 296 | C155: 113.9 | D155: 164.6 | E155: 118.1 | F155: 178.6 | G155: =AVERAGE(B155:F155) -> 174.24 | H155: =G155/$G$227*100 -> 0.015056962 | K155: Aruba | L155: 0.011437899
A156: North Korea | B156: 112.1 | C156: 156.4 | D156: 130.9 | E156: 92.7 | F156: 108.2 | G156: =AVERAGE(B156:F156) -> 120.06 | H156: =G156/$G$227*100 -> 0.010374993 | K156: Maldives | L156: 0.011278895
A157: South Korea | B157: 14083.7 | C157: 12528.3 | D157: 14511.5 | E157: 19682 | F157: 18789.2 | G157: =AVERAGE(B157:F157) -> 15918.94 | H157: =G157/$G$227*100 -> 1.3756363 | K157: Sudan | L157: 0.011024834
A158: Taiwan | B158: 5742.1 | C158: 5796.8 | D158: 7405.4 | E158: 10240 | F158: 11002.8 | G158: =AVERAGE(B158:F158) -> 8037.42 | H158: =G158/$G$227*100 -> 0.6945542 | K158: Turkmenistan | L158: 0.010679174
... A194: Yemen | B194: 124.5 | C194: 176.9 | D194: 232.8 | E194: 311.5 | F194: 258.1 | G194: =AVERAGE(B194:F194) -> 220.76 | H194: =G194/$G$227*100 -> 0.019076991 | K194: Timor-Leste | L194: 0.0016920071
A195: Oceania and southern polar regions | B195: =SUM(B196:B226) -> 2302.8 | C195: =SUM(C196:C226) -> 1631.4 | D195: =SUM(D196:D226) -> 1738.6 | E195: =SUM(E196:E226) -> 2306.4 | F195: =SUM(F196:F226) -> 2447 | G195: =AVERAGE(B195:F195) -> 2085.24 | H195: =G195/$G$227*100 -> 0.18019616 | K195: Bhutan | L195: 0.001565841
A196: Christmas Island | B196: 8.8 | C196: 7.6 | D196: 5.4 | E196: 3.8 | F196: 5.3 | G196: =AVERAGE(B196:F196) -> 6.18 | H196: =G196/$G$227*100 -> 0.00053404513 | K196: Samoa | L196: 0.0015174486
A197: Cocos (Keeling) Islands | B197: 0.4 | C197: 3.4 | D197: 0.4 | E197: 4.5 | F197: -0.2 | G197: =AVERAGE(B197:F197) -> 1.7 | H197: =G197/$G$227*100 -> 0.00014690562 | K197: Eritrea | L197: 0.0014154788
A198: Heard Island and McDonald Islands | B198: 0 | C198: 0.1 | D198: 3.1 | E198: 1 | F198: 0 | G198: =AVERAGE(B198:F198) -> 0.84 | H198: =G198/$G$227*100 -> 7.2588658e-05 | K198: Guam | L198: 0.0013048675
A199: Norfolk Island | B199: 0.9 | C199: 1.4 | D199: 1.8 | E199: 1 | F199: 0.7 | G199: =AVERAGE(B199:F199) -> 1.16 | H199: =G199/$G$227*100 -> 0.00010024148 | K199: United States Minor Outlying Islands | L199: 0.0012080827
A200: Fiji | B200: 134.5 | C200: 121.9 | D200: 96 | E200: 141.4 | F200: 228.5 | G200: =AVERAGE(B200:F200) -> 144.46 | H200: =G200/$G$227*100 -> 0.012483521 | K200: Saint Helena, Ascension and Tristan da Cunha | L200: 0.0010853733
A201: New Caledonia | B201: 578.6 | C201: 239.9 | D201: 267.5 | E201: 484.7 | F201: 550.8 | G201: =AVERAGE(B201:F201) -> 424.3 | H201: =G201/$G$227*100 -> 0.036665914 | K201: American Samoa | L201: 0.00086242239
A202: Papua New Guinea | B202: 133 | C202: 65.7 | D202: 70 | E202: 110.7 | F202: 142.3 | G202: =AVERAGE(B202:F202) -> 104.34 | H202: =G202/$G$227*100 -> 0.0090165483 | K202: Bouvet Island | L202: 0.00083995447
A203: Solomon Islands | B203: 17.4 | C203: 5 | D203: 2.8 | E203: 4.6 | F203: 14.1 | G203: =AVERAGE(B203:F203) -> 8.78 | H203: =G203/$G$227*100 -> 0.00075872431 | K203: Tonga | L203: 0.00078983373
A204: Vanuatu | B204: 19.2 | C204: 28.7 | D204: 24.1 | E204: 18.6 | F204: 12.4 | G204: =AVERAGE(B204:F204) -> 20.6 | H204: =G204/$G$227*100 -> 0.0017801504 | K204: Solomon Islands | L204: 0.00075872431
A205: Guam | B205: 11.4 | C205: 8.7 | D205: 12.3 | E205: 23.6 | F205: 19.5 | G205: =AVERAGE(B205:F205) -> 15.1 | H205: =G205/$G$227*100 -> 0.0013048675 | K205: Cook Islands | L205: 0.00070687526
A206: Kiribati | B206: 2.8 | C206: 1.3 | D206: 0 | E206: 4.2 | F206: 3.1 | G206: =AVERAGE(B206:F206) -> 2.28 | H206: =G206/$G$227*100 -> 0.00019702636 | K206: Lesotho | L206: 0.00069304885
A207: Marshall Islands | B207: 1058.9 | C207: 928.8 | D207: 982.5 | E207: 1198.7 | F207: 1136.1 | G207: =AVERAGE(B207:F207) -> 1061 | H207: =G207/$G$227*100 -> 0.091686388 | K207: Christmas Island | L207: 0.00053404513
... A224: Bouvet Island | B224: 14 | C224: 10.3 | D224: 20.1 | E224: 1.5 | F224: 2.7 | G224: =AVERAGE(B224:F224) -> 9.72 | H224: =G224/$G$227*100 -> 0.00083995447 | K224: Montserrat | L224: 1.5554712e-05
A225: South Georgia and the South Sandwich Islands | B225: 1.2 | C225: 1.3 | D225: 2.1 | E225: 2.6 | F225: 3.4 | G225: =AVERAGE(B225:F225) -> 2.12 | H225: =G225/$G$227*100 -> 0.00018319995 | K225: Total
A226: French Southern and Antarctic Lands | B226: 1.6 | C226: 0.5 | D226: 0.3 | E226: 0.7 | F226: 0.5 | G226: =AVERAGE(B226:F226) -> 0.72 | H226: =G226/$G$227*100 -> 6.221885e-05
A227: Total trade | B227: =B7+B31 -> 1057124.3 | C227: =C7+C31 -> 912968.2 | D227: =D7+D31 -> 1085360.6 | E227: =E7+E31 -> 1354294.1 | F227: =F7+F31 -> 1376280.7 | G227: =AVERAGE(B227:F227) -> 1157205.6 | H227: =G227/$G$227*100 -> 100
G228: Top 10 | H228: =H40+H43+H130+H135+H152+H153+H157+H176+H193+H191+H163 -> 21.215853

Sheet Import_Services_EU
A1: Share of total extra-EU imports of services from the EU (in million euros and %)
A2: Source: European Commission
A3: Retrieved: March 2025
A5: Region / Country | B5: 2019 | C5: 2020 | D5: 2021 | E5: 2022 | F5: 2023 | G5: Average | H5: %
A7: North | B7: =SUM(B10:B29) -> 546752.1 | C7: =SUM(C10:C29) -> 564321.6 | D7: =SUM(D10:D29) -> 646382.2 | E7: =SUM(E10:E29) -> 802037.6 | F7: =SUM(F10:F29) -> 828807.9 | G7: =AVERAGE(B7:F7) -> 677660.28 | H7: =G7/$G$228*100 -> 64.070264
A8: Europe | B8: 1268825.4 | C8: 1085704.6 | D8: 1253243.5 | E8: 1576584.3 | F8: 1669902.6 | G8: =AVERAGE(B8:F8) -> 1370852.1 | H8: =G8/$G$228*100 -> 129.60898
A9: European Union - 27 countries (from 2020) | B9: 961933.1 | C9: 809598.5 | D9: 949791.4 | E9: 1200648.3 | F9: 1281168 | G9: =AVERAGE(B9:F9) -> 1040627.9 | H9: =G9/$G$228*100 -> 98.387502
A10: Iceland | B10: 1452.3 | C10: 693.8 | D10: 1046.3 | E10: 1652.4 | F10: 2084 | G10: =AVERAGE(B10:F10) -> 1385.76 | H10: =G10/$G$228*100 -> 0.13101846
A11: Liechtenstein | B11: 537.4 | C11: 665.5 | D11: 770.5 | E11: 608.7 | F11: 515.7 | G11: =AVERAGE(B11:F11) -> 619.56 | H11: =G11/$G$228*100 -> 0.058577098
A12: Norway | B12: 15333.9 | C12: 11817.7 | D12: 13851.7 | E12: 19286.6 | F12: 20727.3 | G12: =AVERAGE(B12:F12) -> 16203.44 | H12: =G12/$G$228*100 -> 1.5319751
A13: Switzerland | B13: 65843.6 | C13: 61792 | D13: 69627.8 | E13: 84919 | F13: 91160.9 | G13: =AVERAGE(B13:F13) -> 74668.66 | H13: =G13/$G$228*100 -> 7.0596447
A14: United Kingdom | B14: 179947.1 | C14: 170825.9 | D14: 179265.4 | E14: 220986.8 | F14: 229933.6 | G14: =AVERAGE(B14:F14) -> 196191.76 | H14: =G14/$G$228*100 -> 18.549203
A15: Andorra | B15: 1098.9 | C15: 817 | D15: 846.3 | E15: 801.6 | F15: 962.1 | G15: =AVERAGE(B15:F15) -> 905.18 | H15: =G15/$G$228*100 -> 0.085581409
A16: Guernsey | B16: 272.2 | C16: 245.5 | D16: 199.9 | E16: 324.4 | F16: 345.4 | G16: =AVERAGE(B16:F16) -> 277.48 | H16: =G16/$G$228*100 -> 0.026234704
A17: Jersey | B17: 1092.5 | C17: 724.2 | D17: 512.2 | E17: 646.2 | F17: 412.2 | G17: =AVERAGE(B17:F17) -> 677.46 | H17: =G17/$G$228*100 -> 0.064051328
A18: Faroes | B18: 133.6 | C18: 101.3 | D18: 131.5 | E18: 118.2 | F18: 148.4 | G18: =AVERAGE(B18:F18) -> 126.6 | H18: =G18/$G$228*100 -> 0.01196956
A19: Gibraltar | B19: 1028.9 | C19: 1119.4 | D19: 1344.1 | E19: 2782.9 | F19: 1195.3 | G19: =AVERAGE(B19:F19) -> 1494.12 | H19: =G19/$G$228*100 -> 0.1412635
... A28: New Zealand | B28: 1307.6 | C28: 1181.1 | D28: 898 | E28: 1369 | F28: 2155 | G28: =AVERAGE(B28:F28) -> 1382.14 | H28: =G28/$G$228*100 -> 0.13067621
A30: Global South | B30: =B31+B43+B99+B145+B195 -> 463269.1 | C30: =C31+C43+C99+C145+C195 -> 339073.4 | D30: =D31+D43+D99+D145+D195 -> 311905.2 | E30: =E31+E43+E99+E145+E195 -> 388741 | F30: =F31+F43+F99+F145+F195 -> 397124.8 | G30: =AVERAGE(B30:F30) -> 380022.7 | H30: =G30/$G$228*100 -> 35.929736 | K30: Global South
A31: Europe | B31: =SUM(B32:B42) -> 39762.4 | C31: =SUM(C32:C42) -> 26743.5 | D31: =SUM(D32:D42) -> 35025 | E31: =SUM(E32:E42) -> 42785.6 | F31: =SUM(F32:F42) -> 40880.3 | G31: =AVERAGE(B31:F31) -> 37039.36 | H31: =G31/$G$228*100 -> 3.501934 | K31: China except Hong Kong | L31: =3.70660970643586+1.3 -> 5.0066097
A32: Bosnia and Herzegovina | B32: 1407.5 | C32: 946.5 | D32: 1382.6 | E32: 2020.6 | F32: 2256.1 | G32: =AVERAGE(B32:F32) -> 1602.66 | H32: =G32/$G$228*100 -> 0.15152555 | K32: Singapore | L32: 3.3893691
A33: Montenegro | B33: 545.2 | C33: 228.3 | D33: 415.4 | E33: 828.8 | F33: 913.9 | G33: =AVERAGE(B33:F33) -> 586.32 | H33: =G33/$G$228*100 -> 0.05543438 | K33: Bermuda | L33: 3.2187641
A34: Moldova | B34: 548.8 | C34: 413.9 | D34: 568.7 | E34: 740.5 | F34: 833.9 | G34: =AVERAGE(B34:F34) -> 621.16 | H34: =G34/$G$228*100 -> 0.058728372 | K34: India | L34: 2.3908241
A35: North Macedonia | B35: 715.7 | C35: 530.5 | D35: 593.1 | E35: 854.8 | F35: 954.5 | G35: =AVERAGE(B35:F35) -> 729.72 | H35: =G35/$G$228*100 -> 0.068992318 | K35: Barbados | L35: 1.6194909
A36: Georgia | B36: 601.5 | C36: 298 | D36: 465.2 | E36: 608.9 | F36: 808.3 | G36: =AVERAGE(B36:F36) -> 556.38 | H36: =G36/$G$228*100 -> 0.052603664 | K36: Türkiye | L36: 1.3586869
A37: Albania | B37: 1167.6 | C37: 806.3 | D37: 1131.8 | E37: 1713.8 | F37: 2358.1 | G37: =AVERAGE(B37:F37) -> 1435.52 | H37: =G37/$G$228*100 -> 0.13572309 | K37: United Arab Emirates | L37: 1.2366976
A38: Serbia | B38: 2274.9 | C38: 2033.1 | D38: 2338.9 | E38: 3217.6 | F38: 3510.5 | G38: =AVERAGE(B38:F38) -> 2675 | H38: =G38/$G$228*100 -> 0.25291132 | K38: Cayman Islands | L38: 1.0789528
A39: Türkiye | B39: 14186.4 | C39: 7845.9 | D39: 11905.5 | E39: 18104.8 | F39: 19810.4 | G39: =AVERAGE(B39:F39) -> 14370.6 | H39: =G39/$G$228*100 -> 1.3586869 | K39: Russia | L39: 0.89134081
A40: Ukraine | B40: 3615.3 | C40: 3230.9 | D40: 3841.7 | E40: 3874.7 | F40: 3826.2 | G40: =AVERAGE(B40:F40) -> 3677.76 | H40: =G40/$G$228*100 -> 0.34771856 | K40: South Korea | L40: 0.8664184
A41: Belarus | B41: 1798.5 | C41: 1461.1 | D41: 1629.6 | E41: 1168.6 | F41: 725.6 | G41: =AVERAGE(B41:F41) -> 1356.68 | H41: =G41/$G$228*100 -> 0.12826906 | L41: =SUM(L31:L40) -> 21.057154
A42: Russia | B42: 12901 | C42: 8949 | D42: 10752.5 | E42: 9652.5 | F42: 4882.8 | G42: =AVERAGE(B42:F42) -> 9427.56 | H42: =G42/$G$228*100 -> 0.89134081
A43: Africa | B43: =SUM(B44:B98) -> 37031.9 | C43: =SUM(C44:C98) -> 26025 | D43: =SUM(D44:D98) -> 30852.3 | E43: =SUM(E44:E98) -> 45365.6 | F43: =SUM(F44:F98) -> 50068.4 | G43: =AVERAGE(B43:F43) -> 37868.64 | H43: =G43/$G$228*100 -> 3.5803394
A44: Angola | B44: 510.7 | C44: 420 | D44: 284.1 | E44: 497.1 | F44: 407.6 | G44: =AVERAGE(B44:F44) -> 423.9 | H44: =G44/$G$228*100 -> 0.040078172 | K44: Israel | L44: 0.75693948
A45: Cameroon | B45: 317 | C45: 273.1 | D45: 252.1 | E45: 265.4 | F45: 299.8 | G45: =AVERAGE(B45:F45) -> 281.48 | H45: =G45/$G$228*100 -> 0.026612889 | K45: Brazil | L45: 0.72082847
A46: Central African Republic | B46: 49.2 | C46: 23.7 | D46: 47.1 | E46: 22.6 | F46: 31.6 | G46: =AVERAGE(B46:F46) -> 34.84 | H46: =G46/$G$228*100 -> 0.0032939927 | K46: Marshall Islands | L46: 0.68415018
A47: Chad | B47: 32.1 | C47: 24.5 | D47: 25.5 | E47: 25.4 | F47: 42 | G47: =AVERAGE(B47:F47) -> 29.9 | H47: =G47/$G$228*100 -> 0.002826934
A48: Congo | B48: 286.9 | C48: 269 | D48: 312.2 | E48: 303.4 | F48: 307.1 | G48: =AVERAGE(B48:F48) -> 295.72 | H48: =G48/$G$228*100 -> 0.027959228
A49: Democratic Republic of the Congo | B49: 178.9 | C49: 160.8 | D49: 199.5 | E49: 279.6 | F49: 198.1 | G49: =AVERAGE(B49:F49) -> 203.38 | H49: =G49/$G$228*100 -> 0.019228824
A50: Equatorial Guinea | B50: 97.7 | C50: 58.7 | D50: 42 | E50: 84 | F50: 67.8 | G50: =AVERAGE(B50:F50) -> 70.04 | H50: =G50/$G$228*100 -> 0.006622022
A51: Gabon | B51: 124.2 | C51: 140.1 | D51: 114.5 | E51: 183.5 | F51: 149.8 | G51: =AVERAGE(B51:F51) -> 142.42 | H51: =G51/$G$228*100 -> 0.013465282
A52: São Tomé and Príncipe | B52: 30.2 | C52: 18.2 | D52: 21.9 | E52: 48.2 | F52: 61 | G52: =AVERAGE(B52:F52) -> 35.9 | H52: =G52/$G$228*100 -> 0.0033942118 | K52: Mexico | L52: 0.60249622
A53: Burundi | B53: 8.4 | C53: 10.8 | D53: 9.3 | E53: 13.8 | F53: 13 | G53: =AVERAGE(B53:F53) -> 11.06 | H53: =G53/$G$228*100 -> 0.0010456819 | K53: Egypt | L53: 0.59357483
A54: Comoros | B54: 62 | C54: 57.1 | D54: 46.4 | E54: 83.1 | F54: 83.9 | G54: =AVERAGE(B54:F54) -> 66.5 | H54: =G54/$G$228*100 -> 0.0062873282 | K54: Taiwan | L54: 0.59050964
A55: Djibouti | B55: 222.6 | C55: 89.3 | D55: 62.7 | E55: 136.2 | F55: 104.4 | G55: =AVERAGE(B55:F55) -> 123.04 | H55: =G55/$G$228*100 -> 0.011632975 | K55: Morocco | L55: 0.54570794
A56: Eritrea | B56: 16.7 | C56: 18.9 | D56: 33.8 | E56: 40.2 | F56: 22.6 | G56: =AVERAGE(B56:F56) -> 26.44 | H56: =G56/$G$228*100 -> 0.0024998039 | K56: Liberia | L56: 0.50783837
A57: Ethiopia | B57: 308.9 | C57: 214.1 | D57: 249.3 | E57: 372.7 | F57: 439.7 | G57: =AVERAGE(B57:F57) -> 316.94 | H57: =G57/$G$228*100 -> 0.029965501 | K57: Bahamas | L57: 0.45333622
A58: Kenya | B58: 1325.4 | C58: 667.6 | D58: 682.3 | E58: 1376.1 | F58: 1149.6 | G58: =AVERAGE(B58:F58) -> 1040.2 | H58: =G58/$G$228*100 -> 0.098347049 | K58: Thailand | L58: 0.42440316
A59: Madagascar | B59: 318.5 | C59: 196.5 | D59: 262.7 | E59: 392.2 | F59: 599.2 | G59: =AVERAGE(B59:F59) -> 353.82 | H59: =G59/$G$228*100 -> 0.033452368 | K59: South Africa | L59: 0.39624539
A60: Malawi | B60: 27.4 | C60: 18 | D60: 23 | E60: 38.7 | F60: 22.2 | G60: =AVERAGE(B60:F60) -> 25.86 | H60: =G60/$G$228*100 -> 0.002444967 | K60: Malaysia | L60: 0.38195755
A61: Mauritius | B61: 1160.4 | C61: 702.7 | D61: 658.9 | E61: 1246.8 | F61: 1645.8 | G61: =AVERAGE(B61:F61) -> 1082.92 | H61: =G61/$G$228*100 -> 0.10238607 | K61: Philippines | L61: 0.35739253
A62: Mozambique | B62: 233 | C62: 150.3 | D62: 158.2 | E62: 193.3 | F62: 168.8 | G62: =AVERAGE(B62:F62) -> 180.72 | H62: =G62/$G$228*100 -> 0.017086405 | K62: Ukraine | L62: 0.34771856
A63: Rwanda | B63: 48.3 | C63: 43 | D63: 97.7 | E63: 143.1 | F63: 82.2 | G63: =AVERAGE(B63:F63) -> 82.86 | H63: =G63/$G$228*100 -> 0.0078341055 | K63: Panama | L63: 0.28234358
... A98: Togo | B98: 128.2 | C98: 100 | D98: 122.9 | E98: 188.1 | F98: 141.2 | G98: =AVERAGE(B98:F98) -> 136.08 | H98: =G98/$G$228*100 -> 0.012865859 | K98: Moldova | L98: 0.058728372
A99: America | B99: =SUM(B100:B144) -> 210814.1 | C99: =SUM(C100:C144) -> 127594.6 | D99: =SUM(D100:D144) -> 55287.1 | E99: =SUM(E100:E144) -> 51173.8 | F99: =SUM(F100:F144) -> 57033 | G99: =AVERAGE(B99:F99) -> 100380.52 | H99: =G99/$G$228*100 -> 9.4906056 | K99: Ecuador | L99: 0.055489217
A100: Bermuda | B100: 96168.8 | C100: 53816.6 | D100: 6813.5 | E100: 6611.2 | F100: 6811.5 | G100: =AVERAGE(B100:F100) -> 34044.32 | H100: =G100/$G$228*100 -> 3.2187641 | K100: Montenegro | L100: 0.05543438
A101: Anguilla | B101: 9.9 | C101: 8 | D101: 5.2 | E101: 13.1 | F101: 34.9 | G101: =AVERAGE(B101:F101) -> 14.22 | H101: =G101/$G$228*100 -> 0.0013444482 | K101: Oman | L101: 0.055300124
A102: Antigua and Barbuda | B102: 128.8 | C102: 88.2 | D102: 89.3 | E102: 158.9 | F102: 179.6 | G102: =AVERAGE(B102:F102) -> 128.96 | H102: =G102/$G$228*100 -> 0.012192689 | K102: Bangladesh | L102: 0.054316843
A103: Aruba | B103: 135.6 | C103: 80.8 | D103: 92.3 | E103: 156.9 | F103: 130.2 | G103: =AVERAGE(B103:F103) -> 119.16 | H103: =G103/$G$228*100 -> 0.011266136 | K103: Côte d’Ivoire | L103: 0.053021559
A104: Bahamas | B104: 20176.7 | C104: 1095 | D104: 778.5 | E104: 1206.5 | F104: 717.6 | G104: =AVERAGE(B104:F104) -> 4794.86 | H104: =G104/$G$228*100 -> 0.45333622 | K104: Georgia | L104: 0.052603664
A105: Barbados | B105: 37256.1 | C105: 36482.5 | D105: 2622 | E105: 2437.8 | F105: 6847 | G105: =AVERAGE(B105:F105) -> 17129.08 | H105: =G105/$G$228*100 -> 1.6194909 | K105: Maldives | L105: 0.050542555
A106: Bonaire, Saint Eustatius and Saba | B106: 215.1 | C106: 112.3 | D106: 91.1 | E106: 202.9 | F106: 192.5 | G106: =AVERAGE(B106:F106) -> 162.78 | H106: =G106/$G$228*100 -> 0.015390245 | K106: Kuwait | L106: 0.049534691
A107: British Virgin Islands | B107: 923.7 | C107: 946 | D107: 975.8 | E107: 1054.9 | F107: 1009.4 | G107: =AVERAGE(B107:F107) -> 981.96 | H107: =G107/$G$228*100 -> 0.092840673 | K107: Iraq | L107: 0.0494704
A108: Cayman Islands | B108: 23885.5 | C108: 12305.9 | D108: 17815 | E108: 1605.7 | F108: 1447.4 | G108: =AVERAGE(B108:F108) -> 11411.9 | H108: =G108/$G$228*100 -> 1.0789528 | K108: Curaçao | L108: 0.04940989
A109: Cuba | B109: 1360 | C109: 520.3 | D109: 254.4 | E109: 826.4 | F109: 902.8 | G109: =AVERAGE(B109:F109) -> 772.78 | H109: =G109/$G$228*100 -> 0.073063481 | K109: Ghana | L109: 0.047543547
A110: Curaçao | B110: 843.2 | C110: 693.1 | D110: 397.4 | E110: 427.5 | F110: 251.8 | G110: =AVERAGE(B110:F110) -> 522.6 | H110: =G110/$G$228*100 -> 0.04940989 | K110: Angola | L110: 0.040078172
A111: Dominica | B111: 15.4 | C111: 14.9 | D111: 23.8 | E111: 20.5 | F111: 24.1 | G111: =AVERAGE(B111:F111) -> 19.74 | H111: =G111/$G$228*100 -> 0.0018663437 | K111: Cabo Verde | L111: 0.039976062
... A144: Venezuela | B144: 298.3 | C144: 303.7 | D144: 315.8 | E144: 309.1 | F144: 330.6 | G144: =AVERAGE(B144:F144) -> 311.5 | H144: =G144/$G$228*100 -> 0.029451169 | K144: Honduras | L144: 0.012478219
A145: Asia | B145: =SUM(B146:B194) -> 167824.5 | C145: =SUM(C146:C194) -> 151914.6 | D145: =SUM(D146:D194) -> 180802.6 | E145: =SUM(E146:E194) -> 236595.4 | F145: =SUM(F146:F194) -> 238853.4 | G145: =AVERAGE(B145:F145) -> 195198.1 | H145: =G145/$G$228*100 -> 18.455256 | K145: El Salvador | L145: 0.012238072
A146: Kazakhstan | B146: 860.4 | C146: 537.6 | D146: 679.4 | E146: 1065.6 | F146: 1108.9 | G146: =AVERAGE(B146:F146) -> 850.38 | H146: =G146/$G$228*100 -> 0.080400273 | K146: Antigua and Barbuda | L146: 0.012192689
A147: Kyrgyzstan | B147: 52.1 | C147: 28.2 | D147: 62.8 | E147: 93 | F147: 91.8 | G147: =AVERAGE(B147:F147) -> 65.58 | H147: =G147/$G$228*100 -> 0.0062003456 | K147: Djibouti | L147: 0.011632975
A148: Tajikistan | B148: 20 | C148: 11.1 | D148: 9.5 | E148: 31.5 | F148: 27.8 | G148: =AVERAGE(B148:F148) -> 19.98 | H148: =G148/$G$228*100 -> 0.0018890348 | K148: Afghanistan | L148: 0.011602721
A149: Turkmenistan | B149: 52.6 | C149: 30.1 | D149: 26.7 | E149: 36.2 | F149: 149.7 | G149: =AVERAGE(B149:F149) -> 59.06 | H149: =G149/$G$228*100 -> 0.0055839038 | K149: Aruba | L149: 0.011266136
A150: Uzbekistan | B150: 272 | C150: 114.2 | D150: 220.7 | E150: 356.4 | F150: 586.6 | G150: =AVERAGE(B150:F150) -> 309.98 | H150: =G150/$G$228*100 -> 0.029307458 | K150: Trinidad and Tobago | L150: 0.011237772
A151: China except Hong Kong | B151: 33136.8 | C151: 31514.1 | D151: 40881.3 | E151: 47501.1 | F151: 42987.6 | G151: =AVERAGE(B151:F151) -> 39204.18 | H151: =G151/$G$228*100 -> 3.7066097 | K151: Mongolia | L151: 0.0098403777
A152: Hong Kong | B152: 12015.7 | C152: 11800.6 | D152: 13760.8 | E152: 16213.3 | F152: 14061 | G152: =AVERAGE(B152:F152) -> 13570.28 | H152: =G152/$G$228*100 -> 1.2830196 | K152: New Caledonia | L152: 0.0095567388
A153: Macao | B153: 134.2 | C153: 54.2 | D153: 61 | E153: 94.3 | F153: 131.1 | G153: =AVERAGE(B153:F153) -> 94.96 | H153: =G153/$G$228*100 -> 0.0089781155 | K153: Nicaragua | L153: 0.009551066
A154: Mongolia | B154: 118.2 | C154: 58.8 | D154: 112.8 | E154: 133.1 | F154: 97.5 | G154: =AVERAGE(B154:F154) -> 104.08 | H154: =G154/$G$228*100 -> 0.0098403777 | K154: French Polynesia | L154: 0.0093411733
A155: North Korea | B155: 55.5 | C155: 63.8 | D155: 46.6 | E155: 50.6 | F155: 60.6 | G155: =AVERAGE(B155:F155) -> 55.42 | H155: =G155/$G$228*100 -> 0.0052397553 | K155: Burkina Faso | L155: 0.0091407352
A156: South Korea | B156: 7643.6 | C156: 6540.4 | D156: 8067.9 | E156: 11464.5 | F156: 12103.4 | G156: =AVERAGE(B156:F156) -> 9163.96 | H156: =G156/$G$228*100 -> 0.8664184 | K156: Macao | L156: 0.0089781155
A157: Taiwan | B157: 4066.4 | C157: 4364.9 | D157: 6474.8 | E157: 8200.3 | F157: 8122.2 | G157: =AVERAGE(B157:F157) -> 6245.72 | H157: =G157/$G$228*100 -> 0.59050964 | K157: Suriname | L157: 0.0080629075
... A194: Other Western Asian countries | B194: 10555.7 | C194: 7900.7 | D194: 9896.9 | E194: 13694.7 | F194: 15076 | G194: =AVERAGE(B194:F194) -> 11424.8 | H194: =G194/$G$228*100 -> 1.0801724 | K194: Saint Lucia | L194: 0.0018285252
A195: Oceania and southern polar regions | B195: =SUM(B196:B227) -> 7836.2 | C195: =SUM(C196:C227) -> 6795.7 | D195: =SUM(D196:D227) -> 9938.2 | E195: =SUM(E196:E227) -> 12820.6 | F195: =SUM(F196:F227) -> 10289.7 | G195: =AVERAGE(B195:F195) -> 9536.08 | H195: =G195/$G$228*100 -> 0.90160097 | K195: Bhutan | L195: 0.0017812521
A196: Christmas Island | B196: 7.6 | C196: 8.9 | D196: 7.6 | E196: 6.8 | F196: 7.5 | G196: =AVERAGE(B196:F196) -> 7.68 | H196: =G196/$G$228*100 -> 0.00072611549 | K196: South Sudan | L196: 0.0015335408
A197: Cocos (Keeling) Islands | B197: 2.3 | C197: 4.6 | D197: 0 | E197: 0 | F197: 0 | G197: =AVERAGE(B197:F197) -> 1.38 | H197: =G197/$G$228*100 -> 0.00013047388 | K197: Vanuatu | L197: 0.0014787039
A198: Heard Island and McDonald Islands | B198: 0.1 | C198: 0.1 | D198: 0 | E198: 1 | F198: 0 | G198: =AVERAGE(B198:F198) -> 0.24 | H198: =G198/$G$228*100 -> 2.2691109e-05 | K198: Anguilla | L198: 0.0013444482
A199: Norfolk Island | B199: 0.1 | C199: 0 | D199: 0.2 | E199: 0 | F199: 1 | G199: =AVERAGE(B199:F199) -> 0.26 | H199: =G199/$G$228*100 -> 2.4582035e-05 | K199: American Samoa | L199: 0.001325539
A200: Fiji | B200: 203 | C200: 39.4 | D200: 24.1 | E200: 31.2 | F200: 49 | G200: =AVERAGE(B200:F200) -> 69.34 | H200: =G200/$G$228*100 -> 0.0065558396 | K200: Bouvet Island | L200: 0.0012064106
A201: New Caledonia | B201: 91.9 | C201: 70.2 | D201: 76.4 | E201: 129.9 | F201: 137 | G201: =AVERAGE(B201:F201) -> 101.08 | H201: =G201/$G$228*100 -> 0.0095567388 | K201: British Indian Ocean Territory | L201: 0.0011005188
A202: Papua New Guinea | B202: 33.7 | C202: 20.3 | D202: 30.5 | E202: 55.4 | F202: 107.5 | G202: =AVERAGE(B202:F202) -> 49.48 | H202: =G202/$G$228*100 -> 0.0046781503 | K202: Burundi | L202: 0.0010456819
A203: Solomon Islands | B203: 4.1 | C203: 4.9 | D203: 6.6 | E203: 25.6 | F203: 84.1 | G203: =AVERAGE(B203:F203) -> 25.06 | H203: =G203/$G$228*100 -> 0.00236933 | K203: Falkland Islands | L203: 0.0010305545
A204: Vanuatu | B204: 25.5 | C204: 9.3 | D204: 6.4 | E204: 11.5 | F204: 25.5 | G204: =AVERAGE(B204:F204) -> 15.64 | H204: =G204/$G$228*100 -> 0.0014787039 | K204: Federated States of Micronesia | L204: 0.0010116453
A205: Guam | B205: 0.4 | C205: 0.2 | D205: 8.2 | E205: 6 | F205: 6.9 | G205: =AVERAGE(B205:F205) -> 4.34 | H205: =G205/$G$228*100 -> 0.00041033089 | K205: Antarctica | L205: 0.0009322264
A206: Kiribati | B206: 5.3 | C206: 4.5 | D206: 6 | E206: 4 | F206: 4.9 | G206: =AVERAGE(B206:F206) -> 4.94 | H206: =G206/$G$228*100 -> 0.00046705866 | K206: Pitcairn Islands | L206: 0.00091520807
A207: Marshall Islands | B207: 4885.9 | C207: 4636.8 | D207: 7749.7 | E207: 10438.7 | F207: 8469.6 | G207: =AVERAGE(B207:F207) -> 7236.14 | H207: =G207/$G$228*100 -> 0.68415018 | K207: Lesotho | L207: 0.00080931623
... A227: Institutions and bodies of the European Union | B227: 2339.7 | C227: 1876.2 | D227: 1818 | E227: 1896.3 | F227: 1150.6 | G227: =AVERAGE(B227:F227) -> 1816.16 | H227: =G227/$G$228*100 -> 0.17171119 | K227: Montserrat | L227: 2.2691109e-05
A228: Total trade | B228: =B7+B30 -> 1010021.2 | C228: =C7+C30 -> 903395 | D228: =D7+D30 -> 958287.4 | E228: =E7+E30 -> 1190778.6 | F228: =F7+F30 -> 1225932.7 | G228: =AVERAGE(B228:F228) -> 1057683 | H228: =G228/$G$228*100 -> 100 | K228: Heard Island and McDonald Islands | L228: 2.2691109e-05

Sheet Trade_Agreements_EU
A1: Trade Agreements between EU and Global South
A2: Source: EU Council, Commission
A3: Methodology note: This database includes all commercial agreements listed on the EU's "Trade and Economic Security" webpage that are currently in force. When the EU established an agreement with a group of countries (e.g., Cariforum), all countries in the group were categorized under the same agreement, except for the Western Balkan countries, which are covered by bilateral Stabilisation and Association Agreements. Relevant agreements from the EU Council’s treaty and agreement database were included, excluding protocols or amendments to existing treaties to avoid duplication. Successive agreements that extended previous ones were retained when they included more trade cooperation or additional areas such as development or politics. Agreements providing only exceptions under GATT were not included, as these do not constitute trade agreements in their own right.
A6: Retrieved: March 2025 | I6: Time period | J6: Total Agreements | K6: AMLAT | L6: APAC | M6: OMNA | N6: ASS | O6: Europa | P6: ASCE
I7: 1960 | J7: 1 | K7: 0 | L7: 0 | M7: 1 | N7: 0 | O7: 0 | P7: 0
A8: Year | B8: European part | C8: Global South part | D8: Region | E8: Topic | I8: 1970 | J8: 4 | K8: 0 | L8: 1 | M8: 0 | N8: 0 | O8: 0 | P8: 0
A9: 1965 | B9: EU | C9: Lebanon | D9: MENA | E9: Commercial | I9: 1980 | J9: 4 | K9: =K19/J19 -> 0.5 | L9: =L19/J19 -> 0.25 | M9: 0 | N9: 0 | O9: =O19/J19 -> 0.25 | P9: 0
A10: 1974 | B10: EU | C10: India | D10: APAC | E10: Commercial | I10: 1990 | J10: 37 | K10: =K20/J20 -> 0.054054054 | L10: =L20/J20 -> 0.054054054 | M10: =M20/J20 -> 0.13513514 | N10: 0 | O10: =O20/J20 -> 0.51351351 | P10: =P20/J20 -> 0.24324324
A11: 1975 | B11: EU | C11: Thailand | D11: APAC | E11: Commercial | I11: 2000 | J11: 30 | K11: =K21/J21 -> 0.13333333 | L11: =L21/J21 -> 0.13333333 | M11: =M21/J21 -> 0.23333333 | N11: =N21/J21 -> 0.13333333 | O11: =O21/J21 -> 0.3 | P11: =P21/J21 -> 0.066666667
A12: 1977 | B12: EU | C12: Philippines | D12: APAC | E12: Commercial | I12: 2010 | J12: 28 | K12: =K22/J22 -> 0.10714286 | L12: =L22/J22 -> 0.17857143 | M12: =M22/J22 -> 0.035714286 | N12: =N22/J22 -> 0.28571429 | O12: =O22/J22 -> 0.32142857 | P12: =P22/J22 -> 0.071428571
A13: 1977 | B13: EU | C13: Thailand | D13: APAC | E13: Commercial | I13: 2020 | J13: 7 | K13: =K23/J23 -> 0.42857143 | L13: =L23/J23 -> 0.14285714 | M13: =M23/J23 -> 0 | N13: =N23/J23 -> 0.14285714 | O13: =O23/J23 -> 0.14285714 | P13: =P23/J23 -> 0.14285714
A14: 1980 | B14: EU | C14: Argentina | D14: LATAM | E14: Commercial
A15: 1980 | B15: EU | C15: Uruguay | D15: LATAM | E15: Commercial
A16: 1981 | B16: EU | C16: Yugoslavia | D16: Europe | E16: Commercial | I16: Time period | J16: Total Agreements | K16: LATAM | L16: APAC | M16: MENA | N16: Africa Sub | O16: Europe | P16: Central Asia
A17: 1985 | B17: EU | C17: China | D17: APAC | E17: Commercial | I17: 1960 | J17: 1 | K17: 0 | L17: 0 | M17: 1 | N17: 0 | O17: 0 | P17: 0
A18: 1990 | B18: EU | C18: URSS | D18: Europe/Asia | E18: Commercial | I18: 1970 | J18: 4 | K18: 0 | L18: 4 | M18: 0 | N18: 0 | O18: 0 | P18: 0
A19: 1991 | B19: EU | C19: Argentina | D19: LATAM | E19: Commercial | I19: 1980 | J19: 4 | K19: 2 | L19: 1 | M19: 0 | N19: 0 | O19: 1 | P19: 0
A20: 1992 | B20: EU | C20: Albania | D20: Europe | E20: Commercial | I20: 1990 | J20: 37 | K20: 2 | L20: 2 | M20: 5 | N20: 0 | O20: 19 | P20: 9
A21: 1993 | B21: EU | C21: Azerbaijan | D21: Europe | E21: Commercial | I21: 2000 | J21: 30 | K21: 4 | L21: 4 | M21: 7 | N21: 4 | O21: 9 | P21: 2
A22: 1993 | B22: EU | C22: Georgia | D22: Europe | E22: Commercial | I22: 2010 | J22: 28 | K22: 3 | L22: 5 | M22: 1 | N22: 8 | O22: 9 | P22: 2
A23: 1993 | B23: EU | C23: Kazakhstan | D23: Central Asia | E23: Commercial | I23: 2020 | J23: 7 | K23: 3 | L23: 1 | M23: 0 | N23: 1 | O23: 1 | P23: 1
A24: 1993 | B24: EU | C24: Macao | D24: APAC | E24: Commercial
A25: 1993 | B25: EU | C25: Mongolia | D25: Central Asia | E25: Commercial
A26: 1993 | B26: EU | C26: Tajikistan | D26: Central Asia | E26: Commercial
A27: 1993 | B27: EU | C27: Ukraine | D27: Europe | E27: Commercial
A28: 1995 | B28: EU | C28: Mongolia | D28: Central Asia | E28: Commercial
A29: 1995 | B29: EU | C29: North Macedonia | D29: Europe | E29: Commercial
A30: 1995 | B30: EU | C30: Russia | D30: Europe | E30: Commercial
A31: 1995 | B31: EU | C31: Türkiye | D31: MENA | E31: Commercial
A32: 1996 | B32: EU | C32: Belarus | D32: Europe | E32: Commercial
A33: 1996 | B33: EU | C33: Israel | D33: MENA | E33: Commercial
A34: 1996 | B34: EU | C34: Kazakhstan | D34: Central Asia | E34: Commercial
A35: 1996 | B35: EU | C35: Moldova | D35: Europe | E35: Commercial
... A119: 2025 | B119: EU | C119: Chile | D119: LATAM | E119: Commercial

Sheet Export_Goods_Spain
A1: Share of total extra-EU exports of goods of Spain (in million euros and %)
A2: Source: European Commission
A3: Retrieved: March 2025
A5: Region / Country | B5: 2020 | C5: 2021 | D5: 2022 | E5: 2023 | F5: 2024 | G5: Average | H5: %
A6: All countries of the world | B6: 269520957338 | C6: 321434913571 | D6: 394896947052 | E6: 390839979734 | F6: 392122804351 | G6: =AVERAGE(B6:F6) -> 3.5376312e+11
A7: Extra-EU27 (from 2020) | B7: 104380805113 | C7: 121869339529 | D7: 144821463463 | E7: 144313782795 | F7: 147473676387 | G7: =AVERAGE(B7:F7) -> 1.3257181e+11
A8: Total | B8: =B10+B28 -> 100509841088 | C8: =C10+C28 -> 117195704543 | D8: =D10+D28 -> 136573355289 | E8: =E10+E28 -> 136684098445 | F8: =F10+F28 -> 139620826166 | G8: =AVERAGE(B8:F8) -> 1.2611677e+11
A10: North | B10: =SUM(B11:B26) -> 43352407476 | C10: =SUM(C11:C26) -> 49035711989 | D10: =SUM(D11:D26) -> 58273642810 | E10: =SUM(E11:E26) -> 58304394163 | F10: =SUM(F11:F26) -> 58340613797 | G10: =AVERAGE(B10:F10) -> 53461354047 | H10: =G10/$G$8*100 -> 42.390363
A11: Australia | B11: 1472339175 | C11: 1624753074 | D11: 1648029424 | E11: 1803899054 | F11: 2131045293 | G11: =AVERAGE(B11:F11) -> 1736013204 | H11: =G11/$G$8*100 -> 1.3765126
A12: Canada | B12: 1883800542 | C12: 2028455126 | D12: 2372777845 | E12: 2177521242 | F12: 2204632804 | G12: =AVERAGE(B12:F12) -> 2.1334375e+09 | H12: =G12/$G$8*100 -> 1.6916367
A13: Switzerland (incl. Liechtenstein 'LI' -> 1994) | B13: 5109515659 | C13: 5787758004 | D13: 6801383852 | E13: 6621509623 | F13: 5725818832 | G13: =AVERAGE(B13:F13) -> 6009197194 | H13: =G13/$G$8*100 -> 4.7647886
A14: Faroe Islands | B14: 1943002 | C14: 2842521 | D14: 4318350 | E14: 2317155 | F14: 2603264 | G14: =AVERAGE(B14:F14) -> 2804858.4 | H14: =G14/$G$8*100 -> 0.0022240171
A15: United Kingdom | B15: 17612859490 | C15: 18867365855 | D15: 21209189494 | E15: 22683359022 | F15: 23852373907 | G15: =AVERAGE(B15:F15) -> 2.084503e+10 | H15: =G15/$G$8*100 -> 16.528357
A16: Gibraltar | B16: 778471934 | C16: 1017635102 | D16: 2032268860 | E16: 1144015435 | F16: 1198686579 | G16: =AVERAGE(B16:F16) -> 1234215582 | H16: =G16/$G$8*100 -> 0.97862927
A17: Greenland | B17: 52110069 | C17: 95111506 | D17: 1874884 | E17: 83510811 | F17: 3713550 | G17: =AVERAGE(B17:F17) -> 47264164 | H17: =G17/$G$8*100 -> 0.037476512
A18: Iceland | B18: 60591285 | C18: 79196613 | D18: 81357157 | E18: 77715998 | F18: 91063759 | G18: =AVERAGE(B18:F18) -> 77984962 | H18: =G18/$G$8*100 -> 0.061835524
A19: Japan | B19: 2540757400 | C19: 2937166218 | D19: 3299105995 | E19: 2953414068 | F19: 2850171464 | G19: =AVERAGE(B19:F19) -> 2916123029 | H19: =G19/$G$8*100 -> 2.3122406
A20: Liechtenstein | B20: 3622156 | C20: 4695365 | D20: 5324148 | E20: 5002076 | F20: 3815147 | G20: =AVERAGE(B20:F20) -> 4491778.4 | H20: =G20/$G$8*100 -> 0.0035616029
A21: Norway (incl. Svalbard and Jan Mayen 'SJ' -> 1994 and again from 1997) | B21: 1315333136 | C21: 1490485297 | D21: 1545438420 | E21: 1523522550 | F21: 1763602677 | G21: =AVERAGE(B21:F21) -> 1527676416 | H21: =G21/$G$8*100 -> 1.2113191
A22: New Zealand | B22: 263643344 | C22: 247990310 | D22: 291021519 | E22: 290121477 | F22: 304766124 | G22: =AVERAGE(B22:F22) -> 2.7950855e+08 | H22: =G22/$G$8*100 -> 0.2216268
A23: San Marino | B23: 20947398 | C23: 24572326 | D23: 29389249 | E23: 31178675 | F23: 29172830 | G23: =AVERAGE(B23:F23) -> 27052096 | H23: =G23/$G$8*100 -> 0.021450039
A24: United States Minor Outlying Islands | C24: 673 | F24: 7513 | G24: =AVERAGE(B24:F24) -> 4093 | H24: =G24/$G$8*100 -> 3.2454052e-06
A25: United States (incl. Navassa Island (part of 'UM') from 1995 -> 2000) | B25: 12236408605 | C25: 14827655239 | D25: 18952105493 | E25: 18907283974 | F25: 18179096742 | G25: =AVERAGE(B25:F25) -> 1.662051e+10 | H25: =G25/$G$8*100 -> 13.178668
A26: Holy See (Vatican City State) | B26: 64281 | C26: 28760 | D26: 58120 | E26: 23003 | F26: 43312 | G26: =AVERAGE(B26:F26) -> 43495.2 | H26: =G26/$G$8*100 -> 3.448804e-05
A28: Global South | B28: =SUM(B29:B225) -> 57157433612 | C28: =SUM(C29:C225) -> 68159992554 | D28: =SUM(D29:D225) -> 78299712479 | E28: =SUM(E29:E225) -> 78379704282 | F28: =SUM(F29:F225) -> 81280212369 | G28: =AVERAGE(B28:F28) -> 7.2655411e+10 | H28: =G28/$G$8*100 -> 57.609637 | K28: Global South
A29: United Arab Emirates | B29: 1503570514 | C29: 1709802805 | D29: 2012615465 | E29: 1848069125 | F29: 2346876152 | G29: =AVERAGE(B29:F29) -> 1.8841868e+09 | H29: =G29/$G$8*100 -> 1.4940019 | K29: Morocco | L29: 8.5101887
A30: Afghanistan | B30: 11349376 | C30: 10205446 | D30: 6211007 | E30: 6167372 | F30: 8633978 | G30: =AVERAGE(B30:F30) -> 8513435.8 | H30: =G30/$G$8*100 -> 0.0067504394 | K30: China | L30: 6.3228196
A31: Antigua and Barbuda | B31: 1896815 | C31: 2355483 | D31: 63645317 | E31: 8311888 | F31: 6495868 | G31: =AVERAGE(B31:F31) -> 16541074 | H31: =G31/$G$8*100 -> 0.013115682 | K31: Türkiye | L31: 5.4356021
A32: Anguilla | B32: 34701 | C32: 70976 | D32: 102551 | E32: 101238 | F32: 82802 | G32: =AVERAGE(B32:F32) -> 78453.6 | H32: =G32/$G$8*100 -> 6.2207114e-05 | K32: Mexico | L32: 3.8354604
A33: Albania | B33: 63260008 | C33: 75098279 | D33: 114484798 | E33: 85407058 | F33: 92737792 | G33: =AVERAGE(B33:F33) -> 86197587 | H33: =G33/$G$8*100 -> 0.068347445 | K33: Brazil | L33: 2.3810564
A34: Armenia | B34: 18192127 | C34: 30228714 | D34: 67845136 | E34: 55996302 | F34: 65568857 | G34: =AVERAGE(B34:F34) -> 47566227 | H34: =G34/$G$8*100 -> 0.037716022 | K34: Saudi Arabia | L34: 1.818857
A35: Netherlands Antilles (incl. Aruba 'AW' -> 1986) | K35: United Arab Emirates | L35: 1.4940019
A36: Angola | B36: 87110125 | C36: 151992672 | D36: 186090901 | E36: 114135692 | F36: 149261530 | G36: =AVERAGE(B36:F36) -> 137718184 | H36: =G36/$G$8*100 -> 0.10919895 | K36: Korea, Republic of (South Korea) | L36: 1.481439
A37: Antarctica | D37: 3812 | E37: 52967 | F37: 3883 | G37: =AVERAGE(B37:F37) -> 20220.667 | H37: =G37/$G$8*100 -> 1.603329e-05 | K37: Israel (incl. West Bank and Gaza Strip 'XP' -> 1994) | L37: 1.4382293
A38: Argentina | B38: 679389671 | C38: 919439274 | D38: 1217020716 | E38: 1166397326 | F38: 995816701 | G38: =AVERAGE(B38:F38) -> 9.9561274e+08 | H38: =G38/$G$8*100 -> 0.78943726 | K38: Chile | L38: 1.3185935 | M38: =SUM(L29:L38) -> 34.036248
A39: American Samoa | B39: 821020 | C39: 155911 | D39: 198230 | E39: 437888 | F39: 691718 | G39: =AVERAGE(B39:F39) -> 460953.4 | H39: =G39/$G$8*100 -> 0.00036549732 | K39: India | L39: 1.3134213
A40: Aruba | B40: 7931925 | C40: 17140830 | D40: 14828553 | E40: 17418495 | F40: 36166627 | G40: =AVERAGE(B40:F40) -> 18697286 | H40: =G40/$G$8*100 -> 0.014825377 | K40: Egypt | L40: 1.211101
A41: Azerbaijan | B41: 35082186 | C41: 75000320 | D41: 67824680 | E41: 48721046 | F41: 81113894 | G41: =AVERAGE(B41:F41) -> 61548425 | H41: =G41/$G$8*100 -> 0.048802731 | K41: Russian Federation (Russia) | L41: 1.1093124
A42: Bosnia and Herzegovina | B42: 59648241 | C42: 70683003 | D42: 99557497 | E42: 106207077 | F42: 120428227 | G42: =AVERAGE(B42:F42) -> 91304809 | H42: =G42/$G$8*100 -> 0.072397043 | K42: South Africa (incl. Namibia 'NA' -> 1989) | L42: 1.1080739
A43: Barbados | B43: 7382506 | C43: 10460333 | D43: 14733224 | E43: 12755049 | F43: 13624354 | G43: =AVERAGE(B43:F43) -> 11791093 | H43: =G43/$G$8*100 -> 0.0093493464 | K43: Algeria | L43: 0.94115797
A44: Bangladesh | B44: 167501469 | C44: 196399111 | D44: 203692343 | E44: 171391887 | F44: 130512586 | G44: =AVERAGE(B44:F44) -> 1.7389948e+08 | H44: =G44/$G$8*100 -> 0.13788768 | K44: Panama (incl. Panama Canal Zone 'PZ' from 1981) | L44: 0.87601891
A45: Burkina Faso | B45: 65799048 | C45: 95575700 | D45: 63640760 | E45: 52328038 | F45: 63021624 | G45: =AVERAGE(B45:F45) -> 68073034 | H45: =G45/$G$8*100 -> 0.053976197 | K45: Colombia | L45: 0.86809637
A46: Bahrain | B46: 133292299 | C46: 145278211 | D46: 222483844 | E46: 143900228 | F46: 136850439 | G46: =AVERAGE(B46:F46) -> 1.56361e+08 | H46: =G46/$G$8*100 -> 0.12398114 | K46: Argentina | L46: 0.78943726
A47: Burundi | B47: 948293 | C47: 920640 | D47: 480381 | E47: 4416092 | F47: 884964 | G47: =AVERAGE(B47:F47) -> 1530074 | H47: =G47/$G$8*100 -> 0.0012132201 | K47: Singapore | L47: 0.70467379
A48: Benin | B48: 48593893 | C48: 48655805 | D48: 90563138 | E48: 62103670 | F48: 53120492 | G48: =AVERAGE(B48:F48) -> 60607400 | H48: =G48/$G$8*100 -> 0.048056576 | K48: Tunisia | L48: 0.6657168
A49: Saint Barthélemy | B49: 447164 | C49: 746022 | D49: 450874 | E49: 1070789 | F49: 771545 | G49: =AVERAGE(B49:F49) -> 697278.8 | H49: =G49/$G$8*100 -> 0.00055288351 | K49: Hong Kong | L49: 0.6474623
A50: Bermuda | B50: 1612666 | C50: 1552484 | D50: 1808821 | E50: 2856151 | F50: 2742328 | G50: =AVERAGE(B50:F50) -> 2114490 | H50: =G50/$G$8*100 -> 0.0016766129 | K50: Philippines | L50: 0.61777175
... A60: Belize | B60: 4781424 | C60: 3864921 | D60: 1774820 | E60: 8487919 | F60: 7165227 | G60: =AVERAGE(B60:F60) -> 5214862.2 | H60: =G60/$G$8*100 -> 0.0041349476 | K60: Serbia | L60: 0.38037297
A61: Cocos Islands (or Keeling Islands) | B61: 305 | C61: 512 | E61: 255 | F61: 1231 | G61: =AVERAGE(B61:F61) -> 575.75 | H61: =G61/$G$8*100 -> 4.5652138e-07 | K61: Senegal | L61: 0.34038855
A62: Congo, Democratic Republic of | B62: 34223555 | C62: 92260539 | D62: 54127010 | E62: 54295521 | F62: 57752707 | G62: =AVERAGE(B62:F62) -> 58531866 | H62: =G62/$G$8*100 -> 0.046410853 | K62: Indonesia (incl. East Timor 'TP' from 1977 -> 2000) | L62: 0.33898957
A63: Central African Republic | B63: 6115609 | C63: 4966125 | D63: 6688802 | E63: 9673190 | F63: 8468282 | G63: =AVERAGE(B63:F63) -> 7182401.6 | H63: =G63/$G$8*100 -> 0.0056950411 | K63: Nigeria | L63: 0.29385689
A64: Congo | B64: 21380476 | C64: 26098384 | D64: 34158286 | E64: 38764645 | F64: 36100895 | G64: =AVERAGE(B64:F64) -> 31300537 | H64: =G64/$G$8*100 -> 0.024818697 | K64: Qatar | L64: 0.28752496
A65: Côte d’Ivoire (Ivory Coast) | B65: 249443496 | C65: 292218594 | D65: 314054614 | E65: 310398213 | F65: 283002258 | G65: =AVERAGE(B65:F65) -> 289823435 | H65: =G65/$G$8*100 -> 0.22980564 | K65: Libya | L65: 0.27272708
A66: Cook Islands | B66: 121343 | C66: 85931 | D66: 59705 | E66: 13270 | F66: 3875 | G66: =AVERAGE(B66:F66) -> 56824.8 | H66: =G66/$G$8*100 -> 4.5057293e-05 | K66: Kuwait | L66: 0.26337334
A67: Chile | B67: 1295053333 | C67: 1760866342 | D67: 1815106352 | E67: 1669550476 | F67: 1774260981 | G67: =AVERAGE(B67:F67) -> 1.6629675e+09 | H67: =G67/$G$8*100 -> 1.3185935 | K67: Jordan | L67: 0.25397374
A68: Cameroon | B68: 103845558 | C68: 107006346 | D68: 120212830 | E68: 102960705 | F68: 115955860 | G68: =AVERAGE(B68:F68) -> 1.0999626e+08 | H68: =G68/$G$8*100 -> 0.087217794 | K68: Guatemala | L68: 0.231849
A69: China | B69: 8180548256 | C69: 8668798665 | D69: 8048871227 | E69: 7505255396 | F69: 7467204420 | G69: =AVERAGE(B69:F69) -> 7.9741356e+09 | H69: =G69/$G$8*100 -> 6.3228196 | K69: Côte d’Ivoire (Ivory Coast) | L69: 0.22980564
A70: Colombia | B70: 741843987 | C70: 1101267254 | D70: 1421722132 | E70: 1095672749 | F70: 1113569175 | G70: =AVERAGE(B70:F70) -> 1.0948151e+09 | H70: =G70/$G$8*100 -> 0.86809637 | K70: Costa Rica | L70: 0.2286406
A71: Costa Rica | B71: 197620938 | C71: 276828185 | D71: 328665802 | E71: 298465547 | F71: 340190188 | G71: =AVERAGE(B71:F71) -> 288354132 | H71: =G71/$G$8*100 -> 0.2286406 | K71: Lebanon | L71: 0.22800685
A72: Serbia and Montenegro | G72: =AVERAGE(B72:F72) -> #DIV/0! | H72: =G72/$G$8*100 -> #DIV/0! | K72: Uruguay | L72: 0.21252578
A73: Cuba | B73: 595300444 | C73: 630985735 | D73: 777644981 | E73: 870774166 | F73: 803519344 | G73: =AVERAGE(B73:F73) -> 735644934 | H73: =G73/$G$8*100 -> 0.58330463 | K73: Kazakhstan | L73: 0.20639747
A74: Cabo Verde | B74: 78575850 | C74: 69256110 | D74: 116215664 | E74: 75559465 | F74: 110594246 | G74: =AVERAGE(B74:F74) -> 90040267 | H74: =G74/$G$8*100 -> 0.071394368 | K74: Pakistan | L74: 0.19817985
A75: Curaçao | B75: 9766176 | C75: 7690110 | D75: 27254205 | E75: 10834854 | F75: 17407274 | G75: =AVERAGE(B75:F75) -> 14590524 | H75: =G75/$G$8*100 -> 0.01156906 | K75: Ghana | L75: 0.19419359
A76: Christmas Island | C76: 0 | E76: 1281 | F76: 1136 | G76: =AVERAGE(B76:F76) -> 805.66667 | H76: =G76/$G$8*100 -> 6.3882598e-07 | K76: Oman | L76: 0.17829089
A77: Djibouti | B77: 14444333 | C77: 29966542 | D77: 12705660 | E77: 9388803 | F77: 7846396 | G77: =AVERAGE(B77:F77) -> 14870347 | H77: =G77/$G$8*100 -> 0.011790936 | K77: Iran, Islamic Republic of | L77: 0.17116361
A78: Dominica | B78: 1347259 | C78: 581730 | D78: 976411 | E78: 1246869 | F78: 539438 | G78: =AVERAGE(B78:F78) -> 938341.4 | H78: =G78/$G$8*100 -> 0.0007440259 | K78: Mauritania (incl. Spanish Sahara from 1977) | L78: 0.16617085
A79: Dominican Republic | B79: 488153925 | C79: 596833388 | D79: 815302755 | E79: 891692920 | F79: 1053313401 | G79: =AVERAGE(B79:F79) -> 7.6905928e+08 | H79: =G79/$G$8*100 -> 0.6097994 | K79: Iraq | L79: 0.14217211
A80: Algeria | B80: 1913036405 | C80: 1881971137 | D80: 1016453977 | E80: 328777454 | F80: 794550942 | G80: =AVERAGE(B80:F80) -> 1186957983 | H80: =G80/$G$8*100 -> 0.94115797 | K80: Bangladesh | L80: 0.13788768
A81: Ecuador | B81: 371152007 | C81: 493770943 | D81: 573512611 | E81: 574356141 | F81: 524854356 | G81: =AVERAGE(B81:F81) -> 5.0752921e+08 | H81: =G81/$G$8*100 -> 0.40242803 | K81: Equatorial Guinea | L81: 0.12651265
A82: Egypt | B82: 1458984167 | C82: 1594700219 | D82: 1594163443 | E82: 1532392903 | F82: 1456766241 | G82: =AVERAGE(B82:F82) -> 1.5274014e+09 | H82: =G82/$G$8*100 -> 1.211101 | K82: Bahrain | L82: 0.12398114
A83: Western Sahara | C83: 31000 | D83: 118577 | E83: 47592 | F83: 2056982 | G83: =AVERAGE(B83:F83) -> 563537.75 | H83: =G83/$G$8*100 -> 0.00044683809 | K83: Venezuela, Bolivarian Republic of | L83: 0.12247091
A84: Eritrea | B84: 2970572 | C84: 2863826 | D84: 6793022 | E84: 3524689 | F84: 3751178 | G84: =AVERAGE(B84:F84) -> 3980657.4 | H84: =G84/$G$8*100 -> 0.0031563269 | K84: Angola | L84: 0.10919895
A85: Ethiopia (incl. Eritrea 'ER' -> 1993) | B85: 44302030 | C85: 36541472 | D85: 25144752 | E85: 40914336 | F85: 36939103 | G85: =AVERAGE(B85:F85) -> 36768339 | H85: =G85/$G$8*100 -> 0.029154204 | K85: Paraguay | L85: 0.10458365
A86: Fiji | B86: 1935634 | C86: 1588993 | D86: 2060830 | E86: 1780745 | F86: 3576160 | G86: =AVERAGE(B86:F86) -> 2188472.4 | H86: =G86/$G$8*100 -> 0.0017352748 | K86: El Salvador | L86: 0.0965768
A87: Falkland Islands (Malvinas) | B87: 25290890 | C87: 37774774 | D87: 24968189 | E87: 17570235 | F87: 70863325 | G87: =AVERAGE(B87:F87) -> 35293483 | H87: =G87/$G$8*100 -> 0.027984767 | K87: Georgia | L87: 0.089555455
A88: Micronesia, Federated States of | B88: 741164 | C88: 844006 | D88: 537854 | E88: 437115 | F88: 1054463 | G88: =AVERAGE(B88:F88) -> 722920.4 | H88: =G88/$G$8*100 -> 0.00057321515 | K88: Cameroon | L88: 0.087217794
A89: Gabon | B89: 30722024 | C89: 34095771 | D89: 45142514 | E89: 85431692 | F89: 44506599 | G89: =AVERAGE(B89:F89) -> 47979720 | H89: =G89/$G$8*100 -> 0.038043887 | K89: Mauritius | L89: 0.082154557
A90: Grenada | B90: 945432 | C90: 1444735 | D90: 4962616 | E90: 3176622 | F90: 1389905 | G90: =AVERAGE(B90:F90) -> 2383862 | H90: =G90/$G$8*100 -> 0.0018902023 | K90: Honduras | L90: 0.081591063
A91: Georgia | B91: 58164184 | C91: 72731091 | D91: 125485714 | E91: 127129742 | F91: 181211481 | G91: =AVERAGE(B91:F91) -> 1.1294444e+08 | H91: =G91/$G$8*100 -> 0.089555455 | K91: Belarus (Belorussia) | L91: 0.072576038
A92: Ghana | B92: 271624406 | C92: 248089337 | D92: 281885129 | E92: 210461988 | F92: 212492490 | G92: =AVERAGE(B92:F92) -> 244910670 | H92: =G92/$G$8*100 -> 0.19419359 | K92: Bolivia, Plurinational State of | L92: 0.072437551
A93: Gambia | B93: 20757990 | C93: 23332724 | D93: 22226131 | E93: 22194811 | F93: 17577231 | G93: =AVERAGE(B93:F93) -> 21217777 | H93: =G93/$G$8*100 -> 0.016823915 | K93: Bosnia and Herzegovina | L93: 0.072397043
A94: Guinea | B94: 55727406 | C94: 57442553 | D94: 136906539 | E94: 111923256 | F94: 87869095 | G94: =AVERAGE(B94:F94) -> 89973770 | H94: =G94/$G$8*100 -> 0.071341641 | K94: Cabo Verde | L94: 0.071394368
A95: Equatorial Guinea | B95: 166003365 | C95: 162819926 | D95: 160813576 | E95: 155746112 | F95: 152385331 | G95: =AVERAGE(B95:F95) -> 159553662 | H95: =G95/$G$8*100 -> 0.12651265 | K95: Guinea | L95: 0.071341641
A96: South Georgia and South Sandwich Islands | D96: 78 | E96: 559 | F96: 785 | G96: =AVERAGE(B96:F96) -> 474 | H96: =G96/$G$8*100 -> 3.7584218e-07 | K96: Albania | L96: 0.068347445
A97: Guatemala | B97: 205094709 | C97: 270050854 | D97: 325199370 | E97: 310909428 | F97: 350747964 | G97: =AVERAGE(B97:F97) -> 292400465 | H97: =G97/$G$8*100 -> 0.231849 | K97: Kenya | L97: 0.068314218
A98: Guam | B98: 1030737 | C98: 758319 | D98: 1146305 | E98: 1585593 | F98: 2443812 | G98: =AVERAGE(B98:F98) -> 1392953.2 | H98: =G98/$G$8*100 -> 0.0011044949 | K98: North Macedonia | L98: 0.065550039
A99: Guinea-Bissau | B99: 8713533 | C99: 11032264 | D99: 12903153 | E99: 11713298 | F99: 14162268 | G99: =AVERAGE(B99:F99) -> 11704903 | H99: =G99/$G$8*100 -> 0.0092810049 | K99: Togo | L99: 0.063138337
A100: Guyana | B100: 3336630 | C100: 6108272 | D100: 6986820 | E100: 3686707 | F100: 19270669 | G100: =AVERAGE(B100:F100) -> 7877819.6 | H100: =G100/$G$8*100 -> 0.0062464491 | K100: Mali | L100: 0.060031872
A101: Hong Kong | B101: 723082126 | C101: 805338494 | D101: 835846622 | E101: 812875144 | F101: 905650185 | G101: =AVERAGE(B101:F101) -> 8.1655851e+08 | H101: =G101/$G$8*100 -> 0.6474623 | K101: Sri Lanka | L101: 0.058545236
A102: Heard Island and McDonald Islands | F102: 142445 | G102: =AVERAGE(B102:F102) -> 142445 | H102: =G102/$G$8*100 -> 0.00011294692 | K102: Seychelles | L102: 0.056990141
A103: Honduras | B103: 64734790 | C103: 108387787 | D103: 117200378 | E103: 112190077 | F103: 111987012 | G103: =AVERAGE(B103:F103) -> 1.0290001e+08 | H103: =G103/$G$8*100 -> 0.081591063 | K103: Jamaica | L103: 0.056939954
A104: Haiti | B104: 19842046 | C104: 16800227 | D104: 15947217 | E104: 14344603 | F104: 7799450 | G104: =AVERAGE(B104:F104) -> 14946709 | H104: =G104/$G$8*100 -> 0.011851484 | K104: Burkina Faso | L104: 0.053976197
A105: Indonesia (incl. East Timor 'TP' from 1977 -> 2000) | B105: 349086986 | C105: 391660314 | D105: 442494529 | E105: 498411808 | F105: 455959793 | G105: =AVERAGE(B105:F105) -> 427522686 | H105: =G105/$G$8*100 -> 0.33898957 | K105: Uzbekistan | L105: 0.053400045
A106: Israel (incl. West Bank and Gaza Strip 'XP' -> 1994) | B106: 1472700693 | C106: 1809201924 | D106: 2158627675 | E106: 1906328322 | F106: 1722382434 | G106: =AVERAGE(B106:F106) -> 1.8138482e+09 | H106: =G106/$G$8*100 -> 1.4382293 | K106: Myanmar (Burma) | L106: 0.0510289
A107: India | B107: 1095271100 | C107: 1493522632 | D107: 1827557420 | E107: 1784405580 | F107: 2081465378 | G107: =AVERAGE(B107:F107) -> 1656444422 | H107: =G107/$G$8*100 -> 1.3134213 | K107: Moldova, Republic of | L107: 0.049174147
A108: Iraq | B108: 137851325 | C108: 158427976 | D108: 174028723 | E108: 206248727 | F108: 219957574 | G108: =AVERAGE(B108:F108) -> 179302865 | H108: =G108/$G$8*100 -> 0.14217211 | K108: Azerbaijan | L108: 0.048802731
A109: Iran, Islamic Republic of | B109: 206027757 | C109: 238511505 | D109: 230369831 | E109: 214037020 | F109: 190383951 | G109: =AVERAGE(B109:F109) -> 2.1586601e+08 | H109: =G109/$G$8*100 -> 0.17116361 | K109: Benin | L109: 0.048056576
A110: Jamaica | B110: 40855334 | C110: 36757437 | D110: 61027139 | E110: 117899453 | F110: 102514778 | G110: =AVERAGE(B110:F110) -> 71810828 | H110: =G110/$G$8*100 -> 0.056939954 | K110: Congo, Democratic Republic of | L110: 0.046410853
A111: Jordan | B111: 263352057 | C111: 267549332 | D111: 376245454 | E111: 328593242 | F111: 365777259 | G111: =AVERAGE(B111:F111) -> 3.2030347e+08 | H111: =G111/$G$8*100 -> 0.25397374 | K111: Bahamas | L111: 0.046019086
A112: Kenya | B112: 97411884 | C112: 105077871 | D112: 82180782 | E112: 66009892 | F112: 80097978 | G112: =AVERAGE(B112:F112) -> 86155681 | H112: =G112/$G$8*100 -> 0.068314218 | K112: Tanzania, United Republic of | L112: 0.039668109
...

Sheet Import_Goods_Spain
A1: Share of total extra-EU imports of goods from Spain (in million euros and %)
A2: Source: European Commission
A3: Retrieved: March 2025
A5: Region / Country | B5: 2019 | C5: 2020 | D5: 2021 | E5: 2022 | F5: 2023 | G5: 2024 | H5: Average | I5: %
A6: Total | B6: =B7+B25 -> 150863657164 | C6: =C7+C25 -> 123322007999 | D6: =D7+D25 -> 161203662673 | E6: =E7+E25 -> 232641271684 | F6: =F7+F25 -> 193295433269 | G6: =G7+G25 -> 193048872568 | H6: =AVERAGE(B6:G6) -> 1.7572915e+11
A7: North | B7: =SUM(B8:B23) -> 38495511263 | C7: =SUM(C8:C23) -> 32342546936 | D7: =SUM(D8:D23) -> 39077813076 | E7: =SUM(E8:E23) -> 56719120077 | F7: =SUM(F8:F23) -> 48222432658 | G7: =SUM(G8:G23) -> 45912277809 | H7: =AVERAGE(B7:G7) -> 4.3461617e+10 | I7: =H7/$H$6*100 -> 24.732161
A8: Andorra | B8: 69925897 | C8: 67220493 | D8: 72328593 | E8: 82105384 | F8: 90264751 | G8: 87653797 | H8: =AVERAGE(B8:G8) -> 78249819
A9: Australia | B9: 462585523 | C9: 298933845 | D9: 586765393 | E9: 1018341517 | F9: 844304276 | G9: 544539480 | H9: =AVERAGE(B9:G9) -> 6.2591167e+08
A10: Canada | B10: 1429743550 | C10: 1229576519 | D10: 1850665818 | E10: 2762659864 | F10: 2646054474 | G10: 2090819060 | H10: =AVERAGE(B10:G10) -> 2.0015865e+09
A11: Switzerland (incl. Liechtenstein 'LI' -> 1994) | B11: 5082633072 | C11: 4878047436 | D11: 9302466008 | E11: 7000536893 | F11: 4606494344 | G11: 4095325311 | H11: =AVERAGE(B11:G11) -> 5827583844
A12: Faroe Islands | B12: 2375440 | C12: 748609 | D12: 3467726 | E12: 1810792 | F12: 13224999 | G12: 10249103 | H12: =AVERAGE(B12:G12) -> 5312778.2
A13: United Kingdom | B13: 12496262594 | C13: 10554975460 | D13: 8636395212 | E13: 10862957390 | F13: 10293769795 | G13: 9453502615 | H13: =AVERAGE(B13:G13) -> 1.0382977e+10
A14: Greenland | B14: 1357355 | C14: 477 | D14: 505218 | E14: 3654 | F14: 83179 | G14: 388528 | H14: =AVERAGE(B14:G14) -> 389735.17
A15: Iceland | B15: 59408647 | C15: 30060572 | D15: 35318179 | E15: 34918446 | F15: 25682947 | G15: 20095475 | H15: =AVERAGE(B15:G15) -> 34247378
A16: Japan | B16: 3537580635 | C16: 2240403262 | D16: 2303175351 | E16: 3000376385 | F16: 3685932539 | G16: 3977429919 | H16: =AVERAGE(B16:G16) -> 3.1241497e+09
A17: Liechtenstein | B17: 5340795 | C17: 2576670 | D17: 3137166 | E17: 5473648 | F17: 7523949 | G17: 10338949 | H17: =AVERAGE(B17:G17) -> 5731862.8
A18: Norway (incl. Svalbard and Jan Mayen 'SJ' -> 1994 and again from 1997) | B18: 2011576460 | C18: 1105126190 | D18: 1176147123 | E18: 1404226639 | F18: 1290906429 | G18: 1206895574 | H18: =AVERAGE(B18:G18) -> 1.3658131e+09
A19: New Zealand | B19: 146696437 | C19: 166129210 | D19: 165952547 | E19: 169861214 | F19: 171291203 | G19: 244642651 | H19: =AVERAGE(B19:G19) -> 177428877
... A23: Holy See (Vatican City State) | B23: 1325 | C23: 10755 | D23: 283 | E23: 20718 | F23: 4717 | G23: 23608 | H23: =AVERAGE(B23:G23) -> 10234.333
A25: Global South | B25: =SUM(B26:B223) -> 112368145901 | C25: =SUM(C26:C223) -> 90979461063 | D25: =SUM(D26:D223) -> 122125849597 | E25: =SUM(E26:E223) -> 175922151607 | F25: =SUM(F26:F223) -> 145073000611 | G25: =SUM(G26:G223) -> 147136594759 | H25: =AVERAGE(B25:G25) -> 132267533923 | I25: =H25/$H$6*100 -> 75.267839 | L25: Global South
A26: United Arab Emirates | B26: 502528847 | C26: 323908274 | D26: 819571747 | E26: 1462438560 | F26: 986707717 | G26: 676925090 | H26: =AVERAGE(B26:G26) -> 7.9534671e+08 | I26: =H26/$H$6*100 -> 0.45259805 | L26: China | M26: 18.607878
A27: Afghanistan | B27: 1143725 | C27: 2292038 | D27: 2368082 | E27: 4102447 | F27: 4907717 | G27: 4917018 | H27: =AVERAGE(B27:G27) -> 3288504.5 | I27: =H27/$H$6*100 -> 0.0018713483 | L27: Türkiye | M27: 4.5906882
A28: Antigua and Barbuda | B28: 102986 | C28: 68140 | D28: 124485 | E28: 361391 | F28: 215158 | G28: 324471 | H28: =AVERAGE(B28:G28) -> 199438.5 | I28: =H28/$H$6*100 -> 0.00011349198 | L28: Morocco | M28: 4.5057559
A29: Anguilla | B29: 2579 | C29: 654 | D29: 33770 | E29: 904 | F29: 2321 | G29: 1387 | H29: =AVERAGE(B29:G29) -> 6935.8333 | I29: =H29/$H$6*100 -> 3.9468883e-06 | L29: Brazil | M29: 3.4858609
A30: Albania | B30: 206759103 | C30: 138536903 | D30: 194595331 | E30: 327282386 | F30: 194104926 | G30: 127581531 | H30: =AVERAGE(B30:G30) -> 1.9814336e+08 | I30: =H30/$H$6*100 -> 0.11275498 | L30: Nigeria | M30: 3.3813796
A31: Armenia | B31: 73282076 | C31: 110976483 | D31: 68059262 | E31: 66948315 | F31: 62527473 | G31: 7043814 | H31: =AVERAGE(B31:G31) -> 64806237 | I31: =H31/$H$6*100 -> 0.036878479 | L31: Algeria | M31: 2.9349487
A32: Angola | B32: 962957098 | C32: 559985210 | D32: 641954008 | E32: 1994855319 | F32: 2474685709 | G32: 2243628997 | H32: =AVERAGE(B32:G32) -> 1.4796777e+09 | I32: =H32/$H$6*100 -> 0.84202178 | L32: Mexico | M32: 2.6452285
A33: Antarctica | B33: 121975 | G33: 17841 | H33: =AVERAGE(B33:G33) -> 69908 | I33: =H33/$H$6*100 -> 3.9781675e-05 | L33: India | M33: 2.5669811
A34: Argentina | B34: 1571979557 | C34: 1348569269 | D34: 2065029491 | E34: 2244339811 | F34: 1520986883 | G34: 1484609251 | H34: =AVERAGE(B34:G34) -> 1.705919e+09 | I34: =H34/$H$6*100 -> 0.97076611 | L34: Russian Federation (Russia) | M34: 2.3582376
A35: American Samoa | B35: 25505 | C35: 3018 | D35: 13071 | E35: 3659 | F35: 14166 | G35: 2740 | H35: =AVERAGE(B35:G35) -> 10359.833 | I35: =H35/$H$6*100 -> 5.8953414e-06 | L35: Saudi Arabia | M35: 2.0080931 | N35: =SUM(M26:M35) -> 47.085052
A36: Aruba | B36: 96636 | C36: 224940 | D36: 136328 | E36: 112751 | F36: 180997 | G36: 456062 | H36: =AVERAGE(B36:G36) -> 201285.67 | I36: =H36/$H$6*100 -> 0.00011454313 | L36: Korea, Republic of (South Korea) | M36: 1.7366023
A37: Azerbaijan | B37: 647591001 | C37: 528240135 | D37: 590868243 | E37: 1411161388 | F37: 898769979 | G37: 113621197 | H37: =AVERAGE(B37:G37) -> 6.9837532e+08 | I37: =H37/$H$6*100 -> 0.39741575 | L37: Bangladesh | M37: 1.6392239
A38: Bosnia and Herzegovina | B38: 22948061 | C38: 21074866 | D38: 30331560 | E38: 24275406 | F38: 29998014 | G38: 34330805 | H38: =AVERAGE(B38:G38) -> 27159785 | I38: =H38/$H$6*100 -> 0.015455481 | L38: Viet Nam (incl. North Viet Nam 'VD' from 1977) | M38: 1.6179946
A39: Barbados | B39: 1613369 | C39: 2940286 | D39: 3196430 | E39: 1218592 | F39: 384551 | G39: 275897 | H39: =AVERAGE(B39:G39) -> 1604854.2 | I39: =H39/$H$6*100 -> 0.00091325438 | L39: Libya | M39: 1.5619918
A40: Bangladesh | B40: 2675767243 | C40: 2238286217 | D40: 2599285919 | E40: 3541726829 | F40: 3082148326 | G40: 3146351177 | H40: =AVERAGE(B40:G40) -> 2.8805943e+09 | I40: =H40/$H$6*100 -> 1.6392239 | L40: Indonesia (incl. East Timor 'TP' from 1977 -> 2000) | M40: 1.2779807
A41: Burkina Faso | B41: 88716077 | C41: 10863042 | D41: 3739853 | E41: 4262978 | F41: 2247725 | G41: 5109055 | H41: =AVERAGE(B41:G41) -> 19156455 | I41: =H41/$H$6*100 -> 0.010901125 | L41: Ukraine | M41: 1.1853201
A42: Bahrain | B42: 131015223 | C42: 119916358 | D42: 279809643 | E42: 377234216 | F42: 260642252 | G42: 265486622 | H42: =AVERAGE(B42:G42) -> 2.3901739e+08 | I42: =H42/$H$6*100 -> 0.13601465 | L42: Kazakhstan | M42: 1.014526
A43: Burundi | B43: 165723 | C43: 354257 | D43: 53119 | E43: 387590 | F43: 274441 | G43: 2255 | H43: =AVERAGE(B43:G43) -> 206230.83 | I43: =H43/$H$6*100 -> 0.00011735721 | L43: Iraq | M43: 0.98555774
A44: Benin | B44: 503800 | C44: 416276 | D44: 565488 | E44: 370052 | F44: 474538 | G44: 3665275 | H44: =AVERAGE(B44:G44) -> 999238.17 | I44: =H44/$H$6*100 -> 0.00056862402 | L44: Argentina | M44: 0.97076611
A45: Saint Barthélemy | B45: 2910 | C45: 1280 | D45: 13215 | E45: 3933 | F45: 1270 | G45: 2677 | H45: =AVERAGE(B45:G45) -> 4214.1667 | I45: =H45/$H$6*100 -> 2.3981034e-06 | L45: Peru | M45: 0.87648822
A46: Bermuda | B46: 26470835 | C46: 11961 | D46: 48265 | E46: 94687 | F46: 491685 | G46: 4697048 | H46: =AVERAGE(B46:G46) -> 5302413.5 | I46: =H46/$H$6*100 -> 0.0030173784 | L46: Angola | M46: 0.84202178
A47: Brunei Darussalam | B47: 135365 | C47: 157284 | D47: 30034 | E47: 779780 | F47: 512879 | G47: 81531 | H47: =AVERAGE(B47:G47) -> 282812.17 | I47: =H47/$H$6*100 -> 0.0001609364 | L47: Taiwan | M47: 0.84047588
... A52: Bhutan | B52: 255231 | C52: 204126 | D52: 42136 | E52: 576226 | F52: 1330061 | G52: 648378 | H52: =AVERAGE(B52:G52) -> 509359.67 | I52: =H52/$H$6*100 -> 0.00028985496 | L52: Pakistan | M52: 0.62248707
A53: Bouvet Island | G53: 1024 | H53: =AVERAGE(B53:G53) -> 1024 | I53: =H53/$H$6*100 -> 5.8271493e-07 | L53: Thailand | M53: 0.5637359
A54: Botswana | B54: 69257 | C54: 45055 | D54: 42164 | E54: 22847603 | F54: 102689 | G54: 426913 | H54: =AVERAGE(B54:G54) -> 3922280.2 | I54: =H54/$H$6*100 -> 0.0022320031 | L54: Cambodia | M54: 0.47180265
A55: Belarus (Belorussia) | B55: 30163017 | C55: 27735285 | D55: 75049474 | E55: 21753849 | F55: 6377132 | G55: 5488282 | H55: =AVERAGE(B55:G55) -> 27761173 | I55: =H55/$H$6*100 -> 0.015797705 | L55: Israel (incl. West Bank and Gaza Strip 'XP' -> 1994) | M55: 0.46127143
A56: Belize | B56: 19694279 | C56: 14700564 | D56: 21931569 | E56: 32861793 | F56: 33271198 | G56: 38076159 | H56: =AVERAGE(B56:G56) -> 26755927 | I56: =H56/$H$6*100 -> 0.015225662 | L56: Colombia | M56: 0.45274633
A57: Cocos Islands (or Keeling Islands) | B57: 2653 | C57: 21751 | D57: 12788 | E57: 25766 | F57: 1044 | G57: 9463 | H57: =AVERAGE(B57:G57) -> 12244.167 | I57: =H57/$H$6*100 -> 6.9676355e-06 | L57: United Arab Emirates | M57: 0.45259805
A58: Congo, Democratic Republic of | B58: 187688176 | C58: 210634369 | D58: 293011035 | E58: 710308446 | F58: 597679364 | G58: 702778650 | H58: =AVERAGE(B58:G58) -> 4.5035001e+08 | I58: =H58/$H$6*100 -> 0.25627507 | L58: Ecuador | M58: 0.42003387
A59: Central African Republic | B59: 459058 | C59: 41267 | D59: 27421 | E59: 425073 | F59: 1398382 | G59: 300922 | H59: =AVERAGE(B59:G59) -> 442020.5 | I59: =H59/$H$6*100 -> 0.0002515351 | L59: Azerbaijan | M59: 0.39741575
A60: Congo | B60: 9902493 | C60: 191588976 | D60: 10589277 | E60: 2698834 | F60: 4965279 | G60: 104618358 | H60: =AVERAGE(B60:G60) -> 54060536 | I60: =H60/$H$6*100 -> 0.030763556 | L60: Equatorial Guinea | M60: 0.39254579
A61: Côte d’Ivoire (Ivory Coast) | B61: 366770201 | C61: 316679887 | D61: 324916075 | E61: 370202447 | F61: 408665277 | G61: 685775107 | H61: =AVERAGE(B61:G61) -> 4.1216817e+08 | I61: =H61/$H$6*100 -> 0.23454741 | L61: Qatar | M61: 0.37877785
A62: Cook Islands | B62: 1035344 | C62: 234509 | D62: 5989 | E62: 17764 | F62: 6241 | G62: 3776232 | H62: =AVERAGE(B62:G62) -> 846013.17 | I62: =H62/$H$6*100 -> 0.00048143018 | L62: Tunisia | M62: 0.35781495
A63: Chile | B63: 1246632593 | C63: 1033465655 | D63: 1319881318 | E63: 1555576838 | F63: 1226177138 | G63: 1706601067 | H63: =AVERAGE(B63:G63) -> 1.3480558e+09 | I63: =H63/$H$6*100 -> 0.76712131 | L63: Venezuela, Bolivarian Republic of | M63: 0.35723089
A64: Cameroon | B64: 244001494 | C64: 191182566 | D64: 209189582 | E64: 644575422 | F64: 200182195 | G64: 97460058 | H64: =AVERAGE(B64:G64) -> 2.6443189e+08 | I64: =H64/$H$6*100 -> 0.15047696 | L64: Myanmar (Burma) | M64: 0.30199803
A65: China | B65: 24844165538 | C65: 25173665915 | D65: 30578740063 | E65: 42046133711 | F65: 36712838232 | G65: 36841254769 | H65: =AVERAGE(B65:G65) -> 3.2699466e+10 | I65: =H65/$H$6*100 -> 18.607878 | L65: Trinidad and Tobago | M65: 0.27362375
... A67: Costa Rica | B67: 196475860 | C67: 197479296 | D67: 225692964 | E67: 273122840 | F67: 344335275 | G67: 346015344 | H67: =AVERAGE(B67:G67) -> 2.638536e+08 | I67: =H67/$H$6*100 -> 0.15014788 | L67: Côte d’Ivoire (Ivory Coast) | M67: 0.23454741
A68: Serbia and Montenegro | H68: =AVERAGE(B68:G68) -> #DIV/0! | I68: =H68/$H$6*100 -> #DIV/0! | L68: Singapore | M68: 0.21709899
A69: Cuba | B69: 117558939 | C69: 97807902 | D69: 102306601 | E69: 137429381 | F69: 117250380 | G69: 104940320 | H69: =AVERAGE(B69:G69) -> 1.1288225e+08 | I69: =H69/$H$6*100 -> 0.064236499 | L69: Guyana | M69: 0.20816061
A70: Cabo Verde | B70: 65132329 | C70: 57557611 | D70: 67653262 | E70: 49242278 | F70: 55191458 | G70: 45542163 | H70: =AVERAGE(B70:G70) -> 56719850 | I70: =H70/$H$6*100 -> 0.032276859 | L70: Serbia | M70: 0.19648622
A71: Curaçao | B71: 23149525 | C71: 17341807 | D71: 14851881 | E71: 8019671 | F71: 69478 | G71: 73274 | H71: =AVERAGE(B71:G71) -> 10584273 | I71: =H71/$H$6*100 -> 0.0060230603 | L71: Mauritania (incl. Spanish Sahara from 1977) | M71: 0.17807396
A72: Christmas Island | B72: 474 | C72: 4031 | D72: 4576 | E72: 1783 | F72: 1700 | G72: 3901 | H72: =AVERAGE(B72:G72) -> 2744.1667 | I72: =H72/$H$6*100 -> 1.5615888e-06 | L72: Hong Kong | M72: 0.17466788
A73: Djibouti | B73: 361 | C73: 2254 | D73: 224257 | E73: 1923 | F73: 31096 | G73: 17511 | H73: =AVERAGE(B73:G73) -> 46233.667 | I73: =H73/$H$6*100 -> 2.6309617e-05 | L73: Philippines | M73: 0.16643723
A74: Dominica | B74: 484364 | C74: 185387 | D74: 15510 | E74: 92341 | F74: 2399 | G74: 219120 | H74: =AVERAGE(B74:G74) -> 166520.17 | I74: =H74/$H$6*100 -> 9.4759558e-05 | L74: Cameroon | M74: 0.15047696
A75: Dominican Republic | B75: 97040702 | C75: 64431182 | D75: 69453562 | E75: 104186358 | F75: 97169651 | G75: 119518621 | H75: =AVERAGE(B75:G75) -> 91966679 | I75: =H75/$H$6*100 -> 0.052334333 | L75: Costa Rica | M75: 0.15014788
A76: Algeria | B76: 3848486552 | C76: 2482346848 | D76: 4788668481 | E76: 7626739309 | F76: 6093926982 | G76: 6105194160 | H76: =AVERAGE(B76:G76) -> 5.1575604e+09 | I76: =H76/$H$6*100 -> 2.9349487 | L76: Guatemala | M76: 0.14455841
